Workbook

Sheet Итого по видам(с учет нераспр.)
A1: Сведения о предоставлении из бюджета Саратовской области межбюджетных трансфертов местным бюджетам
A2: за 2021 год
G3: тыс. рублей
A4: № п/п | B4: Наименование | C4: Код бюджетной классификации | D4: Закон Саратовской области «Об областном бюджете на 2021 год и на плановый период 2022 и 2023 годов» | F4: Исполнение | G4: % исполнения
D5: первоначальный бюджет (ред. 141-ЗСО от 01.12.2020) | E5: уточненный бюджет (ред. 154-ЗСО от 23.12.2021) + бюджетная роспись
A7: 1 | B7: 2 | C7: 3 | D7: 4 | E7: 5 | F7: 6 | G7: 7
A8: 1. | B8: Дотация - всего | D8: =SUM(D9:D14) -> 4288219.6 | E8: =SUM(E9:E14) -> 4343391.9 | F8: =SUM(F9:F14) -> 4343391.9 | G8: =F8/E8*100 -> 100
A9: 1.1. | B9: Дотация бюджетам городских округов области, связанные с особым режимом безопасного функционирования закрытых административно-территориальных образований | C9: 000 1402 6640150100 512 | D9: =Дотации!F94 -> 41928 | E9: =Дотации!G94 -> 41928 | F9: =Дотации!H94 -> 41928 | G9: =F9/E9*100 -> 100
A10: 1.2. | B10: Дотация на выравнивание бюджетной обеспеченности муниципальных районов (городских округов) области | C10: 000 1401 6640170200 511 | D10: =Дотации!J94 -> 3430574.3 | E10: =Дотации!K94 -> 3427282.1 | F10: =Дотации!L94 -> 3427282.1 | G10: =F10/E10*100 -> 100
A11: 1.3. | B11: Дотация на поддержку мер по обеспечению сбалансированности бюджетов | C11: 000 1402 6640170300 512 | D11: =Дотации!N94 -> 815717.3 | E11: =Дотации!O94 -> 382237.9 | F11: =Дотации!P94 -> 382237.9 | G11: =F11/E11*100 -> 100
A12: 1.4. | B12: Дотации бюджетам муниципальных районов области на обеспечение финансовой устойчивости местных бюджетов в условиях нестабильной ситуации, связанной с пандемией новой коронавирусной инфекции | C12: 000 1402 664017080К 512 | D12: =Дотации!R94 -> 0 | E12: =Дотации!S94 -> 375856.86 | F12: =Дотации!T94 -> 375856.86 | G12: =F12/E12*100 -> 100
A13: 1.5. | B13: Дотации бюджетам муниципальных районов и городских округов области на компенсацию дополнительных расходов на повышение оплаты труда некоторых категорий работников муниципальных учреждений в связи с увеличением минимального размера оплаты труда с 1 января 2021 года | C13: 000 1402 6640170700 512 | D13: =Дотации!V94 -> 0 | E13: =Дотации!W94 -> 103087 | F13: =Дотации!X94 -> 103087 | G13: =F13/E13*100 -> 100
A14: 1.6. | B14: Дотации бюджетам поселений области на премирование победителей Всероссийского конкурса «Лучшая муниципальная практика» | C14: 000 1402 9610053990 512 | D14: =Дотации!Z94 -> 0 | E14: =Дотации!AA94 -> 13000 | F14: =Дотации!AB94 -> 13000 | G14: =F14/E14*100 -> 100
A15: 2. | B15: Субсидии - всего | D15: =SUM(D16:D62) -> 7174871.4 | E15: =SUM(E16:E62) -> 11121007 | F15: =SUM(F16:F62) -> 10503428 | G15: =F15/E15*100 -> 94.446735
A16: 2.1. | B16: Субсидия бюджетам муниципальных районов области на создание в общеобразователь-ных организациях, расположенных в сельской местности и малых городах, условий для занятий физической культурой и спортом | C16: 000 0702 5A2E250970 521 | D16: =Субсидии!F400 -> 14916.7 | E16: =Субсидии!G400 -> 16624.9 | F16: =Субсидии!H400 -> 16624.86 | G16: =F16/E16*100 -> 99.999762
A17: 2.2. | B17: Субсидия бюджетам муниципальных районов и городских округов области на создание новых мест в общеобразовательных организациях | C17: 000 0702 5A2E155200 523 | D17: =Субсидии!J400 -> 366279.5 | E17: =Субсидии!K400 -> 340474.3 | F17: =Субсидии!L400 -> 243059.82 | G17: =F17/E17*100 -> 71.388594
A18: 2.3. | B18: Субсидия бюджетам муниципальных районов и городских округов области на обеспечение жильем молодых семей | C18: 000 1004 5E301R4970 521 | D18: =Субсидии!N400 -> 62391.5 | E18: =Субсидии!O400 -> 62391.5 | F18: =Субсидии!P400 -> 61247.931 | G18: =F18/E18*100 -> 98.167108
A19: 2.4. | B19: Субсидия бюджетам городских округов и поселений области на реализацию регионального проекта (программы) в целях выполнения задач федерального проекта «Жилье» (Стимулирование программ развития жилищного строительства) | C19: 000 1403 5E1F150210 523 | D19: =Субсидии!R400 -> 86883.7 | E19: =Субсидии!S400 -> 86883.7 | F19: =Субсидии!T400 -> 86883.663 | G19: =F19/E19*100 -> 99.999958
A20: 2.5. | B20: Субсидия бюджетам муниципальных районов и поселений области на поддержку творческой деятельности и укрепление материально-технической базы муниципальных театров в населенных пунктах с численностью населения до 300 тысяч человек | C20: 000 0801 55206R4660 521 | D20: =Субсидии!V400 -> 10058.4 | E20: =Субсидии!W400 -> 10058.4 | F20: =Субсидии!X400 -> 10058.4 | G20: =F20/E20*100 -> 100
A21: 2.6. | B21: Субсидия бюджетам муниципальных районов и поселений области на обеспечение развития и укрепления материально-технической базы домов культуры в населенных пунктах с числом жителей до 50 тысяч человек | C21: 000 0801 55A12R4670 521 | D21: =Субсидии!Z400 -> 40836.1 | E21: =Субсидии!AA400 -> 40836.1 | F21: =Субсидии!AB400 -> 40836.1 | G21: =F21/E21*100 -> 100
A22: 2.7. | B22: Субсидия бюджетам муниципальных районов и поселений области на поддержку отрасли культуры на государственную поддержку лучших сельских учреждений культуры | C22: 000 0703 55БA255192 523 000 0801 55БA255192 523 | D22: =Субсидии!AD400 -> 2689.39 | E22: =Субсидии!AE400 -> 2346.9389 | F22: =Субсидии!AF400 -> 2346.939 | G22: =F22/E22*100 -> 100.00001
A23: 2.8. | B23: Субсидия бюджетам муниципальных районов и поселений области на поддержку отрасли культуры на государственную поддержку лучших работников сельских учреждений культуры | C23: 000 0801 55БA255194 523 | D23: =Субсидии!AH400 -> 850 | E23: =Субсидии!AI400 -> 867.4 | F23: =Субсидии!AJ400 -> 867.4 | G23: =F23/E23*100 -> 100
A24: 2.9. | B24: Субсидия бюджетам муниципальных районов области на обеспечение деятельности муниципальных бизнес-инкубаторов | C24: 000 0412 5830171100 521 | D24: =Субсидии!AL400 -> 5300 | E24: =Субсидии!AM400 -> 5300 | F24: =Субсидии!AN400 -> 5300 | G24: =F24/E24*100 -> 100
A25: 2.10. | B25: Субсидия бюджетам городских округов, городских и сельских поселений области на реализацию инициативных проектов 3* | C25: 000 0113 6640572100 523 | D25: =Субсидии!AP400 -> 120000 | E25: =Субсидии!AQ400 -> 120000 | F25: =Субсидии!AR400 -> 118799.56 | G25: =F25/E25*100 -> 98.999637
A26: 2.11. | B26: Субсидия бюджетам городских округов и поселений области на поддержку муниципальных программ формирования современной городской среды | C26: 000 0503 691F255550 523 | D26: =Субсидии!AT400 -> 668801.7 | E26: =Субсидии!AU400 -> 707405 | F26: =Субсидии!AV400 -> 707405.04 | G26: =F26/E26*100 -> 100.00001
A27: 2.12. | B27: Субсидия бюджетам муниципальных районов и городских округов области на обеспечение сохранения достигнутых показателей повышения оплаты труда отдельных категорий работников бюджетной сферы на обеспечение сохранения достигнутых показателей повышения оплаты труда отдельных категорий работников бюджетной сферы | C27: 000 1403 6640172500 521 | D27: =Субсидии!AX400 -> 1052020.6 | E27: =Субсидии!AY400 -> 1052020.6 | F27: =Субсидии!AZ400 -> 1013317.2 | G27: =F27/E27*100 -> 96.321042
A28: 2.13. | B28: Субсидия бюджетам муниципальных районов и городских округов области на обеспечение сохранения достигнутых показателей повышения оплаты труда отдельных категорий работников бюджетной сферы на повышение оплаты труда отдельным категориям работников бюджетной сферы | C28: 000 1403 664017251Д 521 | D28: =Субсидии!BB400 -> 0 | E28: =Субсидии!BC400 -> 157762.5 | F28: =Субсидии!BD400 -> 130511.25 | G28: =F28/E28*100 -> 82.726408
A29: 2.14. | B29: Субсидия бюджетам муниципальных районов и городских округов области на создание дополнительных мест для детей в возрасте от 1,5 до 3 лет в образовательных организациях, осуществляющих образовательную деятельность по образовательным программам дошкольного образования | C29: 000 0701 5A1P252320 523 | D29: =Субсидии!BF400 -> 1014150.5 | E29: =Субсидии!BG400 -> 1014156.1 | F29: =Субсидии!BH400 -> 957879.62 | G29: =F29/E29*100 -> 94.450906
A30: 2.15. | B30: Субсидия бюджетам муниципальных районов и городских округов области на проведение капитального и текущего ремонтов муниципальных образовательных организаций | C30: 000 0701 5A10772Г00 521 | D30: =Субсидии!BJ400 -> 80000 | E30: =Субсидии!BK400 -> 0 | F30: =Субсидии!BL400 -> 0
A31: 2.16. | B31: Субсидия бюджетам муниципальных районов области на государственную поддержку отрасли культуры (создание и модернизация учреждений культурно-досугового типа в сельской местности) 2* | C31: 000 0801 55AA155197 523 | D31: =Субсидии!BN400 -> 30468 | E31: =Субсидии!BO400 -> 30468 | F31: =Субсидии!BP400 -> 30468 | G31: =F31/E31*100 -> 100
A32: 2.17. | B32: Субсидия бюджетам муниципальных районов, городских округов и поселений области на обеспечение мероприятий по переселению граждан из аварийного жилищного фонда, в том числе переселению граждан из аварийного жилищного фонда с учетом необходимости развития малоэтажного жилищного строительства (за счет средств Фонда содействия реформированию жилищно-коммунального хозяйства) | C32: 000 0501 5EAF367483 523 | D32: =Субсидии!BR400 -> 391347.6 | E32: =Субсидии!BS400 -> 2808406 | F32: =Субсидии!BT400 -> 2610707.7 | G32: =F32/E32*100 -> 92.96048
A33: 2.18. | B33: Субсидия бюджетам муниципальных районов, городских округов и поселений области на обеспечение мероприятий по переселению граждан из аварийного жилищного фонда, в том числе переселению граждан из аварийного жилищного фонда с учетом необходимости развития малоэтажного жилищного строительства (за счет средств областного бюджета) | C33: 000 0501 5EAF367484 523 | D33: =Субсидии!BV400 -> 7973.3 | E33: =Субсидии!BW400 -> 59092.6 | F33: =Субсидии!BX400 -> 54674.007 | G33: =F33/E33*100 -> 92.522594
A34: 2.19. | B34: Субсидия бюджетам муниципальных районов и городских округов области на обеспечение условий для создания центров образования цифрового и гуманитарного профиле | C34: 000 0702 5A2E1U1130 521 | D34: =Субсидии!BZ400 -> 181511.6 | E34: =Субсидии!CA400 -> 149771.9 | F34: =Субсидии!CB400 -> 143214.73 | G34: =F34/E34*100 -> 95.621898
A35: 2.20. | B35: Субсидия бюджетам городских округов и поселений области на реализацию мероприятий по строительству и реконструкции (модернизации) объектов питьевого водоснабжения | C35: 000 0502 5E8F552430 522 | D35: =Субсидии!CD400 -> 427354.35 | E35: =Субсидии!CE400 -> 378150.5 | F35: =Субсидии!CF400 -> 373834.21 | G35: =F35/E35*100 -> 98.858578
A36: 2.21. | B36: Субсидия бюджетам поселений области на реализацию мероприятий по сокращению доли загрязненных сточных вод | C36: 000 0602 5E8G650130 522 | D36: =Субсидии!CH400 -> 34078.7 | E36: =Субсидии!CI400 -> 34078.7 | F36: =Субсидии!CJ400 -> 34078.7 | G36: =F36/E36*100 -> 100
A37: 2.22. | B37: Субсидия бюджетам городских округов и поселений области на обустройство и восстановление воинских захоронений, находящихся в государственной (муниципальной) собственности | C37: 000 0503 66105R2990 521 | D37: =Субсидии!CL400 -> 16769.4 | E37: =Субсидии!CM400 -> 16769.4 | F37: =Субсидии!CN400 -> 16769.399 | G37: =F37/E37*100 -> 99.999995
A38: 2.23. | B38: Субсидия бюджетам городских округов области на осуществление дорожной деятельности в отношении автомобильных дорог общего пользования местного значения Саратовской агломерации в границах городских округов области в рамках достижения соответствующих задач национального проекта «Безопасные и качественные автомобильные дороги» за счет средств областного дорожного фонда | C38: 000 0409 5Ж2R1U7190 521 | D38: =Субсидии!CP400 -> 592800 | E38: =Субсидии!CQ400 -> 592800 | F38: =Субсидии!CR400 -> 471596.85 | G38: =F38/E38*100 -> 79.554124
A39: 2.24. | B39: Субсидия бюджетам муниципальных районов и поселений области на развитие инженерной инфраструктуры на сельских территориях (развитие водоснабжения (локальные водопроводы) на сельских территориях) | C39: 000 0502 70301R5765 522 | D39: =Субсидии!CT400 -> 82719.8 | E39: =Субсидии!CU400 -> 73743.2 | F39: =Субсидии!CV400 -> 73743.116 | G39: =F39/E39*100 -> 99.999886
A40: 2.25. | B40: Субсидия бюджетам поселений области на обустройство объектами инженерной инфраструктуры и благоустройство площадок, расположенных на сельских территориях, под компактную жилищную застройку | C40: 000 0505 70101R5762 522 | D40: =Субсидии!CX400 -> 65541.5 | E40: =Субсидии!CY400 -> 65541.5 | F40: =Субсидии!CZ400 -> 65541.531 | G40: =F40/E40*100 -> 100.00005
A41: 2.26. | B41: Субсидия бюджетам муниципальных районов области на реализацию мероприятий по благоустройству сельских территорий * | C41: 000 0503 70302R5766 521 | D41: =Субсидии!DB400 -> 24694.1 | E41: =Субсидии!DC400 -> 24694.1 | F41: =Субсидии!DD400 -> 24651.263 | G41: =F41/E41*100 -> 99.82653
A42: 2.27. | B42: Субсидия бюджетам муниципальных районов области на благоустройство зданий муниципальных общеобразовательных организаций в целях соблюдения требований к воздушно-тепловому режиму, водоснабжению и канализации | C42: 000 0702 5A220R2550 521 | D42: =Субсидии!DF400 -> 85505.6 | E42: =Субсидии!DG400 -> 85511.9 | F42: =Субсидии!DH400 -> 85511.9 | G42: =F42/E42*100 -> 100
A43: 2.28. | B43: Субсидия бюджетам муниципальных районов и городских округов области на обеспечение условий для внедрения цифровой образовательной среды в общеобразовательных организациях | C43: 000 0702 5A8E4U1330 521 | D43: =Субсидии!DJ400 -> 16585 | E43: =Субсидии!DK400 -> 15370.2 | F43: =Субсидии!DL400 -> 14633.043 | G43: =F43/E43*100 -> 95.203986
A44: 2.29. | B44: Субсидия бюджетам муниципальных районов и городских округов области на обеспечение образовательных организаций материально-технической базой для внедрения цифровой образовательной среды | C44: 000 0702 5A8E452100 521 | D44: =Субсидии!DN400 -> 250017 | E44: =Субсидии!DO400 -> 250017 | F44: =Субсидии!DP400 -> 247730.86 | G44: =F44/E44*100 -> 99.085605
A45: 2.30. | B45: Субсидия бюджетам муниципальных районов и городских округов области на модернизацию (капитальный ремонт, реконструкция) муниципальных детских школ искусств по видам искусств | C45: 000 0703 55AA155195 523 | D45: =Субсидии!DR400 -> 39582 | E45: =Субсидии!DS400 -> 39582 | F45: =Субсидии!DT400 -> 39582 | G45: =F45/E45*100 -> 100
A46: 2.31. | B46: Субсидия бюджетам муниципальных районов области на обеспечение функционирования центров цифрового образования детей «IT-куб» | C46: 000 0703 5A8E4U1240 521 | D46: =Субсидии!DV400 -> 16618.3 | E46: =Субсидии!DW400 -> 11343.7 | F46: =Субсидии!DX400 -> 11082.95 | G46: =F46/E46*100 -> 97.701367
A47: 2.32. | B47: Субсидия бюджетам муниципальных районов и городских округов области на организацию бесплатного горячего питания обучающихся, получающих начальное общее образование в муниципальных образовательных организациях | C47: 000 0702 5A212R3040 521 | D47: =Субсидии!DZ400 -> 941870.2 | E47: =Субсидии!EA400 -> 940806 | F47: =Субсидии!EB400 -> 936270.35 | G47: =F47/E47*100 -> 99.517898
A48: 2.33. | B48: Субсидия бюджетам поселений области на выполнение мероприятий по ремонту автомобильных дорог общего пользования местного значения в границах городских поселений области за счет средств областного дорожного фонда | C48: 000 0409 5Ж223D7220 521 | D48: =Субсидии!ED400 -> 0 | E48: =Субсидии!EE400 -> 200000 | F48: =Субсидии!EF400 -> 199009.6 | G48: =F48/E48*100 -> 99.5048
A49: 2.34. | B49: Субсидия бюджетам городских округов области на выполнение мероприятий по ремонту автомобильных дорог общего пользования местного значения в границах городских округов области за счет средств областного дорожного фонда | C49: 000 0409 5Ж222D7210 521 | D49: =Субсидии!EH400 -> 0 | E49: =Субсидии!EI400 -> 500000 | F49: =Субсидии!EJ400 -> 481602.3 | G49: =F49/E49*100 -> 96.32046
A50: 2.35. | B50: Субсидия бюджетам муниципальных районов области на обеспечение условий для создания дополнительных мест в образовательных организациях, осуществляющих образовательную деятельность по образовательным программам дошкольного образования | C50: 000 0701 5A1P2U1120521 | D50: =Субсидии!EL400 -> 0 | E50: =Субсидии!EM400 -> 36685.4 | F50: =Субсидии!EN400 -> 36619.401 | G50: =F50/E50*100 -> 99.820095
A51: 2.36. | B51: Субсидия бюджетам поселений области на создание, реконструкцию (модернизацию), капитальный ремонт объектов социальной и культурной сферы | C51: 000 1403 70304R5767 523 | D51: =Субсидии!EP400 -> 48844.4 | E51: =Субсидии!EQ400 -> 48007.1 | F51: =Субсидии!ER400 -> 48007.143 | G51: =F51/E51*100 -> 100.00009
A52: 2.37. | B52: Субсидия бюджетам муниципальных районов и городских округов области на обеспечение условий для функционирования центров образования естественно-научной и технологической направленностей в общеобразовательных организациях | C52: 000 0702 5A2E1U1290 521 | D52: =Субсидии!ET400 -> 42920.1 | E52: =Субсидии!EU400 -> 31908.2 | F52: =Субсидии!EV400 -> 30422.452 | G52: =F52/E52*100 -> 95.34368
A53: 2.38. | B53: Субсидии бюджетам муниципальных районов и городских округов области на создание и обеспечение функционирования центров образования естественно-научной и технологической направленностей в общеобразовательных организациях, расположенных в сельской местности и малых городах | C53: 000 0702 5A2E151690 521 | D53: =Субсидии!EX400 -> 106673.3 | E53: =Субсидии!EY400 -> 106674 | F53: =Субсидии!EZ400 -> 106673.98 | G53: =F53/E53*100 -> 99.999981
A54: 2.39. | B54: Субсидия бюджетам муниципальных районов области на обеспечение мероприятий по переселению граждан из аварийного жилищного фонда | C54: 000 0501 5EA01R8220 523 | D54: =Субсидии!FB400 -> 0 | E54: =Субсидии!FC400 -> 381434.7 | F54: =Субсидии!FD400 -> 381434.7 | G54: =F54/E54*100 -> 100
A55: 2.40. | B55: Субсидия бюджетам муниципальных районов области на обеспечение мероприятий по переселению граждан из аварийного жилищного фонда | C55: 000 0501 5EA01U8220 523 | D55: =Субсидии!FF400 -> 0 | E55: =Субсидии!FG400 -> 108988.2 | F55: =Субсидии!FH400 -> 106474.65 | G55: =F55/E55*100 -> 97.693739
A56: 2.41. | B56: Субсидия бюджетам городских округов области на создание новых мест в общеобразовательных организациях в связи с ростом числа обучающихся, вызванным демографическим фактором | C56: 000 0702 5A2E153050 523 | D56: =Субсидии!FJ400 -> 0 | E56: =Субсидии!FK400 -> 341517.14 | F56: =Субсидии!FL400 -> 312683.5 | G56: =F56/E56*100 -> 91.557189
A57: 2.42. | B57: Субсидия бюджетам городских и сельских поселений области на реализацию мероприятий по благоустройству сельских территорий ведомственного проекта «Благоустройство сельских территорий» за счет средств резервного фонда Правительства Российской Федерации 4* | C57: 000 0503 70302R576F 521 | D57: =Субсидии!FN400 -> 0 | E57: =Субсидии!FO400 -> 21096.3 | F57: =Субсидии!FP400 -> 21028.44 | G57: =F57/E57*100 -> 99.678333
A58: 2.43. | B58: Субсидия бюджетам муниципальных районов области на реализацию проектов комплексного развития сельских территорий ведомственного проекта «Современный облик сельских территорий» за счет средств резервного фонда Правительства Российской Федерации 5* | C58: 000 1403 70304R6350 523 000 1403 70304W6350 523 | D58: =Субсидии!FR400 -> 0 | E58: =Субсидии!FS400 -> 108765.92 | F58: =Субсидии!FT400 -> 107587.51 | G58: =F58/E58*100 -> 98.916565
A59: 2.44. | B59: Субсидия бюджетам муниципальных районов и городских округов области на выравнивание возможностей местных бюджетов по обеспечению образовательной деятельности муниципальных общеобразовательных учреждений | C59: 000 0702 5А21171110 521 | D59: =Субсидии!FV400 -> 245819.1 | E59: =Субсидии!FW400 -> 0 | F59: =Субсидии!FX400 -> 0
A60: 2.45. | B60: Субсидия бюджетам городских поселений и городских округов области на государственную поддержку закупки контейнеров для раздельного накопления твердых коммунальных отходов | C60: 000 0605 624G252690 521 | E60: =Субсидии!GA400 -> 31306.6 | F60: =Субсидии!GB400 -> 31306.584 | G60: =F60/E60*100 -> 99.999948
A61: 2.46. | B61: Субсидия бюджетам городских округов области на поддержку творческой деятельности и техническое оснащение детских и кукольных театров за счет средств резервного фонда Правительства Российской Федерации 6* | C61: 000 0801 55207R517F 521 | D61: =Субсидии!GD400 -> 0 | E61: =Субсидии!GE400 -> 319.66292 | F61: =Субсидии!GF400 -> 319.66292 | G61: =F61/E61*100 -> 100
A62: 2.47. | B62: Субсидия бюджетам муниципальных районов и городских округов области на государственную поддержку отрасли культуры (комплектование книжных фондов муниципальных общедоступных библиотек) за счет средств резервного фонда Правительства Российской Федерации 6* | C62: 00 0801 55402R519F 523 | D62: =Субсидии!GH400 -> 0 | E62: =Субсидии!GI400 -> 11030 | F62: =Субсидии!GJ400 -> 11030 | G62: =F62/E62*100 -> 100
A63: 3. | B63: Субвенции - всего | D63: =SUM(D64:D86) -> 21568163 | E63: =SUM(E64:E86) -> 23073181 | F63: =SUM(F64:F86) -> 22931970 | G63: =F63/E63*100 -> 99.387988
A64: 3.1. | B64: Субвенция бюджетам муниципальных районов и городских округов области на осуществление органами местного самоуправления государственных полномочий по частичному финансированию расходов на присмотр и уход за детьми дошкольного возраста в муниципальных образовательных организациях, реализующих основную общеобразовательную программу дошкольного образования | C64: 000 0701 5A10476900 530 | D64: ='Субвенции '!F408 -> 82819.7 | E64: ='Субвенции '!G408 -> 72356.6 | F64: ='Субвенции '!H408 -> 71339.932 | G64: =F64/E64*100 -> 98.59492
A65: 3.2. | B65: Субвенция бюджетам муниципальных районов и городских округов области на осуществление органами местного самоуправления государственных полномочий по организации предоставления компенсации родительской платы и расходы по оплате услуг почтовой связи и банковских услуг, оказываемых банками, по выплате за присмотр и уход за детьми в образовательных организациях, реализующих основную общеобразовательную программу дошкольного образования | C65: 000 0709 5A10477800 530 | D65: ='Субвенции '!J408 -> 22624.2 | E65: ='Субвенции '!K408 -> 26333.3 | F65: ='Субвенции '!L408 -> 25598.072 | G65: =F65/E65*100 -> 97.207993
A66: 3.3. | B66: Субвенция бюджетам муниципальных районов и городских округов области на осуществление органами местного самоуправления государственных полномочий по предоставлению компенсации родительской платы за присмотр и уход за детьми в образовательных организациях, реализующих основную общеобразовательную программу дошкольного образования | C66: 000 1004 5A10477900 530 | D66: ='Субвенции '!N408 -> 584284.1 | E66: ='Субвенции '!O408 -> 474011.7 | F66: ='Субвенции '!P408 -> 473088.34 | G66: =F66/E66*100 -> 99.805204
A67: 3.4. | B67: Субвенция бюджетам муниципальных районов и городских округов области на финансовое обеспечение образовательной деятельности муниципальных дошкольных образовательных организаций | C67: 000 0701 5A10576700 530 | D67: ='Субвенции '!R408 -> 6090245.3 | E67: ='Субвенции '!S408 -> 5724578.8 | F67: ='Субвенции '!T408 -> 5716822.5 | G67: =F67/E67*100 -> 99.864509
A68: 3.5. | B68: Субвенция бюджетам муниципальных районов и городских округов области на проведение Всероссийской переписи населения 2020 года | C68: 000 0113 5811554690 530 | D68: ='Субвенции '!V408 -> 0 | E68: ='Субвенции '!W408 -> 24162.2 | F68: ='Субвенции '!X408 -> 21507.593 | G68: =F68/E68*100 -> 89.013389
A69: 3.6. | B69: Субвенция бюджетам муниципальных районов и городских округов области на осуществление органами местного самоуправления государственных полномочий по предоставлению питания отдельным категориям обучающихся в муниципальных образовательных организациях, реализующих образовательные программы начального общего, основного общего и среднего общего образования | C69: 000 0702 5A21277200 530 | D69: ='Субвенции '!Z408 -> 333126.1 | E69: ='Субвенции '!AA408 -> 268802 | F69: ='Субвенции '!AB408 -> 258086.07 | G69: =F69/E69*100 -> 96.013448
A70: 3.7. | B70: Субвенция бюджетам муниципальных районов и городских округов области на осуществление органами местного самоуправления государственных полномочий по организацию предоставления питания отдельным категориям обучающихся в муниципальных образовательных организациях, реализующих образовательные программы начального общего, основного общего и среднего общего образования, и частичное финансирование расходов на присмотр и уход за детьми дошкольного возраста в муниципальных образовательных организациях, реализующих основную общеобразовательную программу дошкольного образования | C70: 000 0709 5A21277300 530 | D70: ='Субвенции '!AD408 -> 16428.3 | E70: ='Субвенции '!AE408 -> 18508.7 | F70: ='Субвенции '!AF408 -> 18302.456 | G70: =F70/E70*100 -> 98.885693
A71: 3.8. | B71: Субвенция бюджетам муниципальных районов и городских округов области на финансовое обеспечение образовательной деятельности муниципальных общеобразовательных учреждений | C71: 000 0702 5A21177000 530 | D71: ='Субвенции '!AH408 -> 12320448 | E71: ='Субвенции '!AI408 -> 14431513 | F71: ='Субвенции '!AJ408 -> 14418801 | G71: =F71/E71*100 -> 99.911914
A72: 3.9. | B72: Субвенция бюджетам муниципальных районов и городских округов области на осуществление органами местного самоуправления отдельных государственных полномочий по осуществлению деятельности по опеке и попечительству в отношении несовершеннолетних граждан в части расходов на оплату труда, уплату страховых взносов по обязательному социальному страхованию в государственные внебюджетные фонды Российской Федерации, обеспечение деятельности штатных работников | C72: 000 0709 5A50577120 530 | D72: ='Субвенции '!AL408 -> 70628.7 | E72: ='Субвенции '!AM408 -> 70358.3 | F72: ='Субвенции '!AN408 -> 69150.452 | G72: =F72/E72*100 -> 98.28329
A73: 3.10. | B73: Субвенция бюджетам муниципальных районов и городских округов области на осуществление органами местного самоуправления отдельных государственных полномочий по осуществлению деятельности по опеке и попечительству в отношении несовершеннолетних граждан в части расходов на обеспечение деятельности по сохранению, содержанию и ремонту пустующих жилых помещений, закрепленных за детьми-сиротами и детьми, оставшимися без попечения родителей | C73: 000 1004 5A50577И00 530 | D73: ='Субвенции '!AP408 -> 1486.7 | E73: ='Субвенции '!AQ408 -> 1387.3 | F73: ='Субвенции '!AR408 -> 1277.0209 | G73: =F73/E73*100 -> 92.050814
A74: 3.11. | B74: Субвенция бюджетам муниципальных районов и городских округов области на осуществление органами местного самоуправления государственных полномочий по организации предоставления гражданам субсидий на оплату жилого помещения и коммунальных услуг | C74: 000 1003 5212377Б00 530 | D74: ='Субвенции '!AT408 -> 56274.7 | E74: ='Субвенции '!AU408 -> 58091.2 | F74: ='Субвенции '!AV408 -> 57811.905 | G74: =F74/E74*100 -> 99.519212
A75: 3.13. | B75: Субвенция бюджетам муниципальных районов и городских округов области на осуществление органами местного самоуправления государственных полномочий по предоставлению гражданам субсидий на оплату жилого помещения и коммунальных услуг | C75: 000 1003 5212477110 530 | D75: ='Субвенции '!AX408 -> 666602 | E75: ='Субвенции '!AY408 -> 572747.4 | F75: ='Субвенции '!AZ408 -> 561716.51 | G75: =F75/E75*100 -> 98.074039
A76: 3.12. | B76: Субвенция бюджетам муниципальных районов и городских округов области на осуществление органами местного самоуправления государственных полномочий по созданию и организации деятельности комиссий по делам несовершеннолетних и защите их прав | C76: 000 0113 6511076600 530 | D76: ='Субвенции '!BB408 -> 28563.3 | E76: ='Субвенции '!BC408 -> 29484.3 | F76: ='Субвенции '!BD408 -> 28997.876 | G76: =F76/E76*100 -> 98.350226
A77: 3.13. | B77: Субвенция бюджетам муниципальных районов и городских округов области на осуществление органами местного самоуправления государственных полномочий по образованию и обеспечению деятельности административных комиссий, определению перечня должностных лиц, уполномоченных составлять протоколы об административных правонарушениях | C77: 000 0113 6511176500 530 | D77: ='Субвенции '!BF408 -> 16876.1 | E77: ='Субвенции '!BG408 -> 17420.7 | F77: ='Субвенции '!BH408 -> 16151.609 | G77: =F77/E77*100 -> 92.715041
A78: 3.14. | B78: Субвенция бюджетам муниципальных районов области на исполнение государственных полномочий по расчету и предоставлению дотаций бюджетам поселениям | C78: 000 1403 6640176100 530 | D78: ='Субвенции '!BJ408 -> 81572.1 | E78: ='Субвенции '!BK408 -> 79820.68 | F78: ='Субвенции '!BL408 -> 79323.57 | G78: =F78/E78*100 -> 99.377217
A79: 3.15. | B79: Субвенция бюджетам муниципальных районов и городских округов области на осуществление органами местного самоуправления отдельных государственных полномочий по санкционированию финансовыми органами муниципальных образований области оплаты денежных обязательств получателям средств областного бюджета, областным государственным автономным и бюджетным учреждениям, иным юридическим лицам, не являющимся участниками бюджетного процесса, расположенным на территориях муниципальных образований области | C79: 000 0106 6640177150 530 | D79: ='Субвенции '!BN408 -> 14837.5 | E79: ='Субвенции '!BO408 -> 15316.7 | F79: ='Субвенции '!BP408 -> 15247.287 | G79: =F79/E79*100 -> 99.546818
A80: 3.16. | B80: Субвенция бюджетам поселений и городских округов области на осуществление органами местного самоуправления поселений и органами местного самоуправления городских округов полномочий по первичному воинскому учету на территориях, где отсутствуют военные комиссариаты | C80: 000 0203 9020051180 530 | D80: ='Субвенции '!BR408 -> 51627 | E80: ='Субвенции '!BS408 -> 51627 | F80: ='Субвенции '!BT408 -> 51492.561 | G80: =F80/E80*100 -> 99.739596
A81: 3.17. | B81: Субвенция бюджетам муниципальных районов и городских округов области на осуществление органами местного самоуправления отдельных государственных полномочий по государственному управлению охраной труда | C81: 000 0401 9610076300 530 | D81: ='Субвенции '!BV408 -> 14765.2 | E81: ='Субвенции '!BW408 -> 15242 | F81: ='Субвенции '!BX408 -> 15020.129 | G81: =F81/E81*100 -> 98.544348
A82: 3.18. | B82: Субвенция бюджетам муниципальных районов и городских округов области на осуществление органами местного самоуправления отдельных государственных полномочий по осуществлению деятельности по опеке и попечительству в отношении совершеннолетних граждан | C82: 000 1006 9610076400 530 | D82: ='Субвенции '!BZ408 -> 21128.8 | E82: ='Субвенции '!CA408 -> 21810.3 | F82: ='Субвенции '!CB408 -> 20891.661 | G82: =F82/E82*100 -> 95.78805
A83: 3.19. | B83: Субвенции бюджетам муниципальных районов и городских округов области на ежемесячное денежное вознаграждение за классное руководство педагогическим работникам муниципальных общеобразовательных организаций | C83: 000 0702 5A203R3030 530 | D83: ='Субвенции '!CD408 -> 1086259.4 | E83: ='Субвенции '!CE408 -> 1086259.4 | F83: ='Субвенции '!CF408 -> 1000149.9 | G83: =F83/E83*100 -> 92.07284
A84: 3.20. | B84: Субвенция бюджетам муниципальных районов и городских округов области на осуществление органами местного самоуправления отдельных государственных полномочий по организации проведения мероприятий при осуществлении деятельности по обращению с животными без владельцев | C84: 000 0405 9610077130 530 | D84: ='Субвенции '!CH408 -> 7565.4 | E84: ='Субвенции '!CI408 -> 11168.8 | F84: ='Субвенции '!CJ408 -> 9292.0913 | G84: =F84/E84*100 -> 83.196864
A85: 3.21. | B85: Субвенция бюджетам муниципальных районов и городских округов области на осуществление государственных полномочий по составлению (изменению) списков кандидатов в присяжные заседатели федеральных судов общей юрисдикции в Российской Федерации | C85: 000 0105 9020051200 530 | D85: ='Субвенции '!CL408 -> 0 | E85: ='Субвенции '!CM408 -> 668.7 | F85: ='Субвенции '!CN408 -> 390.33639 | G85: =F85/E85*100 -> 58.372423
A86: 3.22. | B86: Субвенция бюджетам городских округов области на осуществление органами местного самоуправления отдельных государственных полномочий по осуществлению регионального государственного жилищного надзора и лицензионного контроля | C86: 000 0113 9610076510 530 | D86: ='Субвенции '!CP408 -> 0 | E86: ='Субвенции '!CQ408 -> 1511.1 | F86: ='Субвенции '!CR408 -> 1510.8991 | G86: =F86/E86*100 -> 99.986706
A87: 4. | B87: Иные межбюджетные трансферты | D87: =SUM(D88:D149) -> 1330634.6 | E87: =SUM(E88:E149) -> 6980305.4 | F87: =SUM(F88:F149) -> 6604498.8 | G87: =F87/E87*100 -> 94.616186
A88: 4.1. | B88: Иные межбюджетные трансферты бюджетам городских округов области на осуществление дорожной деятельности в отношении автомобильных дорог общего пользования местного значения Саратовской агломерации в границах городских поселений области в рамках реализации национального проекта «Безопасные и качественные автомобильные дороги» за счет средств областного дорожного фонда | C88: 000 0409 5Ж2R153930 540 | D88: =Иные!F388 -> 407100 | E88: =Иные!G388 -> 1114100 | F88: =Иные!H388 -> 1114100 | G88: =F88/E88*100 -> 100
A89: 4.2. | B89: Иные межбюджетные трансферты бюджетам поселений области на осуществление дорожной деятельности в отношении автомобильных дорог общего пользования местного значения Саратовской агломерации в границах городских поселений области в рамках реализации национального проекта «Безопасные и качественные автомобильные дороги» за счет средств областного дорожного фонда | C89: 000 0409 5Ж2R153930 540 | D89: =Иные!J388 -> 299900 | E89: =Иные!K388 -> 299900 | F89: =Иные!L388 -> 299900 | G89: =F89/E89*100 -> 100
A90: 4.3. | B90: Иные межбюджетные трансферты бюджетам муниципальных районов и городских округов области на осуществление мероприятий в области энергосбережения и повышения энергетической эффективности | C90: 000 1403 6321179Б00 540 | D90: =Иные!N388 -> 100000 | E90: =Иные!O388 -> 120000 | F90: =Иные!P388 -> 119982.24 | G90: =F90/E90*100 -> 99.9852
A91: 4.4. | B91: Иные межбюджетные трансферты бюджетам поселений области на создание виртуальных концертных залов | C91: 000 0801 55AA354530 540 | D91: =Иные!R388 -> 2500 | E91: =Иные!S388 -> 2500 | F91: =Иные!T388 -> 2500 | G91: =F91/E91*100 -> 100
A92: 4.5. | B92: Иные межбюджетные трансферты бюджетам городских округов области на обновление наземного общественного пассажирского транспорта | C92: 000 0408 5Ж10878900 540 | D92: =Иные!V388 -> 0 | E92: =Иные!W388 -> 42180.6 | F92: =Иные!X388 -> 42180.523 | G92: =F92/E92*100 -> 99.999817
A93: 4.6. | B93: Иные межбюджетные трансферты бюджетам бюджетам муниципальных районов и поселений области в целях софинансирования расходных обязательств, возникающих при осуществлении работ по сохранению объектов культурного наследия, расположенных на территории Саратовской области | C93: 000 0801 55А2255780 540 | D93: =Иные!Z388 -> 70234.6 | E93: =Иные!AA388 -> 70234.6 | F93: =Иные!AB388 -> 70234.6 | G93: =F93/E93*100 -> 100
A94: 4.7. | B94: Иные межбюджетные трансферты бюджетам поселений области на финансовое обеспечение расходов по реализации проектов создания комфортной городской среды в малых городах и исторических поселениях в рамках проведения Всероссийского конкурса лучших проектов создания комфортной городской среды | C94: 000 0503 692F254240 540 | D94: =Иные!AD388 -> 340000 | E94: =Иные!AE388 -> 340000 | F94: =Иные!AF388 -> 339250.31 | G94: =F94/E94*100 -> 99.779504
A95: 4.8. | B95: Иные межбюджетные трансферты бюджетам муниципальных районов и городских округов области на размещение социально значимой информации в печатных средствах массовой информации, учрежденных органами местного самоуправления | C95: 000 1204 6651778600 540 | D95: =Иные!AH388 -> 20000 | E95: =Иные!AI388 -> 19696.7 | F95: =Иные!AJ388 -> 19693.994 | G95: =F95/E95*100 -> 99.986262
A96: 4.9. | B96: Иные межбюджетные трансферты бюджетам муниципальных районов, городских округов и поселений области за счет средств, выделяемых из резервного фонда Правительства Саратовской области 7* | C96: 000 1403 664037999Э 540 | E96: =Иные!AM388 -> 38445.398 | F96: =Иные!AN388 -> 38445.398 | G96: =F96/E96*100 -> 100
A97: 4.10. | B97: Иные межбюджетные трансферты бюджетам городских округов области на оснащение вновь вводимых общеобразовательных организаций средствами обучения и воспитания 8* | C97: 000 0702 5A22078160 540 | D97: =Иные!AP388 -> 0 | E97: =Иные!AQ388 -> 70000 | F97: =Иные!AR388 -> 70000 | G97: =F97/E97*100 -> 100
A98: 4.11. | B98: Иные межбюджетные трансферты бюджетам городских округов области на оснащение и укрепление материально-технической базы в дошкольных образовательных организациях 9* | C98: 000 0701 5A10779Г41 540 000 0701 5A10779Г42 540 000 0701 5A10779Г43 540 | E98: =Иные!AU388 -> 90538 | F98: =Иные!AV388 -> 90538 | G98: =F98/E98*100 -> 100
A99: 4.12. | B99: Иные межбюджетные трансферты бюджетам городских округов области на оснащение и укрепление материально-технической базы в образовательных организациях 9* | C99: 000 0702 5A22079Г41 540 000 0702 5A22079Г42 540 000 0702 5A22079Г43 540 | E99: =Иные!AY388 -> 251389 | F99: =Иные!AZ388 -> 251389 | G99: =F99/E99*100 -> 100
A100: 4.13. | B100: Иные межбюджетные трансферты бюджетам муниципальных районов и городских округов области на благоустройство территорий общеобразовательных организаций 31* | C100: 000 0702 5A22075500 540 | D100: =Иные!BB388 -> 0 | E100: =Иные!BC388 -> 48500 | F100: =Иные!BD388 -> 48040.307 | G100: =F100/E100*100 -> 99.05218
A101: 4.14. | B101: Иных межбюджетные трансферты бюджетам муниципальных районов области на проведение текущего и капитального ремонта муниципальных дошкольных образовательных организаций 11* | C101: 000 0701 5A10774100 540 | D101: =Иные!BF388 -> 0 | E101: =Иные!BG388 -> 80000 | F101: =Иные!BH388 -> 79999.941 | G101: =F101/E101*100 -> 99.999926
...

Sheet Всего (с выдел. нераспред)
A1: Сведения о предоставленных из бюджета Саратовской области межбюджетных трансфертах бюджетам муниципальных образований за 2021 год
T2: тыс.рублей
A3: Наименование муниципальных образований | B3: Всего
F4: Дотации | J4: Субсидии | N4: Субвенции | R4: Иные межбюджетные трансферты
B6: первоначаль-ный бюджет* | C6: утвержденные бюджетные назначения 3* | D6: исполнено | E6: % исполнения | F6: первоначаль-ный бюджет* | G6: утвержденные бюджетные назначения 2* | H6: исполнено | I6: % исполнения | J6: первоначаль-ный бюджет* | K6: утвержденные бюджетные назначения 3* | L6: исполнено | M6: % исполнения | N6: первоначаль-ный бюджет* | O6: утвержденные бюджетные назначения 2* | P6: исполнено | Q6: % исполнения | R6: первоначаль-ный бюджет* | S6: утвержденные бюджетные назначения 3* | T6: исполнено | U6: % исполнения
A7: Муниципальные районы области (консолидированный) | B7: =F7+J7+N7+R7 -> 23456693 | C7: =G7+K7+O7+S7 -> 28473921 | D7: =H7+L7+P7+T7 -> 27919165 | E7: =D7/C7*100 -> 98.051704 | F7: =F10+F14+F23+F37+F52+F57+F75+F81+F98+F103+F115+F124+F138+F151+F162+F175+F188+F202+F206+F218+F227+F234+F247+F260+F274+F282+F292+F303+F313+F322+F331+F341+F355+F366+F375+F384+F397+F406 -> 4088568.1 | G7: =G10+G14+G23+G37+G52+G57+G75+G81+G98+G103+G115+G124+G138+G151+G162+G175+G188+G202+G206+G218+G227+G234+G247+G260+G274+G282+G292+G303+G313+G322+G331+G341+G355+G366+G375+G384+G397+G406 -> 4095728.6 | H7: =H10+H14+H23+H37+H52+H57+H75+H81+H98+H103+H115+H124+H138+H151+H162+H175+H188+H202+H206+H218+H227+H234+H247+H260+H274+H282+H292+H303+H313+H322+H331+H341+H355+H366+H375+H384+H397+H406 -> 4095728.6 | I7: =H7/G7*100 -> 100 | J7: =J10+J14+J23+J37+J52+J57+J75+J81+J98+J103+J115+J124+J138+J151+J162+J175+J188+J202+J206+J218+J227+J234+J247+J260+J274+J282+J292+J303+J313+J322+J331+J341+J355+J366+J375+J384+J397+J406 -> 3925981.9 | K7: =K10+K14+K23+K37+K52+K57+K75+K81+K98+K103+K115+K124+K138+K151+K162+K175+K188+K202+K206+K218+K227+K234+K247+K260+K274+K282+K292+K303+K313+K322+K331+K341+K355+K366+K375+K384+K397+K406 -> 4745242.6 | L7: =L10+L14+L23+L37+L52+L57+L75+L81+L98+L103+L115+L124+L138+L151+L162+L175+L188+L202+L206+L218+L227+L234+L247+L260+L274+L282+L292+L303+L313+L322+L331+L341+L355+L366+L375+L384+L397+L406 -> 4654703.8 | M7: =L7/K7*100 -> 98.09201 | N7: =N10+N14+N23+N37+N52+N57+N75+N81+N98+N103+N115+N124+N138+N151+N162+N175+N188+N202+N206+N218+N227+N234+N247+N260+N274+N282+N292+N303+N313+N322+N331+N341+N355+N366+N375+N384+N397+N406 -> 14610586 | O7: =O10+O14+O23+O37+O52+O57+O75+O81+O98+O103+O115+O124+O138+O151+O162+O175+O188+O202+O206+O218+O227+O234+O247+O260+O274+O282+O292+O303+O313+O322+O331+O341+O355+O366+O375+O384+O397+O406 -> 15947567 | P7: =P10+P14+P23+P37+P52+P57+P75+P81+P98+P103+P115+P124+P138+P151+P162+P175+P188+P202+P206+P218+P227+P234+P247+P260+P274+P282+P292+P303+P313+P322+P331+P341+P355+P366+P375+P384+P397+P406 -> 15818413 | Q7: =P7/O7*100 -> 99.190135 | R7: =R10+R14+R23+R37+R52+R57+R75+R81+R98+R103+R115+R124+R138+R151+R162+R175+R188+R202+R206+R218+R227+R234+R247+R260+R274+R282+R292+R303+R313+R322+R331+R341+R355+R366+R375+R384+R397+R406 -> 831556.3 | S7: =S10+S14+S23+S37+S52+S57+S75+S81+S98+S103+S115+S124+S138+S151+S162+S175+S188+S202+S206+S218+S227+S234+S247+S260+S274+S282+S292+S303+S313+S322+S331+S341+S355+S366+S375+S384+S397+S406 -> 3685383.7 | T7: =T10+T14+T23+T37+T52+T57+T75+T81+T98+T103+T115+T124+T138+T151+T162+T175+T188+T202+T206+T218+T227+T234+T247+T260+T274+T282+T292+T303+T313+T322+T331+T341+T355+T366+T375+T384+T397+T406 -> 3350320 | U7: =T7/S7*100 -> 90.908308
A8: Муниципальные районы области (собственный): | B8: =F8+J8+N8+R8 -> 21875210 | C8: =G8+K8+O8+S8 -> 25274046 | D8: =H8+L8+P8+T8 -> 24753821 | E8: =D8/C8*100 -> 97.941664 | F8: =F11+F15+F24+F38+F53+F58+F76+F82+F99+F104+F116+F125+F139+F152+F163+F176+F189+F203+F207+F219+F228+F235+F248+F261+F275+F283+F293+F304+F314+F323+F332+F342+F356+F367+F376+F385+F398+F407 -> 4088568.1 | G8: =G11+G15+G24+G38+G53+G58+G76+G82+G99+G104+G116+G125+G139+G152+G163+G176+G189+G203+G207+G219+G228+G235+G248+G261+G275+G283+G293+G304+G314+G323+G332+G342+G356+G367+G376+G385+G398+G407 -> 4082728.6 | H8: =H11+H15+H24+H38+H53+H58+H76+H82+H99+H104+H116+H125+H139+H152+H163+H176+H189+H203+H207+H219+H228+H235+H248+H261+H275+H283+H293+H304+H314+H323+H332+H342+H356+H367+H376+H385+H398+H407 -> 4082728.6 | I8: =H8/G8*100 -> 100 | J8: =J11+J15+J24+J38+J53+J58+J76+J82+J99+J104+J116+J125+J139+J152+J163+J176+J189+J203+J207+J219+J228+J235+J248+J261+J275+J283+J293+J304+J314+J323+J332+J342+J356+J367+J376+J385+J398+J407 -> 3086993.7 | K8: =K11+K15+K24+K38+K53+K58+K76+K82+K99+K104+K116+K125+K139+K152+K163+K176+K189+K203+K207+K219+K228+K235+K248+K261+K275+K283+K293+K304+K314+K323+K332+K342+K356+K367+K376+K385+K398+K407 -> 3574282.7 | L8: =L11+L15+L24+L38+L53+L58+L76+L82+L99+L104+L116+L125+L139+L152+L163+L176+L189+L203+L207+L219+L228+L235+L248+L261+L275+L283+L293+L304+L314+L323+L332+L342+L356+L367+L376+L385+L398+L407 -> 3493589.5 | M8: =L8/K8*100 -> 97.742395 | N8: =N11+N15+N24+N38+N53+N58+N76+N82+N99+N104+N116+N125+N139+N152+N163+N176+N189+N203+N207+N219+N228+N235+N248+N261+N275+N283+N293+N304+N314+N323+N332+N342+N356+N367+N376+N385+N398+N407 -> 14559522 | O8: =O11+O15+O24+O38+O53+O58+O76+O82+O99+O104+O116+O125+O139+O152+O163+O176+O189+O203+O207+O219+O228+O235+O248+O261+O275+O283+O293+O304+O314+O323+O332+O342+O356+O367+O376+O385+O398+O407 -> 15896502 | P8: =P11+P15+P24+P38+P53+P58+P76+P82+P99+P104+P116+P125+P139+P152+P163+P176+P189+P203+P207+P219+P228+P235+P248+P261+P275+P283+P293+P304+P314+P323+P332+P342+P356+P367+P376+P385+P398+P407 -> 15767482 | Q8: =P8/O8*100 -> 99.188379 | R8: =R11+R15+R24+R38+R53+R58+R76+R82+R99+R104+R116+R125+R139+R152+R163+R176+R189+R203+R207+R219+R228+R235+R248+R261+R275+R283+R293+R304+R314+R323+R332+R342+R356+R367+R376+R385+R398+R407 -> 140126.5 | S8: =S11+S15+S24+S38+S53+S58+S76+S82+S99+S104+S116+S125+S139+S152+S163+S176+S189+S203+S207+S219+S228+S235+S248+S261+S275+S283+S293+S304+S314+S323+S332+S342+S356+S367+S376+S385+S398+S407 -> 1720532.7 | T8: =T11+T15+T24+T38+T53+T58+T76+T82+T99+T104+T116+T125+T139+T152+T163+T176+T189+T203+T207+T219+T228+T235+T248+T261+T275+T283+T293+T304+T314+T323+T332+T342+T356+T367+T376+T385+T398+T407 -> 1410020.5 | U8: =T8/S8*100 -> 81.952553
A9: Поселения: | B9: =F9+J9+N9+R9 -> 1581482.8 | C9: =G9+K9+O9+S9 -> 3199875.7 | D9: =H9+L9+P9+T9 -> 3165344.2 | E9: =D9/C9*100 -> 98.920848 | G9: =SUM(G12:G13)+SUM(G16:G22)+SUM(G25:G36)+SUM(G39:G51)+SUM(G54:G56)+SUM(G59:G74)+SUM(G77:G80)+SUM(G83:G97)+SUM(G100:G102)+SUM(G105:G114)+SUM(G117:G123)+SUM(G126:G137)+SUM(G140:G150)+SUM(G153:G161)+SUM(G164:G174)+SUM(G177:G187)+SUM(G190:G201)+SUM(G204:G205)+SUM(G208:G217)+SUM(G220:G226)+SUM(G229:G233)+SUM(G236:G246)+SUM(G249:G259)+SUM(G262:G273)+SUM(G276:G281)+SUM(G284:G291)+SUM(G294:G302)+SUM(G305:G312)+SUM(G315:G321)+SUM(G324:G330)+SUM(G333:G340)+SUM(G343:G354)+SUM(G357:G365)+SUM(G368:G374)+SUM(G377:G383)+SUM(G386:G396)+SUM(G399:G405)+SUM(G408:G412) -> 13000 | H9: =SUM(H12:H13)+SUM(H16:H22)+SUM(H25:H36)+SUM(H39:H51)+SUM(H54:H56)+SUM(H59:H74)+SUM(H77:H80)+SUM(H83:H97)+SUM(H100:H102)+SUM(H105:H114)+SUM(H117:H123)+SUM(H126:H137)+SUM(H140:H150)+SUM(H153:H161)+SUM(H164:H174)+SUM(H177:H187)+SUM(H190:H201)+SUM(H204:H205)+SUM(H208:H217)+SUM(H220:H226)+SUM(H229:H233)+SUM(H236:H246)+SUM(H249:H259)+SUM(H262:H273)+SUM(H276:H281)+SUM(H284:H291)+SUM(H294:H302)+SUM(H305:H312)+SUM(H315:H321)+SUM(H324:H330)+SUM(H333:H340)+SUM(H343:H354)+SUM(H357:H365)+SUM(H368:H374)+SUM(H377:H383)+SUM(H386:H396)+SUM(H399:H405)+SUM(H408:H412) -> 13000 | I9: =H9/G9*100 -> 100 | J9: =SUM(J12:J13)+SUM(J16:J22)+SUM(J25:J36)+SUM(J39:J51)+SUM(J54:J56)+SUM(J59:J74)+SUM(J77:J80)+SUM(J83:J97)+SUM(J100:J102)+SUM(J105:J114)+SUM(J117:J123)+SUM(J126:J137)+SUM(J140:J150)+SUM(J153:J161)+SUM(J164:J174)+SUM(J177:J187)+SUM(J190:J201)+SUM(J204:J205)+SUM(J208:J217)+SUM(J220:J226)+SUM(J229:J233)+SUM(J236:J246)+SUM(J249:J259)+SUM(J262:J273)+SUM(J276:J281)+SUM(J284:J291)+SUM(J294:J302)+SUM(J305:J312)+SUM(J315:J321)+SUM(J324:J330)+SUM(J333:J340)+SUM(J343:J354)+SUM(J357:J365)+SUM(J368:J374)+SUM(J377:J383)+SUM(J386:J396)+SUM(J399:J405)+SUM(J408:J412) -> 838988.13 | K9: =SUM(K12:K13)+SUM(K16:K22)+SUM(K25:K36)+SUM(K39:K51)+SUM(K54:K56)+SUM(K59:K74)+SUM(K77:K80)+SUM(K83:K97)+SUM(K100:K102)+SUM(K105:K114)+SUM(K117:K123)+SUM(K126:K137)+SUM(K140:K150)+SUM(K153:K161)+SUM(K164:K174)+SUM(K177:K187)+SUM(K190:K201)+SUM(K204:K205)+SUM(K208:K217)+SUM(K220:K226)+SUM(K229:K233)+SUM(K236:K246)+SUM(K249:K259)+SUM(K262:K273)+SUM(K276:K281)+SUM(K284:K291)+SUM(K294:K302)+SUM(K305:K312)+SUM(K315:K321)+SUM(K324:K330)+SUM(K333:K340)+SUM(K343:K354)+SUM(K357:K365)+SUM(K368:K374)+SUM(K377:K383)+SUM(K386:K396)+SUM(K399:K405)+SUM(K408:K412) -> 1170959.9 | L9: =SUM(L12:L13)+SUM(L16:L22)+SUM(L25:L36)+SUM(L39:L51)+SUM(L54:L56)+SUM(L59:L74)+SUM(L77:L80)+SUM(L83:L97)+SUM(L100:L102)+SUM(L105:L114)+SUM(L117:L123)+SUM(L126:L137)+SUM(L140:L150)+SUM(L153:L161)+SUM(L164:L174)+SUM(L177:L187)+SUM(L190:L201)+SUM(L204:L205)+SUM(L208:L217)+SUM(L220:L226)+SUM(L229:L233)+SUM(L236:L246)+SUM(L249:L259)+SUM(L262:L273)+SUM(L276:L281)+SUM(L284:L291)+SUM(L294:L302)+SUM(L305:L312)+SUM(L315:L321)+SUM(L324:L330)+SUM(L333:L340)+SUM(L343:L354)+SUM(L357:L365)+SUM(L368:L374)+SUM(L377:L383)+SUM(L386:L396)+SUM(L399:L405)+SUM(L408:L412) -> 1161114.3 | M9: =L9/K9*100 -> 99.159188 | N9: =SUM(N12:N13)+SUM(N16:N22)+SUM(N25:N36)+SUM(N39:N51)+SUM(N54:N56)+SUM(N59:N74)+SUM(N77:N80)+SUM(N83:N97)+SUM(N100:N102)+SUM(N105:N114)+SUM(N117:N123)+SUM(N126:N137)+SUM(N140:N150)+SUM(N153:N161)+SUM(N164:N174)+SUM(N177:N187)+SUM(N190:N201)+SUM(N204:N205)+SUM(N208:N217)+SUM(N220:N226)+SUM(N229:N233)+SUM(N236:N246)+SUM(N249:N259)+SUM(N262:N273)+SUM(N276:N281)+SUM(N284:N291)+SUM(N294:N302)+SUM(N305:N312)+SUM(N315:N321)+SUM(N324:N330)+SUM(N333:N340)+SUM(N343:N354)+SUM(N357:N365)+SUM(N368:N374)+SUM(N377:N383)+SUM(N386:N396)+SUM(N399:N405)+SUM(N408:N412) -> 51064.9 | O9: =SUM(O12:O13)+SUM(O16:O22)+SUM(O25:O36)+SUM(O39:O51)+SUM(O54:O56)+SUM(O59:O74)+SUM(O77:O80)+SUM(O83:O97)+SUM(O100:O102)+SUM(O105:O114)+SUM(O117:O123)+SUM(O126:O137)+SUM(O140:O150)+SUM(O153:O161)+SUM(O164:O174)+SUM(O177:O187)+SUM(O190:O201)+SUM(O204:O205)+SUM(O208:O217)+SUM(O220:O226)+SUM(O229:O233)+SUM(O236:O246)+SUM(O249:O259)+SUM(O262:O273)+SUM(O276:O281)+SUM(O284:O291)+SUM(O294:O302)+SUM(O305:O312)+SUM(O315:O321)+SUM(O324:O330)+SUM(O333:O340)+SUM(O343:O354)+SUM(O357:O365)+SUM(O368:O374)+SUM(O377:O383)+SUM(O386:O396)+SUM(O399:O405)+SUM(O408:O412) -> 51064.9 | P9: =SUM(P12:P13)+SUM(P16:P22)+SUM(P25:P36)+SUM(P39:P51)+SUM(P54:P56)+SUM(P59:P74)+SUM(P77:P80)+SUM(P83:P97)+SUM(P100:P102)+SUM(P105:P114)+SUM(P117:P123)+SUM(P126:P137)+SUM(P140:P150)+SUM(P153:P161)+SUM(P164:P174)+SUM(P177:P187)+SUM(P190:P201)+SUM(P204:P205)+SUM(P208:P217)+SUM(P220:P226)+SUM(P229:P233)+SUM(P236:P246)+SUM(P249:P259)+SUM(P262:P273)+SUM(P276:P281)+SUM(P284:P291)+SUM(P294:P302)+SUM(P305:P312)+SUM(P315:P321)+SUM(P324:P330)+SUM(P333:P340)+SUM(P343:P354)+SUM(P357:P365)+SUM(P368:P374)+SUM(P377:P383)+SUM(P386:P396)+SUM(P399:P405)+SUM(P408:P412) -> 50930.461 | Q9: =P9/O9*100 -> 99.73673 | R9: =SUM(R12:R13)+SUM(R16:R22)+SUM(R25:R36)+SUM(R39:R51)+SUM(R54:R56)+SUM(R59:R74)+SUM(R77:R80)+SUM(R83:R97)+SUM(R100:R102)+SUM(R105:R114)+SUM(R117:R123)+SUM(R126:R137)+SUM(R140:R150)+SUM(R153:R161)+SUM(R164:R174)+SUM(R177:R187)+SUM(R190:R201)+SUM(R204:R205)+SUM(R208:R217)+SUM(R220:R226)+SUM(R229:R233)+SUM(R236:R246)+SUM(R249:R259)+SUM(R262:R273)+SUM(R276:R281)+SUM(R284:R291)+SUM(R294:R302)+SUM(R305:R312)+SUM(R315:R321)+SUM(R324:R330)+SUM(R333:R340)+SUM(R343:R354)+SUM(R357:R365)+SUM(R368:R374)+SUM(R377:R383)+SUM(R386:R396)+SUM(R399:R405)+SUM(R408:R412) -> 691429.8 | S9: =SUM(S12:S13)+SUM(S16:S22)+SUM(S25:S36)+SUM(S39:S51)+SUM(S54:S56)+SUM(S59:S74)+SUM(S77:S80)+SUM(S83:S97)+SUM(S100:S102)+SUM(S105:S114)+SUM(S117:S123)+SUM(S126:S137)+SUM(S140:S150)+SUM(S153:S161)+SUM(S164:S174)+SUM(S177:S187)+SUM(S190:S201)+SUM(S204:S205)+SUM(S208:S217)+SUM(S220:S226)+SUM(S229:S233)+SUM(S236:S246)+SUM(S249:S259)+SUM(S262:S273)+SUM(S276:S281)+SUM(S284:S291)+SUM(S294:S302)+SUM(S305:S312)+SUM(S315:S321)+SUM(S324:S330)+SUM(S333:S340)+SUM(S343:S354)+SUM(S357:S365)+SUM(S368:S374)+SUM(S377:S383)+SUM(S386:S396)+SUM(S399:S405)+SUM(S408:S412) -> 1964851 | T9: =SUM(T12:T13)+SUM(T16:T22)+SUM(T25:T36)+SUM(T39:T51)+SUM(T54:T56)+SUM(T59:T74)+SUM(T77:T80)+SUM(T83:T97)+SUM(T100:T102)+SUM(T105:T114)+SUM(T117:T123)+SUM(T126:T137)+SUM(T140:T150)+SUM(T153:T161)+SUM(T164:T174)+SUM(T177:T187)+SUM(T190:T201)+SUM(T204:T205)+SUM(T208:T217)+SUM(T220:T226)+SUM(T229:T233)+SUM(T236:T246)+SUM(T249:T259)+SUM(T262:T273)+SUM(T276:T281)+SUM(T284:T291)+SUM(T294:T302)+SUM(T305:T312)+SUM(T315:T321)+SUM(T324:T330)+SUM(T333:T340)+SUM(T343:T354)+SUM(T357:T365)+SUM(T368:T374)+SUM(T377:T383)+SUM(T386:T396)+SUM(T399:T405)+SUM(T408:T412) -> 1940299.5 | U9: =T9/S9*100 -> 98.750464
A10: Александрово-Гайский район (консолидированный) | B10: =F10+J10+N10+R10 -> 439797.33 | C10: =G10+K10+O10+S10 -> 528097.9 | D10: =H10+L10+P10+T10 -> 523050.03 | E10: =D10/C10*100 -> 99.044141 | F10: =F11+F12+F13 -> 133386.3 | G10: =G11+G12+G13 -> 118907.47 | H10: =H11+H12+H13 -> 118907.47 | I10: =H10/G10*100 -> 100 | J10: =J11+J12+J13 -> 136198.43 | K10: =K11+K12+K13 -> 164690.75 | L10: =L11+L12+L13 -> 163455.27 | M10: =L10/K10*100 -> 99.249819 | N10: =N11+N12+N13 -> 165713.8 | O10: =O11+O12+O13 -> 214245.4 | P10: =P11+P12+P13 -> 211358.05 | Q10: =P10/O10*100 -> 98.652318 | R10: =R11+R12+R13 -> 4498.8 | S10: =S11+S12+S13 -> 30254.282 | T10: =T11+T12+T13 -> 29329.237 | U10: =T10/S10*100 -> 96.942433
A11: Александрово-Гайский район (собственный) | B11: =F11+J11+N11+R11 -> 437859.73 | C11: =G11+K11+O11+S11 -> 521956.48 | D11: =H11+L11+P11+T11 -> 516985.4 | E11: =D11/C11*100 -> 99.047607 | F11: =Дотации!B11 -> 133386.3 | G11: =Дотации!C11 -> 118907.47 | H11: =Дотации!D11 -> 118907.47 | I11: =H11/G11*100 -> 100 | J11: =Субсидии!B12 -> 135156.53 | K11: =Субсидии!C12 -> 159625.83 | L11: =Субсидии!D12 -> 158390.35 | M11: =L11/K11*100 -> 99.226014 | N11: ='Субвенции '!B14 -> 164818.1 | O11: ='Субвенции '!C14 -> 213349.7 | P11: ='Субвенции '!D14 -> 210462.35 | Q11: =P11/O11*100 -> 98.64666 | R11: =Иные!B12 -> 4498.8 | S11: =Иные!C12 -> 30073.482 | T11: =Иные!D12 -> 29225.232 | U11: =T11/S11*100 -> 97.179409
A12: Александрово-Гайское МО | B12: =F12+J12+N12+R12 -> 1832.2 | C12: =G12+K12+O12+S12 -> 3879.087 | D12: =H12+L12+P12+T12 -> 3879.0903 | E12: =D12/C12*100 -> 100.00009 | J12: =Субсидии!B13 -> 1041.9 | K12: =Субсидии!C13 -> 3088.787 | L12: =Субсидии!D13 -> 3088.7903 | M12: =L12/K12*100 -> 100.00011 | N12: ='Субвенции '!B15 -> 790.3 | O12: ='Субвенции '!C15 -> 790.3 | P12: ='Субвенции '!D15 -> 790.3 | Q12: =P12/O12*100 -> 100
A13: Новоалександровское МО | B13: =F13+J13+N13+R13 -> 105.4 | C13: =G13+K13+O13+S13 -> 2262.33 | D13: =H13+L13+P13+T13 -> 2185.535 | E13: =D13/C13*100 -> 96.60549 | J13: =Субсидии!B14 -> 0 | K13: =Субсидии!C14 -> 1976.13 | L13: =Субсидии!D14 -> 1976.13 | M13: =L13/K13*100 -> 100 | N13: ='Субвенции '!B16 -> 105.4 | O13: ='Субвенции '!C16 -> 105.4 | P13: ='Субвенции '!D16 -> 105.4 | Q13: =P13/O13*100 -> 100 | R13: =Иные!B14 -> 0 | S13: =Иные!C14 -> 180.8 | T13: =Иные!D14 -> 104.00498 | U13: =T13/S13*100 -> 57.524878
A14: Аркадакский район (консолидированный) | B14: =F14+J14+N14+R14 -> 336448.5 | C14: =G14+K14+O14+S14 -> 614769.48 | D14: =H14+L14+P14+T14 -> 610918.15 | E14: =D14/C14*100 -> 99.373531 | F14: =SUM(F15:F22) -> 81918.3 | G14: =SUM(G15:G22) -> 83149.1 | H14: =SUM(H15:H22) -> 83149.1 | I14: =H14/G14*100 -> 100 | J14: =SUM(J15:J22) -> 40140.5 | K14: =SUM(K15:K22) -> 38343.684 | L14: =SUM(L15:L22) -> 37946.04 | M14: =L14/K14*100 -> 98.962946 | N14: =SUM(N15:N22) -> 213808.3 | O14: =SUM(O15:O22) -> 287010 | P14: =SUM(P15:P22) -> 283824.01 | Q14: =P14/O14*100 -> 98.889939 | R14: =SUM(R15:R22) -> 581.4 | S14: =SUM(S15:S22) -> 206266.7 | T14: =SUM(T15:T22) -> 205998.99 | U14: =T14/S14*100 -> 99.870213
A15: Аркадакский район (собственный) | B15: =F15+J15+N15+R15 -> 332800.5 | C15: =G15+K15+O15+S15 -> 575313.78 | D15: =H15+L15+P15+T15 -> 571632.62 | E15: =D15/C15*100 -> 99.360148 | F15: =Дотации!B13 -> 81918.3 | G15: =Дотации!C13 -> 83149.1 | H15: =Дотации!D13 -> 83149.1 | I15: =H15/G15*100 -> 100 | J15: =Субсидии!B16 -> 37757.3 | K15: =Субсидии!C16 -> 34901.484 | L15: =Субсидии!D16 -> 34503.84 | M15: =L15/K15*100 -> 98.860666 | N15: ='Субвенции '!B18 -> 212543.5 | O15: ='Субвенции '!C18 -> 285745.2 | P15: ='Субвенции '!D18 -> 282559.21 | Q15: =P15/O15*100 -> 98.885025 | R15: =Иные!B16 -> 581.4 | S15: =Иные!C16 -> 171518 | T15: =Иные!D16 -> 171420.47 | U15: =T15/S15*100 -> 99.943138
A16: город Аркадак | B16: =F16+J16+N16+R16 -> 3085.8 | C16: =G16+K16+O16+S16 -> 37085.8 | D16: =H16+L16+P16+T16 -> 36915.621 | E16: =D16/C16*100 -> 99.541121 | J16: =Субсидии!B17 -> 2383.2 | K16: =Субсидии!C17 -> 2383.2 | L16: =Субсидии!D17 -> 2383.2 | M16: =L16/K16*100 -> 100 | N16: ='Субвенции '!B19 -> 702.6 | O16: ='Субвенции '!C19 -> 702.6 | P16: ='Субвенции '!D19 -> 702.6 | Q16: =P16/O16*100 -> 100 | R16: =Иные!B17 -> 0 | S16: =Иные!C17 -> 34000 | T16: =Иные!D17 -> 33829.821 | U16: =T16/S16*100 -> 99.499473
A17: Большежуравское МО | B17: =F17+J17+N17+R17 -> 93.7 | C17: =G17+K17+O17+S17 -> 166.1 | D17: =H17+L17+P17+T17 -> 166.1 | E17: =D17/C17*100 -> 100 | J17: =Субсидии!B18 -> 0 | K17: =Субсидии!C18 -> 0 | L17: =Субсидии!D18 -> 0 | N17: ='Субвенции '!B20 -> 93.7 | O17: ='Субвенции '!C20 -> 93.7 | P17: ='Субвенции '!D20 -> 93.7 | Q17: =P17/O17*100 -> 100 | R17: =Иные!B18 -> 0 | S17: =Иные!C18 -> 72.4 | T17: =Иные!D18 -> 72.4 | U17: =T17/S17*100 -> 100
A18: Краснознаменское МО | B18: =F18+J18+N18+R18 -> 93.7 | C18: =G18+K18+O18+S18 -> 911 | D18: =H18+L18+P18+T18 -> 911 | E18: =D18/C18*100 -> 100 | J18: =Субсидии!B19 -> 0 | K18: =Субсидии!C19 -> 700 | L18: =Субсидии!D19 -> 700 | M18: =L18/K18*100 -> 100 | N18: ='Субвенции '!B21 -> 93.7 | O18: ='Субвенции '!C21 -> 93.7 | P18: ='Субвенции '!D21 -> 93.7 | Q18: =P18/O18*100 -> 100 | R18: =Иные!B19 -> 0 | S18: =Иные!C19 -> 117.3 | T18: =Иные!D19 -> 117.3 | U18: =T18/S18*100 -> 100
A19: Львовское МО | B19: =F19+J19+N19+R19 -> 93.7 | C19: =G19+K19+O19+S19 -> 411 | D19: =H19+L19+P19+T19 -> 411 | E19: =D19/C19*100 -> 100 | J19: =Субсидии!B20 -> 0 | K19: =Субсидии!C20 -> 200 | L19: =Субсидии!D20 -> 200 | M19: =L19/K19*100 -> 100 | N19: ='Субвенции '!B22 -> 93.7 | O19: ='Субвенции '!C22 -> 93.7 | P19: ='Субвенции '!D22 -> 93.7 | Q19: =P19/O19*100 -> 100 | R19: =Иные!B20 -> 0 | S19: =Иные!C20 -> 117.3 | T19: =Иные!D20 -> 117.3 | U19: =T19/S19*100 -> 100
A20: Малиновское МО | B20: =F20+J20+N20+R20 -> 93.7 | C20: =G20+K20+O20+S20 -> 370 | D20: =H20+L20+P20+T20 -> 370 | E20: =D20/C20*100 -> 100 | J20: =Субсидии!B21 -> 0 | K20: =Субсидии!C21 -> 159 | L20: =Субсидии!D21 -> 159 | M20: =L20/K20*100 -> 100 | N20: ='Субвенции '!B23 -> 93.7 | O20: ='Субвенции '!C23 -> 93.7 | P20: ='Субвенции '!D23 -> 93.7 | Q20: =P20/O20*100 -> 100 | R20: =Иные!B21 -> 0 | S20: =Иные!C21 -> 117.3 | T20: =Иные!D21 -> 117.3 | U20: =T20/S20*100 -> 100
A21: Росташовское МО | B21: =F21+J21+N21+R21 -> 93.7 | C21: =G21+K21+O21+S21 -> 300.8 | D21: =H21+L21+P21+T21 -> 300.8 | E21: =D21/C21*100 -> 100 | J21: =Субсидии!B22 -> 0 | K21: =Субсидии!C22 -> 0 | L21: =Субсидии!D22 -> 0 | N21: ='Субвенции '!B24 -> 93.7 | O21: ='Субвенции '!C24 -> 93.7 | P21: ='Субвенции '!D24 -> 93.7 | Q21: =P21/O21*100 -> 100 | R21: =Иные!B22 -> 0 | S21: =Иные!C22 -> 207.1 | T21: =Иные!D22 -> 207.1 | U21: =T21/S21*100 -> 100
A22: Семеновское МО | B22: =F22+J22+N22+R22 -> 93.7 | C22: =G22+K22+O22+S22 -> 211 | D22: =H22+L22+P22+T22 -> 211 | E22: =D22/C22*100 -> 100 | J22: =Субсидии!B23 -> 0 | K22: =Субсидии!C23 -> 0 | L22: =Субсидии!D23 -> 0 | N22: ='Субвенции '!B25 -> 93.7 | O22: ='Субвенции '!C25 -> 93.7 | P22: ='Субвенции '!D25 -> 93.7 | Q22: =P22/O22*100 -> 100 | R22: =Иные!B23 -> 0 | S22: =Иные!C23 -> 117.3 | T22: =Иные!D23 -> 117.3 | U22: =T22/S22*100 -> 100
A23: Аткарский район (консолидированный) | B23: =F23+J23+N23+R23 -> 587617.33 | C23: =G23+K23+O23+S23 -> 680296.12 | D23: =H23+L23+P23+T23 -> 676728.52 | E23: =D23/C23*100 -> 99.475582 | F23: =SUM(F24:F36) -> 126936 | G23: =SUM(G24:G36) -> 138177.2 | H23: =SUM(H24:H36) -> 138177.2 | I23: =H23/G23*100 -> 100 | J23: =SUM(J24:J36) -> 66067.43 | K23: =SUM(K24:K36) -> 55343.268 | L23: =SUM(L24:L36) -> 54813.092 | M23: =L23/K23*100 -> 99.042023 | N23: =SUM(N24:N36) -> 393898.4 | O23: =SUM(O24:O36) -> 421165.9 | P23: =SUM(P24:P36) -> 418128.48 | Q23: =P23/O23*100 -> 99.278806 | R23: =SUM(R24:R36) -> 715.5 | S23: =SUM(S24:S36) -> 65609.752 | T23: =SUM(T24:T36) -> 65609.752 | U23: =T23/S23*100 -> 100
A24: Аткарский район (собственный) | B24: =F24+J24+N24+R24 -> 582257.33 | C24: =G24+K24+O24+S24 -> 607866.88 | D24: =H24+L24+P24+T24 -> 604299.33 | E24: =D24/C24*100 -> 99.413104 | F24: =Дотации!B15 -> 126936 | G24: =Дотации!C15 -> 128177.2 | H24: =Дотации!D15 -> 128177.2 | I24: =H24/G24*100 -> 100 | J24: =Субсидии!B25 -> 62721.73 | K24: =Субсидии!C25 -> 48048.318 | L24: =Субсидии!D25 -> 47518.192 | M24: =L24/K24*100 -> 98.896682 | N24: ='Субвенции '!B27 -> 391884.1 | O24: ='Субвенции '!C27 -> 419151.6 | P24: ='Субвенции '!D27 -> 416114.18 | Q24: =P24/O24*100 -> 99.27534 | R24: =Иные!B25 -> 715.5 | S24: =Иные!C25 -> 12489.76 | T24: =Иные!D25 -> 12489.76 | U24: =T24/S24*100 -> 100
A25: город Аткарск | B25: =F25+J25+N25+R25 -> 4516.8 | C25: =G25+K25+O25+S25 -> 66670.192 | D25: =H25+L25+P25+T25 -> 66670.142 | E25: =D25/C25*100 -> 99.999925 | F25: =Дотации!B16 -> 0 | G25: =Дотации!C16 -> 10000 | H25: =Дотации!D16 -> 10000 | I25: =H25/G25*100 -> 100 | J25: =Субсидии!B26 -> 3345.7 | K25: =Субсидии!C26 -> 3345.7 | L25: =Субсидии!D26 -> 3345.65 | M25: =L25/K25*100 -> 99.998506 | N25: ='Субвенции '!B28 -> 1171.1 | O25: ='Субвенции '!C28 -> 1171.1 | P25: ='Субвенции '!D28 -> 1171.1 | R25: =Иные!B26 -> 0 | S25: =Иные!C26 -> 52153.392 | T25: =Иные!D26 -> 52153.392
A26: Барановское МО | B26: =F26+J26+N26+R26 -> 93.7 | C26: =G26+K26+O26+S26 -> 586.2 | D26: =H26+L26+P26+T26 -> 586.2192 | E26: =D26/C26*100 -> 100.00328 | J26: =Субсидии!B27 -> 0 | K26: =Субсидии!C27 -> 331.4 | L26: =Субсидии!D27 -> 331.4192 | M26: =L26/K26*100 -> 100.00579 | N26: ='Субвенции '!B29 -> 93.7 | O26: ='Субвенции '!C29 -> 93.7 | P26: ='Субвенции '!D29 -> 93.7 | Q26: =P26/O26*100 -> 100 | R26: =Иные!B27 -> 0 | S26: =Иные!C27 -> 161.1 | T26: =Иные!D27 -> 161.1 | U26: =T26/S26*100 -> 100
A27: Большеекатериновское МО | B27: =F27+J27+N27+R27 -> 0 | C27: =G27+K27+O27+S27 -> 0 | D27: =H27+L27+P27+T27 -> 0 | J27: =Субсидии!B28 -> 0 | K27: =Субсидии!C28 -> 0 | L27: =Субсидии!D28 -> 0 | N27: ='Субвенции '!B30 -> 0 | O27: ='Субвенции '!C30 -> 0 | P27: ='Субвенции '!D30 -> 0
A28: Даниловское МО | B28: =F28+J28+N28+R28 -> 234.2 | C28: =G28+K28+O28+S28 -> 1395.3 | D28: =H28+L28+P28+T28 -> 1395.3 | E28: =D28/C28*100 -> 100 | J28: =Субсидии!B29 -> 0 | K28: =Субсидии!C29 -> 1000 | L28: =Субсидии!D29 -> 1000 | M28: =L28/K28*100 -> 100 | N28: ='Субвенции '!B31 -> 234.2 | O28: ='Субвенции '!C31 -> 234.2 | P28: ='Субвенции '!D31 -> 234.2 | Q28: =P28/O28*100 -> 100 | R28: =Иные!B28 -> 0 | S28: =Иные!C28 -> 161.1 | T28: =Иные!D28 -> 161.1 | U28: =T28/S28*100 -> 100
A29: Ершовское МО | B29: =F29+J29+N29+R29 -> 93.7 | C29: =G29+K29+O29+S29 -> 1131.7 | D29: =H29+L29+P29+T29 -> 1131.6808 | E29: =D29/C29*100 -> 99.998303 | J29: =Субсидии!B30 -> 0 | K29: =Субсидии!C30 -> 876.9 | L29: =Субсидии!D30 -> 876.8808 | M29: =L29/K29*100 -> 99.99781 | N29: ='Субвенции '!B32 -> 93.7 | O29: ='Субвенции '!C32 -> 93.7 | P29: ='Субвенции '!D32 -> 93.7 | Q29: =P29/O29*100 -> 100 | R29: =Иные!B29 -> 0 | S29: =Иные!C29 -> 161.1 | T29: =Иные!D29 -> 161.1 | U29: =T29/S29*100 -> 100
A30: Кочетовское МО | B30: =F30+J30+N30+R30 -> 234.2 | C30: =G30+K30+O30+S30 -> 1338.824 | D30: =H30+L30+P30+T30 -> 1338.824 | E30: =D30/C30*100 -> 100 | J30: =Субсидии!B31 -> 0 | K30: =Субсидии!C31 -> 943.524 | L30: =Субсидии!D31 -> 943.524 | M30: =L30/K30*100 -> 100 | N30: ='Субвенции '!B33 -> 234.2 | O30: ='Субвенции '!C33 -> 234.2 | P30: ='Субвенции '!D33 -> 234.2 | Q30: =P30/O30*100 -> 100 | R30: =Иные!B30 -> 0 | S30: =Иные!C30 -> 161.1 | T30: =Иные!D30 -> 161.1 | U30: =T30/S30*100 -> 100
A31: Лопуховское МО | B31: =F31+J31+N31+R31 -> 93.7 | C31: =G31+K31+O31+S31 -> 254.8 | D31: =H31+L31+P31+T31 -> 254.8 | E31: =D31/C31*100 -> 100 | J31: =Субсидии!B32 -> 0 | K31: =Субсидии!C32 -> 0 | L31: =Субсидии!D32 -> 0 | N31: ='Субвенции '!B34 -> 93.7 | O31: ='Субвенции '!C34 -> 93.7 | P31: ='Субвенции '!D34 -> 93.7 | Q31: =P31/O31*100 -> 100 | R31: =Иные!B31 -> 0 | S31: =Иные!C31 -> 161.1 | T31: =Иные!D31 -> 161.1 | U31: =T31/S31*100 -> 100
A32: Озерное МО | B32: =F32+J32+N32+R32 -> 93.7 | C32: =G32+K32+O32+S32 -> 1052.226 | D32: =H32+L32+P32+T32 -> 1052.226 | E32: =D32/C32*100 -> 100 | J32: =Субсидии!B33 -> 0 | K32: =Субсидии!C33 -> 797.426 | L32: =Субсидии!D33 -> 797.426 | M32: =L32/K32*100 -> 100 | N32: ='Субвенции '!B35 -> 93.7 | O32: ='Субвенции '!C35 -> 93.7 | P32: ='Субвенции '!D35 -> 93.7 | Q32: =P32/O32*100 -> 100 | R32: =Иные!B32 -> 0 | S32: =Иные!C32 -> 161.1 | T32: =Иные!D32 -> 161.1 | U32: =T32/S32*100 -> 100
A33: Песчанское МО | B33: =F33+J33+N33+R33 -> 0 | C33: =G33+K33+O33+S33 -> 0 | D33: =H33+L33+P33+T33 -> 0 | J33: =Субсидии!B34 -> 0 | K33: =Субсидии!C34 -> 0 | L33: =Субсидии!D34 -> 0 | N33: ='Субвенции '!B36 -> 0 | O33: ='Субвенции '!C36 -> 0 | P33: ='Субвенции '!D36 -> 0
A34: Петровское МО | B34: =F34+J34+N34+R34 -> 0 | C34: =G34+K34+O34+S34 -> 0 | D34: =H34+L34+P34+T34 -> 0 | J34: =Субсидии!B35 -> 0 | K34: =Субсидии!C35 -> 0 | L34: =Субсидии!D35 -> 0 | N34: ='Субвенции '!B37 -> 0 | O34: ='Субвенции '!C37 -> 0 | P34: ='Субвенции '!D37 -> 0
A35: Тургеневское МО | B35: =F35+J35+N35+R35 -> 0 | C35: =G35+K35+O35+S35 -> 0 | D35: =H35+L35+P35+T35 -> 0 | J35: =Субсидии!B36 -> 0 | K35: =Субсидии!C36 -> 0 | L35: =Субсидии!D36 -> 0 | N35: ='Субвенции '!B38 -> 0 | O35: ='Субвенции '!C38 -> 0 | P35: ='Субвенции '!D38 -> 0
A36: Языковское МО | B36: =F36+J36+N36+R36 -> 0 | C36: =G36+K36+O36+S36 -> 0 | D36: =H36+L36+P36+T36 -> 0 | J36: =Субсидии!B37 -> 0 | K36: =Субсидии!C37 -> 0 | L36: =Субсидии!D37 -> 0 | N36: ='Субвенции '!B39 -> 0 | O36: ='Субвенции '!C39 -> 0 | P36: ='Субвенции '!D39 -> 0
A37: Базарно-Карабулакский район (консолидированный) | B37: =F37+J37+N37+R37 -> 456916.83 | C37: =G37+K37+O37+S37 -> 537892.6 | D37: =H37+L37+P37+T37 -> 524781.62 | E37: =D37/C37*100 -> 97.562528 | F37: =SUM(F38:F51) -> 113741.5 | G37: =SUM(G38:G51) -> 113762.2 | H37: =SUM(H38:H51) -> 113762.2 | I37: =H37/G37*100 -> 100 | J37: =SUM(J38:J51) -> 51370.53 | K37: =SUM(K38:K51) -> 48736.982 | L37: =SUM(L38:L51) -> 43670.635 | M37: =L37/K37*100 -> 89.604718 | N37: =SUM(N38:N51) -> 291204 | O37: =SUM(O38:O51) -> 314950.8 | P37: =SUM(P38:P51) -> 313138.91 | Q37: =P37/O37*100 -> 99.424708 | R37: =SUM(R38:R51) -> 600.8 | S37: =SUM(S38:S51) -> 60442.62 | T37: =SUM(T38:T51) -> 54209.868 | U37: =T37/S37*100 -> 89.688151
A38: Базарно-Карабулакский район (собственный) | B38: =F38+J38+N38+R38 -> 453236.93 | C38: =G38+K38+O38+S38 -> 496877.31 | D38: =H38+L38+P38+T38 -> 489999.03 | E38: =D38/C38*100 -> 98.6157 | F38: =Дотации!B18 -> 113741.5 | G38: =Дотации!C18 -> 113762.2 | H38: =Дотации!D18 -> 113762.2 | I38: =H38/G38*100 -> 100 | J38: =Субсидии!B39 -> 49376.93 | K38: =Субсидии!C39 -> 40963.886 | L38: =Субсидии!D39 -> 35897.499 | M38: =L38/K38*100 -> 87.632065 | N38: ='Субвенции '!B41 -> 289517.7 | O38: ='Субвенции '!C41 -> 313264.5 | P38: ='Субвенции '!D41 -> 311452.61 | Q38: =P38/O38*100 -> 99.421612 | R38: =Иные!B34 -> 600.8 | S38: =Иные!C34 -> 28886.72 | T38: =Иные!D34 -> 28886.72 | U38: =T38/S38*100 -> 100
A39: Алексеевское МО | B39: =F39+J39+N39+R39 -> 234.2 | C39: =G39+K39+O39+S39 -> 1113.8323 | D39: =H39+L39+P39+T39 -> 1113.8323 | E39: =D39/C39*100 -> 100 | J39: =Субсидии!B40 -> 0 | K39: =Субсидии!C40 -> 644.63232 | L39: =Субсидии!D40 -> 644.63232 | M39: =L39/K39*100 -> 100 | N39: ='Субвенции '!B42 -> 234.2 | O39: ='Субвенции '!C42 -> 234.2 | P39: ='Субвенции '!D42 -> 234.2 | Q39: =P39/O39*100 -> 100 | R39: =Иные!B35 -> 0 | S39: =Иные!C35 -> 235 | T39: =Иные!D35 -> 235 | U39: =T39/S39*100 -> 100
A40: Базарно-Карабулакское МО | B40: =F40+J40+N40+R40 -> 1993.6 | C40: =G40+K40+O40+S40 -> 31993.6 | D40: =H40+L40+P40+T40 -> 25760.888 | E40: =D40/C40*100 -> 80.518879 | J40: =Субсидии!B41 -> 1993.6 | K40: =Субсидии!C41 -> 1993.6 | L40: =Субсидии!D41 -> 1993.64 | M40: =L40/K40*100 -> 100.00201 | R40: =Иные!B36 -> 0 | S40: =Иные!C36 -> 30000 | T40: =Иные!D36 -> 23767.248 | U40: =T40/S40*100 -> 79.22416
A41: Большечечуйское МО | B41: =F41+J41+N41+R41 -> 93.7 | C41: =G41+K41+O41+S41 -> 894.3 | D41: =H41+L41+P41+T41 -> 894.3 | E41: =D41/C41*100 -> 100 | J41: =Субсидии!B42 -> 0 | K41: =Субсидии!C42 -> 705.2 | L41: =Субсидии!D42 -> 705.2 | M41: =L41/K41*100 -> 100 | N41: ='Субвенции '!B43 -> 93.7 | O41: ='Субвенции '!C43 -> 93.7 | P41: ='Субвенции '!D43 -> 93.7 | Q41: =P41/O41*100 -> 100 | R41: =Иные!B37 -> 0 | S41: =Иные!C37 -> 95.4 | T41: =Иные!D37 -> 95.4 | U41: =T41/S41*100 -> 100
A42: Вязовское МО | B42: =F42+J42+N42+R42 -> 0 | C42: =G42+K42+O42+S42 -> 0 | D42: =H42+L42+P42+T42 -> 0 | N42: ='Субвенции '!B44 -> 0 | O42: ='Субвенции '!C44 -> 0 | P42: ='Субвенции '!D44 -> 0
A43: Липовское МО | B43: =F43+J43+N43+R43 -> 234.2 | C43: =G43+K43+O43+S43 -> 3933 | D43: =H43+L43+P43+T43 -> 3933 | E43: =D43/C43*100 -> 100 | J43: =Субсидии!B43 -> 0 | K43: =Субсидии!C43 -> 3473.6 | L43: =Субсидии!D43 -> 3473.6 | M43: =L43/K43*100 -> 100 | N43: ='Субвенции '!B45 -> 234.2 | O43: ='Субвенции '!C45 -> 234.2 | P43: ='Субвенции '!D45 -> 234.2 | Q43: =P43/O43*100 -> 100 | R43: =Иные!B38 -> 0 | S43: =Иные!C38 -> 225.2 | T43: =Иные!D38 -> 225.2 | U43: =T43/S43*100 -> 100
A44: Максимовское МО | B44: =F44+J44+N44+R44 -> 234.2 | C44: =G44+K44+O44+S44 -> 1319.2637 | D44: =H44+L44+P44+T44 -> 1319.2637 | E44: =D44/C44*100 -> 100 | J44: =Субсидии!B44 -> 0 | K44: =Субсидии!C44 -> 956.0637 | L44: =Субсидии!D44 -> 956.0637 | M44: =L44/K44*100 -> 100 | N44: ='Субвенции '!B46 -> 234.2 | O44: ='Субвенции '!C46 -> 234.2 | P44: ='Субвенции '!D46 -> 234.2 | Q44: =P44/O44*100 -> 100 | R44: =Иные!B39 -> 0 | S44: =Иные!C39 -> 129 | T44: =Иные!D39 -> 129 | U44: =T44/S44*100 -> 100
A45: Свободинское МО | B45: =F45+J45+N45+R45 -> 234.2 | C45: =G45+K45+O45+S45 -> 542.8 | D45: =H45+L45+P45+T45 -> 542.8 | E45: =D45/C45*100 -> 100 | J45: =Субсидии!B45 -> 0 | K45: =Субсидии!C45 -> 0 | L45: =Субсидии!D45 -> 0 | N45: ='Субвенции '!B47 -> 234.2 | O45: ='Субвенции '!C47 -> 234.2 | P45: ='Субвенции '!D47 -> 234.2 | Q45: =P45/O45*100 -> 100 | R45: =Иные!B40 -> 0 | S45: =Иные!C40 -> 308.6 | T45: =Иные!D40 -> 308.6 | U45: =T45/S45*100 -> 100
A46: Старобурасское МО | B46: =F46+J46+N46+R46 -> 93.7 | C46: =G46+K46+O46+S46 -> 192.3 | D46: =H46+L46+P46+T46 -> 192.3 | E46: =D46/C46*100 -> 100 | J46: =Субсидии!B46 -> 0 | K46: =Субсидии!C46 -> 0 | L46: =Субсидии!D46 -> 0 | N46: ='Субвенции '!B48 -> 93.7 | O46: ='Субвенции '!C48 -> 93.7 | P46: ='Субвенции '!D48 -> 93.7 | Q46: =P46/O46*100 -> 100 | R46: =Иные!B41 -> 0 | S46: =Иные!C41 -> 98.6 | T46: =Иные!D41 -> 98.6 | U46: =T46/S46*100 -> 100
A47: Старожуковское МО | B47: =F47+J47+N47+R47 -> 234.2 | C47: =G47+K47+O47+S47 -> 467.5 | D47: =H47+L47+P47+T47 -> 467.5 | E47: =D47/C47*100 -> 100 | J47: =Субсидии!B47 -> 0 | K47: =Субсидии!C47 -> 0 | L47: =Субсидии!D47 -> 0 | N47: ='Субвенции '!B49 -> 234.2 | O47: ='Субвенции '!C49 -> 234.2 | P47: ='Субвенции '!D49 -> 234.2 | Q47: =P47/O47*100 -> 100 | R47: =Иные!B42 -> 0 | S47: =Иные!C42 -> 233.3 | T47: =Иные!D42 -> 233.3 | U47: =T47/S47*100 -> 100
A48: Тепляковское МО | B48: =F48+J48+N48+R48 -> 0 | C48: =G48+K48+O48+S48 -> 0 | D48: =H48+L48+P48+T48 -> 0 | N48: ='Субвенции '!B50 -> 0 | O48: ='Субвенции '!C50 -> 0 | P48: ='Субвенции '!D50 -> 0
A49: Хватовское МО | B49: =F49+J49+N49+R49 -> 0 | C49: =G49+K49+O49+S49 -> 0 | D49: =H49+L49+P49+T49 -> 0 | N49: ='Субвенции '!B51 -> 0 | O49: ='Субвенции '!C51 -> 0 | P49: ='Субвенции '!D51 -> 0
A50: Шняевское МО | B50: =F50+J50+N50+R50 -> 93.7 | C50: =G50+K50+O50+S50 -> 184.2 | D50: =H50+L50+P50+T50 -> 184.2 | E50: =D50/C50*100 -> 100 | N50: ='Субвенции '!B52 -> 93.7 | O50: ='Субвенции '!C52 -> 93.7 | P50: ='Субвенции '!D52 -> 93.7 | Q50: =P50/O50*100 -> 100 | R50: =Иные!B43 -> 0 | S50: =Иные!C43 -> 90.5 | T50: =Иные!D43 -> 90.5 | U50: =T50/S50*100 -> 100
A51: Яковлевское МО | B51: =F51+J51+N51+R51 -> 234.2 | C51: =G51+K51+O51+S51 -> 374.5 | D51: =H51+L51+P51+T51 -> 374.5 | E51: =D51/C51*100 -> 100 | J51: =Субсидии!B48 -> 0 | K51: =Субсидии!C48 -> 0 | L51: =Субсидии!D48 -> 0 | N51: ='Субвенции '!B53 -> 234.2 | O51: ='Субвенции '!C53 -> 234.2 | P51: ='Субвенции '!D53 -> 234.2 | Q51: =P51/O51*100 -> 100 | R51: =Иные!B44 -> 0 | S51: =Иные!C44 -> 140.3 | T51: =Иные!D44 -> 140.3 | U51: =T51/S51*100 -> 100
A52: Балаковский район (консолидированный) | B52: =F52+J52+N52+R52 -> 2292657.2 | C52: =G52+K52+O52+S52 -> 2982726.3 | D52: =H52+L52+P52+T52 -> 2964734.8 | E52: =D52/C52*100 -> 99.396809 | F52: =SUM(F53:F56) -> 0 | G52: =SUM(G53:G56) -> 3449 | H52: =SUM(H53:H56) -> 3449 | I52: =H52/G52*100 -> 100 | J52: =SUM(J53:J56) -> 495335.2 | K52: =SUM(K53:K56) -> 598622.74 | L52: =SUM(L53:L56) -> 595536.28 | M52: =L52/K52*100 -> 99.484406 | N52: =SUM(N53:N56) -> 1796846.2 | O52: =SUM(O53:O56) -> 1852487.5 | P52: =SUM(P53:P56) -> 1842286.1 | Q52: =P52/O52*100 -> 99.449316 | R52: =SUM(R53:R56) -> 475.8 | S52: =SUM(S53:S56) -> 528167.11 | T52: =SUM(T53:T56) -> 523463.39 | U52: =T52/S52*100 -> 99.109426
A53: Балаковский район (собственный) | B53: =F53+J53+N53+R53 -> 2075153.1 | C53: =G53+K53+O53+S53 -> 2323108.2 | D53: =H53+L53+P53+T53 -> 2308424.7 | E53: =D53/C53*100 -> 99.367937 | F53: =Дотации!B20 -> 0 | G53: =Дотации!C20 -> 3449 | H53: =Дотации!D20 -> 3449 | I53: =H53/G53*100 -> 100 | J53: =Субсидии!B50 -> 278533.7 | K53: =Субсидии!C50 -> 277705.84 | L53: =Субсидии!D50 -> 274619.32 | M53: =L53/K53*100 -> 98.888562 | N53: ='Субвенции '!B55 -> 1796143.6 | O53: ='Субвенции '!C55 -> 1851784.9 | P53: ='Субвенции '!D55 -> 1841583.5 | Q53: =P53/O53*100 -> 99.449107 | R53: =Иные!B46 -> 475.8 | S53: =Иные!C46 -> 190168.48 | T53: =Иные!D46 -> 188772.85 | U53: =T53/S53*100 -> 99.26611
A54: город Балаково | B54: =F54+J54+N54+R54 -> 31288.2 | C54: =G54+K54+O54+S54 -> 492286.83 | D54: =H54+L54+P54+T54 -> 488978.76 | E54: =D54/C54*100 -> 99.32802 | J54: =Субсидии!B51 -> 31288.2 | K54: =Субсидии!C51 -> 154288.2 | L54: =Субсидии!D51 -> 154288.22 | M54: =L54/K54*100 -> 100.00001 | R54: =Иные!B47 -> 0 | S54: =Иные!C47 -> 337998.63 | T54: =Иные!D47 -> 334690.54 | U54: =T54/S54*100 -> 99.021271
A55: Быково-Отрогское МО | B55: =F55+J55+N55+R55 -> 468.4 | C55: =G55+K55+O55+S55 -> 5617 | D55: =H55+L55+P55+T55 -> 5617.0265 | E55: =D55/C55*100 -> 100.00047 | J55: =Субсидии!B53 -> 0 | K55: =Субсидии!C53 -> 5148.6 | L55: =Субсидии!D53 -> 5148.6265 | M55: =L55/K55*100 -> 100.00052 | N55: ='Субвенции '!B56 -> 468.4 | O55: ='Субвенции '!C56 -> 468.4 | P55: ='Субвенции '!D56 -> 468.4 | Q55: =P55/O55*100 -> 100
A56: Натальинское МО | B56: =F56+J56+N56+R56 -> 185747.5 | C56: =G56+K56+O56+S56 -> 161714.3 | D56: =H56+L56+P56+T56 -> 161714.31 | E56: =D56/C56*100 -> 100.00001 | J56: =Субсидии!B52 -> 185513.3 | K56: =Субсидии!C52 -> 161480.1 | L56: =Субсидии!D52 -> 161480.11 | M56: =L56/K56*100 -> 100.00001 | N56: ='Субвенции '!B57 -> 234.2 | O56: ='Субвенции '!C57 -> 234.2 | P56: ='Субвенции '!D57 -> 234.2 | Q56: =P56/O56*100 -> 100 | R56: =Иные!B48 -> 0 | S56: =Иные!C48 -> 0
A57: Балашовский район (консолидированный) | B57: =F57+J57+N57+R57 -> 1393139.3 | C57: =G57+K57+O57+S57 -> 1650128.5 | D57: =H57+L57+P57+T57 -> 1639186 | E57: =D57/C57*100 -> 99.336873 | F57: =SUM(F58:F74) -> 161741 | G57: =SUM(G58:G74) -> 166405.7 | H57: =SUM(H58:H74) -> 166405.7 | I57: =H57/G57*100 -> 100 | J57: =SUM(J58:J74) -> 313569.73 | K57: =SUM(K58:K74) -> 332231.66 | L57: =SUM(L58:L74) -> 327825.74 | M57: =L57/K57*100 -> 98.673841 | N57: =SUM(N58:N74) -> 827258.4 | O57: =SUM(O58:O74) -> 905460.8 | P57: =SUM(P58:P74) -> 898942.86 | Q57: =P57/O57*100 -> 99.280152 | R57: =SUM(R58:R74) -> 90570.2 | S57: =SUM(S58:S74) -> 246030.3 | T57: =SUM(T58:T74) -> 246011.72 | U57: =T57/S57*100 -> 99.992448
A58: Балашовский район (собственный) | B58: =F58+J58+N58+R58 -> 1242602.2 | C58: =G58+K58+O58+S58 -> 1463157.3 | D58: =H58+L58+P58+T58 -> 1452233.3 | E58: =D58/C58*100 -> 99.253398 | F58: =Дотации!B22 -> 161741 | G58: =Дотации!C22 -> 166405.7 | H58: =Дотации!D22 -> 166405.7 | I58: =H58/G58*100 -> 100 | J58: =Субсидии!B55 -> 245421.63 | K58: =Субсидии!C55 -> 259938.76 | L58: =Субсидии!D55 -> 255532.82 | M58: =L58/K58*100 -> 98.305008 | N58: ='Субвенции '!B59 -> 824869.4 | O58: ='Субвенции '!C59 -> 903071.8 | P58: ='Субвенции '!D59 -> 896553.86 | Q58: =P58/O58*100 -> 99.278248 | R58: =Иные!B50 -> 10570.2 | S58: =Иные!C50 -> 133741 | T58: =Иные!D50 -> 133740.92 | U58: =T58/S58*100 -> 99.99994
A59: город Балашов | B59: =F59+J59+N59+R59 -> 98019.8 | C59: =G59+K59+O59+S59 -> 131001.9 | D59: =H59+L59+P59+T59 -> 131000.45 | E59: =D59/C59*100 -> 99.998896 | J59: =Субсидии!B56 -> 18019.8 | K59: =Субсидии!C56 -> 21001.9 | L59: =Субсидии!D56 -> 21001.877 | M59: =L59/K59*100 -> 99.999892 | R59: =Иные!B51 -> 80000 | S59: =Иные!C51 -> 110000 | T59: =Иные!D51 -> 109998.58 | U59: =T59/S59*100 -> 99.998706
A60: Барковское МО | B60: =F60+J60+N60+R60 -> 93.7 | C60: =G60+K60+O60+S60 -> 191.5 | D60: =H60+L60+P60+T60 -> 191.5 | E60: =D60/C60*100 -> 100 | J60: =Субсидии!B57 -> 0 | K60: =Субсидии!C57 -> 0 | L60: =Субсидии!D57 -> 0 | N60: ='Субвенции '!B60 -> 93.7 | O60: ='Субвенции '!C60 -> 93.7 | P60: ='Субвенции '!D60 -> 93.7 | Q60: =P60/O60*100 -> 100 | R60: =Иные!B52 -> 0 | S60: =Иные!C52 -> 97.8 | T60: =Иные!D52 -> 97.8 | U60: =T60/S60*100 -> 100
A61: Большемеликское МО | B61: =F61+J61+N61+R61 -> 234.2 | C61: =G61+K61+O61+S61 -> 444.2 | D61: =H61+L61+P61+T61 -> 444.2 | E61: =D61/C61*100 -> 100 | J61: =Субсидии!B58 -> 0 | K61: =Субсидии!C58 -> 0 | L61: =Субсидии!D58 -> 0 | N61: ='Субвенции '!B61 -> 234.2 | O61: ='Субвенции '!C61 -> 234.2 | P61: ='Субвенции '!D61 -> 234.2 | Q61: =P61/O61*100 -> 100 | R61: =Иные!B53 -> 0 | S61: =Иные!C53 -> 210 | T61: =Иные!D53 -> 210 | U61: =T61/S61*100 -> 100
A62: Лесновское МО | B62: =F62+J62+N62+R62 -> 93.7 | C62: =G62+K62+O62+S62 -> 182 | D62: =H62+L62+P62+T62 -> 182 | E62: =D62/C62*100 -> 100 | J62: =Субсидии!B59 -> 0 | K62: =Субсидии!C59 -> 0 | L62: =Субсидии!D59 -> 0 | N62: ='Субвенции '!B62 -> 93.7 | O62: ='Субвенции '!C62 -> 93.7 | P62: ='Субвенции '!D62 -> 93.7 | Q62: =P62/O62*100 -> 100 | R62: =Иные!B54 -> 0 | S62: =Иные!C54 -> 88.3 | T62: =Иные!D54 -> 88.3 | U62: =T62/S62*100 -> 100
A63: Малосеменовское МО | B63: =F63+J63+N63+R63 -> 93.7 | C63: =G63+K63+O63+S63 -> 226.9 | D63: =H63+L63+P63+T63 -> 226.9 | E63: =D63/C63*100 -> 100 | N63: ='Субвенции '!B63 -> 93.7 | O63: ='Субвенции '!C63 -> 93.7 | P63: ='Субвенции '!D63 -> 93.7 | Q63: =P63/O63*100 -> 100 | R63: =Иные!B55 -> 0 | S63: =Иные!C55 -> 133.2 | T63: =Иные!D55 -> 133.2 | U63: =T63/S63*100 -> 100
A64: Новопокровское МО | B64: =F64+J64+N64+R64 -> 93.7 | C64: =G64+K64+O64+S64 -> 226.9 | D64: =H64+L64+P64+T64 -> 226.9 | E64: =D64/C64*100 -> 100 | J64: =Субсидии!B60 -> 0 | K64: =Субсидии!C60 -> 0 | L64: =Субсидии!D60 -> 0 | N64: ='Субвенции '!B64 -> 93.7 | O64: ='Субвенции '!C64 -> 93.7 | P64: ='Субвенции '!D64 -> 93.7 | Q64: =P64/O64*100 -> 100 | R64: =Иные!B56 -> 0 | S64: =Иные!C56 -> 133.2 | T64: =Иные!D56 -> 133.2 | U64: =T64/S64*100 -> 100
A65: Октябрьское МО | B65: =F65+J65+N65+R65 -> 93.7 | C65: =G65+K65+O65+S65 -> 235.1 | D65: =H65+L65+P65+T65 -> 218.02212 | E65: =D65/C65*100 -> 92.735908 | J65: =Субсидии!B61 -> 0 | K65: =Субсидии!C61 -> 0 | L65: =Субсидии!D61 -> 0 | N65: ='Субвенции '!B65 -> 93.7 | O65: ='Субвенции '!C65 -> 93.7 | P65: ='Субвенции '!D65 -> 93.7 | Q65: =P65/O65*100 -> 100 | R65: =Иные!B66 -> 0 | S65: =Иные!C66 -> 141.4 | T65: =Иные!D66 -> 124.32212 | U65: =T65/S65*100 -> 87.922291
A66: Пинеровское МО | B66: =F66+J66+N66+R66 -> 234.2 | C66: =G66+K66+O66+S66 -> 294.5 | D66: =H66+L66+P66+T66 -> 294.5 | E66: =D66/C66*100 -> 100 | J66: =Субсидии!B63 -> 0 | K66: =Субсидии!C63 -> 0 | L66: =Субсидии!D63 -> 0 | N66: ='Субвенции '!B67 -> 234.2 | O66: ='Субвенции '!C67 -> 234.2 | P66: ='Субвенции '!D67 -> 234.2 | Q66: =P66/O66*100 -> 100 | R66: =Иные!B59 -> 0 | S66: =Иные!C59 -> 60.3 | T66: =Иные!D59 -> 60.3 | U66: =T66/S66*100 -> 100
A67: Первомайское МО | B67: =F67+J67+N67+R67 -> 234.2 | C67: =G67+K67+O67+S67 -> 367.4 | D67: =H67+L67+P67+T67 -> 367.4 | E67: =D67/C67*100 -> 100 | J67: =Субсидии!B62 -> 0 | K67: =Субсидии!C62 -> 0 | L67: =Субсидии!D62 -> 0 | N67: ='Субвенции '!B66 -> 234.2 | O67: ='Субвенции '!C66 -> 234.2 | P67: ='Субвенции '!D66 -> 234.2 | Q67: =P67/O67*100 -> 100 | R67: =Иные!B57 -> 0 | S67: =Иные!C57 -> 133.2 | T67: =Иные!D57 -> 133.2 | U67: =T67/S67*100 -> 100
A68: Репинское МО | B68: =F68+J68+N68+R68 -> 50362.5 | C68: =G68+K68+O68+S68 -> 49671.7 | D68: =H68+L68+P68+T68 -> 49671.743 | E68: =D68/C68*100 -> 100.00009 | J68: =Субсидии!B64 -> 50128.3 | K68: =Субсидии!C64 -> 49291 | L68: =Субсидии!D64 -> 49291.043 | M68: =L68/K68*100 -> 100.00009 | N68: ='Субвенции '!B68 -> 234.2 | O68: ='Субвенции '!C68 -> 234.2 | P68: ='Субвенции '!D68 -> 234.2 | Q68: =P68/O68*100 -> 100 | R68: =Иные!B58 -> 0 | S68: =Иные!C58 -> 146.5 | T68: =Иные!D58 -> 146.5 | U68: =T68/S68*100 -> 100
A69: Родничковское МО | B69: =F69+J69+N69+R69 -> 93.7 | C69: =G69+K69+O69+S69 -> 243.2 | D69: =H69+L69+P69+T69 -> 243.2 | E69: =D69/C69*100 -> 100 | J69: =Субсидии!B65 -> 0 | K69: =Субсидии!C65 -> 0 | L69: =Субсидии!D65 -> 0 | N69: ='Субвенции '!B69 -> 93.7 | O69: ='Субвенции '!C69 -> 93.7 | P69: ='Субвенции '!D69 -> 93.7 | Q69: =P69/O69*100 -> 100 | R69: =Иные!B60 -> 0 | S69: =Иные!C60 -> 149.5 | T69: =Иные!D60 -> 149.5 | U69: =T69/S69*100 -> 100
A70: Соцземледельское МО | B70: =F70+J70+N70+R70 -> 93.7 | C70: =G70+K70+O70+S70 -> 226.9 | D70: =H70+L70+P70+T70 -> 226.9 | E70: =D70/C70*100 -> 100 | J70: =Субсидии!B66 -> 0 | K70: =Субсидии!C66 -> 0 | L70: =Субсидии!D66 -> 0 | N70: ='Субвенции '!B70 -> 93.7 | O70: ='Субвенции '!C70 -> 93.7 | P70: ='Субвенции '!D70 -> 93.7 | Q70: =P70/O70*100 -> 100 | R70: =Иные!B61 -> 0 | S70: =Иные!C61 -> 133.2 | T70: =Иные!D61 -> 133.2 | U70: =T70/S70*100 -> 100
A71: Старохоперское МО | B71: =F71+J71+N71+R71 -> 93.7 | C71: =G71+K71+O71+S71 -> 334.5 | D71: =H71+L71+P71+T71 -> 334.5 | E71: =D71/C71*100 -> 100 | J71: =Субсидии!B67 -> 0 | K71: =Субсидии!C67 -> 0 | L71: =Субсидии!D67 -> 0 | N71: ='Субвенции '!B71 -> 93.7 | O71: ='Субвенции '!C71 -> 93.7 | P71: ='Субвенции '!D71 -> 93.7 | Q71: =P71/O71*100 -> 100 | R71: =Иные!B62 -> 0 | S71: =Иные!C62 -> 240.8 | T71: =Иные!D62 -> 240.8 | U71: =T71/S71*100 -> 100
A72: Терновское МО | B72: =F72+J72+N72+R72 -> 234.2 | C72: =G72+K72+O72+S72 -> 1442.6 | D72: =H72+L72+P72+T72 -> 1442.6 | E72: =D72/C72*100 -> 100 | J72: =Субсидии!B68 -> 0 | K72: =Субсидии!C68 -> 1000 | L72: =Субсидии!D68 -> 1000 | M72: =L72/K72*100 -> 100 | N72: ='Субвенции '!B72 -> 234.2 | O72: ='Субвенции '!C72 -> 234.2 | P72: ='Субвенции '!D72 -> 234.2 | Q72: =P72/O72*100 -> 100 | R72: =Иные!B63 -> 0 | S72: =Иные!C63 -> 208.4 | T72: =Иные!D63 -> 208.4 | U72: =T72/S72*100 -> 100
A73: Тростянское МО | B73: =F73+J73+N73+R73 -> 234.2 | C73: =G73+K73+O73+S73 -> 480 | D73: =H73+L73+P73+T73 -> 480 | E73: =D73/C73*100 -> 100 | J73: =Субсидии!B69 -> 0 | K73: =Субсидии!C69 -> 0 | L73: =Субсидии!D69 -> 0 | N73: ='Субвенции '!B73 -> 234.2 | O73: ='Субвенции '!C73 -> 234.2 | P73: ='Субвенции '!D73 -> 234.2 | Q73: =P73/O73*100 -> 100 | R73: =Иные!B64 -> 0 | S73: =Иные!C64 -> 245.8 | T73: =Иные!D64 -> 245.8 | U73: =T73/S73*100 -> 100
A74: Хоперское МО | B74: =F74+J74+N74+R74 -> 234.2 | C74: =G74+K74+O74+S74 -> 1401.9 | D74: =H74+L74+P74+T74 -> 1401.9 | E74: =D74/C74*100 -> 100 | J74: =Субсидии!B70 -> 0 | K74: =Субсидии!C70 -> 1000 | L74: =Субсидии!D70 -> 1000 | M74: =L74/K74*100 -> 100 | N74: ='Субвенции '!B74 -> 234.2 | O74: ='Субвенции '!C74 -> 234.2 | P74: ='Субвенции '!D74 -> 234.2 | Q74: =P74/O74*100 -> 100 | R74: =Иные!B65 -> 0 | S74: =Иные!C65 -> 167.7 | T74: =Иные!D65 -> 167.7 | U74: =T74/S74*100 -> 100
A75: Балтайский район (консолидированный) | B75: =F75+J75+N75+R75 -> 235869 | C75: =G75+K75+O75+S75 -> 265675.28 | D75: =H75+L75+P75+T75 -> 264189.78 | E75: =D75/C75*100 -> 99.440858 | F75: =SUM(F76:F80) -> 81136.2 | G75: =SUM(G76:G80) -> 64081.5 | H75: =SUM(H76:H80) -> 64081.5 | I75: =H75/G75*100 -> 100 | J75: =SUM(J76:J80) -> 28407.8 | K75: =SUM(K76:K80) -> 25298.585 | L75: =SUM(L76:L80) -> 25011.214 | M75: =L75/K75*100 -> 98.864083 | N75: =SUM(N76:N80) -> 125820.8 | O75: =SUM(O76:O80) -> 141807.5 | P75: =SUM(P76:P80) -> 140609.37 | Q75: =P75/O75*100 -> 99.1551 | R75: =SUM(R76:R80) -> 504.2 | S75: =SUM(S76:S80) -> 34487.7 | T75: =SUM(T76:T80) -> 34487.7 | U75: =T75/S75*100 -> 100
A76: Балтайский район (собственный) | B76: =F76+J76+N76+R76 -> 234471.9 | C76: =G76+K76+O76+S76 -> 242512.53 | D76: =H76+L76+P76+T76 -> 241027.04 | E76: =D76/C76*100 -> 99.387456 | F76: =Дотации!B24 -> 81136.2 | G76: =Дотации!C24 -> 64081.5 | H76: =Дотации!D24 -> 64081.5 | I76: =H76/G76*100 -> 100 | J76: =Субсидии!B72 -> 27666.5 | K76: =Субсидии!C72 -> 23170.632 | L76: =Субсидии!D72 -> 22883.267 | M76: =L76/K76*100 -> 98.759789 | N76: ='Субвенции '!B76 -> 125165 | O76: ='Субвенции '!C76 -> 141151.7 | P76: ='Субвенции '!D76 -> 139953.57 | Q76: =P76/O76*100 -> 99.151175 | R76: =Иные!B68 -> 504.2 | S76: =Иные!C68 -> 14108.7 | T76: =Иные!D68 -> 14108.7 | U76: =T76/S76*100 -> 100
A77: Балтайское МО | B77: =F77+J77+N77+R77 -> 975.5 | C77: =G77+K77+O77+S77 -> 22362.153 | D77: =H77+L77+P77+T77 -> 22362.146 | E77: =D77/C77*100 -> 99.999972 | J77: =Субсидии!B73 -> 741.3 | K77: =Субсидии!C73 -> 2127.9525 | L77: =Субсидии!D73 -> 2127.9462 | M77: =L77/K77*100 -> 99.999703 | N77: ='Субвенции '!B77 -> 234.2 | O77: ='Субвенции '!C77 -> 234.2 | P77: ='Субвенции '!D77 -> 234.2 | Q77: =P77/O77*100 -> 100 | R77: =Иные!B69 -> 0 | S77: =Иные!C69 -> 20000 | T77: =Иные!D69 -> 20000 | U77: =T77/S77*100 -> 100
A78: Барнуковское МО | B78: =F78+J78+N78+R78 -> 93.7 | C78: =G78+K78+O78+S78 -> 190.1 | D78: =H78+L78+P78+T78 -> 190.1 | E78: =D78/C78*100 -> 100 | J78: =Субсидии!B74 -> 0 | K78: =Субсидии!C74 -> 0 | L78: =Субсидии!D74 -> 0 | N78: ='Субвенции '!B78 -> 93.7 | O78: ='Субвенции '!C78 -> 93.7 | P78: ='Субвенции '!D78 -> 93.7 | Q78: =P78/O78*100 -> 100 | R78: =Иные!B70 -> 0 | S78: =Иные!C70 -> 96.4 | T78: =Иные!D70 -> 96.4 | U78: =T78/S78*100 -> 100
A79: Большеозерское МО | B79: =F79+J79+N79+R79 -> 93.7 | C79: =G79+K79+O79+S79 -> 190.1 | D79: =H79+L79+P79+T79 -> 190.1 | E79: =D79/C79*100 -> 100 | J79: =Субсидии!B75 -> 0 | K79: =Субсидии!C75 -> 0 | L79: =Субсидии!D75 -> 0 | N79: ='Субвенции '!B79 -> 93.7 | O79: ='Субвенции '!C79 -> 93.7 | P79: ='Субвенции '!D79 -> 93.7 | Q79: =P79/O79*100 -> 100 | R79: =Иные!B71 -> 0 | S79: =Иные!C71 -> 96.4 | T79: =Иные!D71 -> 96.4 | U79: =T79/S79*100 -> 100
A80: Царевщинское МО | B80: =F80+J80+N80+R80 -> 234.2 | C80: =G80+K80+O80+S80 -> 420.4 | D80: =H80+L80+P80+T80 -> 420.4 | E80: =D80/C80*100 -> 100 | J80: =Субсидии!B76 -> 0 | K80: =Субсидии!C76 -> 0 | L80: =Субсидии!D76 -> 0 | N80: ='Субвенции '!B80 -> 234.2 | O80: ='Субвенции '!C80 -> 234.2 | P80: ='Субвенции '!D80 -> 234.2 | Q80: =P80/O80*100 -> 100 | R80: =Иные!B72 -> 0 | S80: =Иные!C72 -> 186.2 | T80: =Иные!D72 -> 186.2 | U80: =T80/S80*100 -> 100
A81: Вольский район (консолидированный) | B81: =F81+J81+N81+R81 -> 1031693.5 | C81: =G81+K81+O81+S81 -> 1374749.8 | D81: =H81+L81+P81+T81 -> 1366921.2 | E81: =D81/C81*100 -> 99.430543 | F81: =SUM(F82:F97) -> 92184 | G81: =SUM(G82:G97) -> 135212 | H81: =SUM(H82:H97) -> 135212 | I81: =H81/G81*100 -> 100 | J81: =SUM(J82:J97) -> 135785.43 | K81: =SUM(K82:K97) -> 200086.92 | L81: =SUM(L82:L97) -> 197776.88 | M81: =L81/K81*100 -> 98.845486 | N81: =SUM(N82:N97) -> 744132.2 | O81: =SUM(O82:O97) -> 831046.03 | P81: =SUM(P82:P97) -> 827271.88 | Q81: =P81/O81*100 -> 99.545856 | R81: =SUM(R82:R97) -> 59591.9 | S81: =SUM(S82:S97) -> 208404.9 | T81: =SUM(T82:T97) -> 206660.47 | U81: =T81/S81*100 -> 99.162962
A82: Вольский район (собственный) | B82: =F82+J82+N82+R82 -> 935276.43 | C82: =G82+K82+O82+S82 -> 1111263.2 | D82: =H82+L82+P82+T82 -> 1105428.1 | E82: =D82/C82*100 -> 99.474913 | F82: =Дотации!B26 -> 92184 | G82: =Дотации!C26 -> 135212 | H82: =Дотации!D26 -> 135212 | I82: =H82/G82*100 -> 100 | J82: =Субсидии!B78 -> 90271.93 | K82: =Субсидии!C78 -> 91832.938 | L82: =Субсидии!D78 -> 91261.666 | M82: =L82/K82*100 -> 99.377922 | N82: ='Субвенции '!B82 -> 742258.4 | O82: ='Субвенции '!C82 -> 829172.23 | P82: ='Субвенции '!D82 -> 825408.59 | Q82: =P82/O82*100 -> 99.546097 | R82: =Иные!B74 -> 10562.1 | S82: =Иные!C74 -> 55046 | T82: =Иные!D74 -> 53545.819 | U82: =T82/S82*100 -> 97.274677
A83: город Вольск | B83: =F83+J83+N83+R83 -> 64774.7 | C83: =G83+K83+O83+S83 -> 230822.4 | D83: =H83+L83+P83+T83 -> 229083.62 | E83: =D83/C83*100 -> 99.246703 | J83: =Субсидии!B79 -> 15744.9 | K83: =Субсидии!C79 -> 78792.6 | L83: =Субсидии!D79 -> 77053.822 | M83: =L83/K83*100 -> 97.793222 | R83: =Иные!B75 -> 49029.8 | S83: =Иные!C75 -> 152029.8 | T83: =Иные!D75 -> 152029.8 | U83: =T83/S83*100 -> 100
A84: Барановское МО | B84: =F84+J84+N84+R84 -> 93.7 | C84: =G84+K84+O84+S84 -> 1077.685 | D84: =H84+L84+P84+T84 -> 1064.4869 | E84: =D84/C84*100 -> 98.775328 | J84: =Субсидии!B80 -> 0 | K84: =Субсидии!C80 -> 886.785 | L84: =Субсидии!D80 -> 886.785 | M84: =L84/K84*100 -> 100 | N84: ='Субвенции '!B83 -> 93.7 | O84: ='Субвенции '!C83 -> 93.7 | P84: ='Субвенции '!D83 -> 93.69996 | Q84: =P84/O84*100 -> 99.999957 | R84: =Иные!B76 -> 0 | S84: =Иные!C76 -> 97.2 | T84: =Иные!D76 -> 84.00193 | U84: =T84/S84*100 -> 86.421739
A85: Белогорновское МО | B85: =F85+J85+N85+R85 -> 93.7 | C85: =G85+K85+O85+S85 -> 146 | D85: =H85+L85+P85+T85 -> 145.99351 | E85: =D85/C85*100 -> 99.995555 | J85: =Субсидии!B81 -> 0 | K85: =Субсидии!C81 -> 0 | L85: =Субсидии!D81 -> 0 | N85: ='Субвенции '!B84 -> 93.7 | O85: ='Субвенции '!C84 -> 93.7 | P85: ='Субвенции '!D84 -> 93.69997 | Q85: =P85/O85*100 -> 99.999968 | R85: =Иные!B77 -> 0 | S85: =Иные!C77 -> 52.3 | T85: =Иные!D77 -> 52.29354 | U85: =T85/S85*100 -> 99.987648
A86: Верхнечернавское МО | B86: =F86+J86+N86+R86 -> 93.7 | C86: =G86+K86+O86+S86 -> 190.9 | D86: =H86+L86+P86+T86 -> 190.89644 | E86: =D86/C86*100 -> 99.998135 | J86: =Субсидии!B82 -> 0 | K86: =Субсидии!C82 -> 0 | L86: =Субсидии!D82 -> 0 | N86: ='Субвенции '!B85 -> 93.7 | O86: ='Субвенции '!C85 -> 93.7 | P86: ='Субвенции '!D85 -> 93.69956 | Q86: =P86/O86*100 -> 99.99953 | R86: =Иные!B78 -> 0 | S86: =Иные!C78 -> 97.2 | T86: =Иные!D78 -> 97.19688 | U86: =T86/S86*100 -> 99.99679
A87: Колоярское МО | B87: =F87+J87+N87+R87 -> 93.7 | C87: =G87+K87+O87+S87 -> 1016 | D87: =H87+L87+P87+T87 -> 1012.7143 | E87: =D87/C87*100 -> 99.676603 | J87: =Субсидии!B84 -> 0 | K87: =Субсидии!C84 -> 870 | L87: =Субсидии!D84 -> 870 | M87: =L87/K87*100 -> 100 | N87: ='Субвенции '!B86 -> 93.7 | O87: ='Субвенции '!C86 -> 93.7 | P87: ='Субвенции '!D86 -> 93.69957 | Q87: =P87/O87*100 -> 99.999541 | R87: =Иные!B80 -> 0 | S87: =Иные!C80 -> 52.3 | T87: =Иные!D80 -> 49.01472 | U87: =T87/S87*100 -> 93.718394
A88: Кряжимское МО | B88: =F88+J88+N88+R88 -> 93.7 | C88: =G88+K88+O88+S88 -> 969.102 | D88: =H88+L88+P88+T88 -> 964.34063 | E88: =D88/C88*100 -> 99.508682 | J88: =Субсидии!B83 -> 0 | K88: =Субсидии!C83 -> 823.102 | L88: =Субсидии!D83 -> 823.102 | M88: =L88/K88*100 -> 100 | N88: ='Субвенции '!B87 -> 93.7 | O88: ='Субвенции '!C87 -> 93.7 | P88: ='Субвенции '!D87 -> 93.69904 | Q88: =P88/O88*100 -> 99.998975 | R88: =Иные!B79 -> 0 | S88: =Иные!C79 -> 52.3 | T88: =Иные!D79 -> 47.53959 | U88: =T88/S88*100 -> 90.897878
A89: Куриловское МО | B89: =F89+J89+N89+R89 -> 93.7 | C89: =G89+K89+O89+S89 -> 647.6 | D89: =H89+L89+P89+T89 -> 647.55405 | E89: =D89/C89*100 -> 99.992905 | J89: =Субсидии!B85 -> 0 | K89: =Субсидии!C85 -> 456.7 | L89: =Субсидии!D85 -> 456.6576 | M89: =L89/K89*100 -> 99.990716 | N89: ='Субвенции '!B88 -> 93.7 | O89: ='Субвенции '!C88 -> 93.7 | P89: ='Субвенции '!D88 -> 93.69957 | Q89: =P89/O89*100 -> 99.999541 | R89: =Иные!B81 -> 0 | S89: =Иные!C81 -> 97.2 | T89: =Иные!D81 -> 97.19688 | U89: =T89/S89*100 -> 99.99679
A90: Междуреченское МО | B90: =F90+J90+N90+R90 -> 93.7 | C90: =G90+K90+O90+S90 -> 1145.578 | D90: =H90+L90+P90+T90 -> 1145.5715 | E90: =D90/C90*100 -> 99.999434 | J90: =Субсидии!B86 -> 0 | K90: =Субсидии!C86 -> 999.578 | L90: =Субсидии!D86 -> 999.578 | M90: =L90/K90*100 -> 100 | N90: ='Субвенции '!B89 -> 93.7 | O90: ='Субвенции '!C89 -> 93.7 | P90: ='Субвенции '!D89 -> 93.69998 | Q90: =P90/O90*100 -> 99.999979 | R90: =Иные!B82 -> 0 | S90: =Иные!C82 -> 52.3 | T90: =Иные!D82 -> 52.29354 | U90: =T90/S90*100 -> 99.987648
A91: Нижнечернавское МО | B91: =F91+J91+N91+R91 -> 93.7 | C91: =G91+K91+O91+S91 -> 897.4134 | D91: =H91+L91+P91+T91 -> 897.41065 | E91: =D91/C91*100 -> 99.999694 | J91: =Субсидии!B87 -> 0 | K91: =Субсидии!C87 -> 751.4134 | L91: =Субсидии!D87 -> 751.4134 | M91: =L91/K91*100 -> 100 | N91: ='Субвенции '!B90 -> 93.7 | O91: ='Субвенции '!C90 -> 93.7 | P91: ='Субвенции '!D90 -> 93.69955 | Q91: =P91/O91*100 -> 99.99952 | R91: =Иные!B83 -> 0 | S91: =Иные!C83 -> 52.3 | T91: =Иные!D83 -> 52.2977 | U91: =T91/S91*100 -> 99.995602
A92: Покровское МО | B92: =F92+J92+N92+R92 -> 93.7 | C92: =G92+K92+O92+S92 -> 146 | D92: =H92+L92+P92+T92 -> 145.997 | E92: =D92/C92*100 -> 99.997945 | J92: =Субсидии!B88 -> 0 | K92: =Субсидии!C88 -> 0 | L92: =Субсидии!D88 -> 0 | N92: ='Субвенции '!B91 -> 93.7 | O92: ='Субвенции '!C91 -> 93.7 | P92: ='Субвенции '!D91 -> 93.69954 | Q92: =P92/O92*100 -> 99.999509 | R92: =Иные!B84 -> 0 | S92: =Иные!C84 -> 52.3 | T92: =Иные!D84 -> 52.29746 | U92: =T92/S92*100 -> 99.995143
A93: Сенное МО | B93: =F93+J93+N93+R93 -> 234.2 | C93: =G93+K93+O93+S93 -> 1482.2 | D93: =H93+L93+P93+T93 -> 1372.2041 | E93: =D93/C93*100 -> 92.578878 | J93: =Субсидии!B89 -> 0 | K93: =Субсидии!C89 -> 970 | L93: =Субсидии!D89 -> 970 | M93: =L93/K93*100 -> 100 | N93: ='Субвенции '!B92 -> 234.2 | O93: ='Субвенции '!C92 -> 234.2 | P93: ='Субвенции '!D92 -> 228.4542 | Q93: =P93/O93*100 -> 97.546627 | R93: =Иные!B85 -> 0 | S93: =Иные!C85 -> 278 | T93: =Иные!D85 -> 173.74993 | U93: =T93/S93*100 -> 62.499975
A94: Талалихинское МО | B94: =F94+J94+N94+R94 -> 93.7 | C94: =G94+K94+O94+S94 -> 1568.2 | D94: =H94+L94+P94+T94 -> 1568.1934 | E94: =D94/C94*100 -> 99.99958 | J94: =Субсидии!B90 -> 0 | K94: =Субсидии!C90 -> 1422.2 | L94: =Субсидии!D90 -> 1422.2 | M94: =L94/K94*100 -> 100 | N94: ='Субвенции '!B93 -> 93.7 | O94: ='Субвенции '!C93 -> 93.7 | P94: ='Субвенции '!D93 -> 93.69572 | Q94: =P94/O94*100 -> 99.995432 | R94: =Иные!B86 -> 0 | S94: =Иные!C86 -> 52.3 | T94: =Иные!D86 -> 52.2977 | U94: =T94/S94*100 -> 99.995602
A95: Терсинское МО | B95: =F95+J95+N95+R95 -> 30002.8 | C95: =G95+K95+O95+S95 -> 21951.2 | D95: =H95+L95+P95+T95 -> 21836.925 | E95: =D95/C95*100 -> 99.479412 | J95: =Субсидии!B91 -> 29768.6 | K95: =Субсидии!C91 -> 21530 | L95: =Субсидии!D91 -> 21530.019 | M95: =L95/K95*100 -> 100.00009 | N95: ='Субвенции '!B94 -> 234.2 | O95: ='Субвенции '!C94 -> 234.2 | P95: ='Субвенции '!D94 -> 229.473 | Q95: =P95/O95*100 -> 97.98164 | R95: =Иные!B87 -> 0 | S95: =Иные!C87 -> 187 | T95: =Иные!D87 -> 77.43265 | U95: =T95/S95*100 -> 41.407834
A96: Черкасское МО | B96: =F96+J96+N96+R96 -> 234.2 | C96: =G96+K96+O96+S96 -> 1095 | D96: =H96+L96+P96+T96 -> 1086.9791 | E96: =D96/C96*100 -> 99.267501 | J96: =Субсидии!B92 -> 0 | K96: =Субсидии!C92 -> 751.6 | L96: =Субсидии!D92 -> 751.64235 | M96: =L96/K96*100 -> 100.00563 | N96: ='Субвенции '!B95 -> 234.2 | O96: ='Субвенции '!C95 -> 234.2 | P96: ='Субвенции '!D95 -> 234.1991 | Q96: =P96/O96*100 -> 99.999616 | R96: =Иные!B88 -> 0 | S96: =Иные!C88 -> 109.2 | T96: =Иные!D88 -> 101.13769 | U96: =T96/S96*100 -> 92.616932
A97: Широкобуеракское МО | B97: =F97+J97+N97+R97 -> 234.2 | C97: =G97+K97+O97+S97 -> 331.4 | D97: =H97+L97+P97+T97 -> 330.27777 | E97: =D97/C97*100 -> 99.661367 | J97: =Субсидии!B93 -> 0 | K97: =Субсидии!C93 -> 0 | L97: =Субсидии!D93 -> 0 | N97: ='Субвенции '!B96 -> 234.2 | O97: ='Субвенции '!C96 -> 234.2 | P97: ='Субвенции '!D96 -> 234.1745 | Q97: =P97/O97*100 -> 99.989112 | R97: =Иные!B89 -> 0 | S97: =Иные!C89 -> 97.2 | T97: =Иные!D89 -> 96.10327 | U97: =T97/S97*100 -> 98.871677
A98: Воскресенский район (консолидированный) | B98: =F98+J98+N98+R98 -> 209878.8 | C98: =G98+K98+O98+S98 -> 249869.19 | D98: =H98+L98+P98+T98 -> 247028.68 | E98: =D98/C98*100 -> 98.863201 | F98: =SUM(F99:F102) -> 59814.3 | G98: =SUM(G99:G102) -> 52984.2 | H98: =SUM(H99:H102) -> 52984.2 | I98: =H98/G98*100 -> 100 | J98: =SUM(J99:J102) -> 23765.6 | K98: =SUM(K99:K102) -> 23348.091 | L98: =SUM(L99:L102) -> 22902.435 | M98: =L98/K98*100 -> 98.091254 | N98: =SUM(N99:N102) -> 125803.8 | O98: =SUM(O99:O102) -> 166604.4 | P98: =SUM(P99:P102) -> 164267.94 | Q98: =P98/O98*100 -> 98.597603 | R98: =SUM(R99:R102) -> 495.1 | S98: =SUM(S99:S102) -> 6932.5 | T98: =SUM(T99:T102) -> 6874.1 | U98: =T98/S98*100 -> 99.157591
A99: Воскресенский район (собственный) | B99: =F99+J99+N99+R99 -> 208412 | C99: =G99+K99+O99+S99 -> 244564.24 | D99: =H99+L99+P99+T99 -> 241847.54 | E99: =D99/C99*100 -> 98.889166 | F99: =Дотации!B28 -> 59814.3 | G99: =Дотации!C28 -> 52984.2 | H99: =Дотации!D28 -> 52984.2 | I99: =H99/G99*100 -> 100 | J99: =Субсидии!B95 -> 23001.4 | K99: =Субсидии!C95 -> 19209.744 | L99: =Субсидии!D95 -> 18764.079 | M99: =L99/K99*100 -> 97.680006 | N99: ='Субвенции '!B98 -> 125101.2 | O99: ='Субвенции '!C98 -> 165901.8 | P99: ='Субвенции '!D98 -> 163689.16 | Q99: =P99/O99*100 -> 98.666297 | R99: =Иные!B91 -> 495.1 | S99: =Иные!C91 -> 6468.5 | T99: =Иные!D91 -> 6410.1 | U99: =T99/S99*100 -> 99.097163
A100: Воскресенское МО | B100: =F100+J100+N100+R100 -> 998.4 | C100: =G100+K100+O100+S100 -> 1998.4 | D100: =H100+L100+P100+T100 -> 1874.5916 | E100: =D100/C100*100 -> 93.804625 | J100: =Субсидии!B96 -> 764.2 | K100: =Субсидии!C96 -> 1764.2 | L100: =Субсидии!D96 -> 1764.2091 | M100: =L100/K100*100 -> 100.00052 | N100: ='Субвенции '!B99 -> 234.2 | O100: ='Субвенции '!C99 -> 234.2 | P100: ='Субвенции '!D99 -> 110.3825 | Q100: =P100/O100*100 -> 47.131725
A101: Елшанское МО | B101: =F101+J101+N101+R101 -> 234.2 | C101: =G101+K101+O101+S101 -> 2158.9 | D101: =H101+L101+P101+T101 -> 2158.9 | E101: =D101/C101*100 -> 100 | J101: =Субсидии!B97 -> 0 | K101: =Субсидии!C97 -> 1724.5 | L101: =Субсидии!D97 -> 1724.5 | M101: =L101/K101*100 -> 100 | N101: ='Субвенции '!B100 -> 234.2 | O101: ='Субвенции '!C100 -> 234.2 | P101: ='Субвенции '!D100 -> 234.2 | Q101: =P101/O101*100 -> 100 | R101: =Иные!B93 -> 0 | S101: =Иные!C93 -> 200.2 | T101: =Иные!D93 -> 200.2 | U101: =T101/S101*100 -> 100
...

Sheet Дотации
A1: Сведения о предоставлении из бюджета Саратовской области межбюджетных трансфертов местным бюджетам за 2021 год
AC3: тыс.рублей
A4: Наименование муниципальных образований | B4: Дотации, всего | F4: в том числе
F5: бюджетам городских округов области, связанные с особым режимом безопасного функционирования закрытых административно-территориальных образований | J5: на выравнивание бюджетной обеспеченности муниципальных районов (городских округов) области | N5: на поддержку мер по обеспечению сбалансированности бюджетов | R5: бюджетам муниципальных районов области на обеспечение финансовой устойчивости местных бюджетов в условиях нестабильной ситуации, связанной с пандемией новой коронавирусной инфекции | V5: бюджетам муниципальных районов и городских округов области на компенсацию дополнительных расходов на повышение оплаты труда некоторых категорий работников муниципальных учреждений в связи с увеличением минимального размера оплаты труда с 1 января 2021 года | Z5: бюджетам поселений области на премирование победителей Всероссийского конкурса «Лучшая муниципальная практика»
B6: первоначаль-ный бюджет* | C6: утвержденные бюджетные назначения 2* | D6: исполнено | E6: % исполнения | F6: первоначаль-ный бюджет* | G6: утвержденные бюджетные назначения 2* | H6: исполнено | I6: % исполнения | J6: первоначаль-ный бюджет* | K6: утвержденные бюджетные назначения 2* | L6: исполнено | M6: % исполнения | N6: первоначаль-ный бюджет* | O6: утвержденные бюджетные назначения 2* | P6: исполнено | Q6: % исполнения | R6: первоначаль-ный бюджет* | S6: утвержденные бюджетные назначения 2* | T6: исполнено | U6: % исполнения | V6: первоначаль-ный бюджет* | W6: утвержденные бюджетные назначения 2* | X6: исполнено | Y6: % исполнения | Z6: первоначаль-ный бюджет* | AA6: утвержденные бюджетные назначения 2* | AB6: исполнено | AC6: % исполнения
A7: Муниципальные районы области (консолидированный) | B7: =F7+J7+N7+R7+V7+Z7 -> 4088568.1 | C7: =G7+K7+O7+S7+W7+AA7 -> 4095728.6 | D7: =H7+L7+P7+T7+X7+AB7 -> 4095728.6 | E7: =D7/C7*100 -> 100 | J7: =J10+J12+J14+J17+J19+J21+J23+J25+J27+J29+J31+J33+J35+J37+J40+J42+J44+J46+J48+J50+J52+J54+J56+J58+J60+J62+J64+J66+J68+J70+J72+J74+J76+J78+J80+J82+J84+J86 -> 3291115.5 | K7: =K10+K12+K14+K17+K19+K21+K23+K25+K27+K29+K31+K33+K35+K37+K40+K42+K44+K46+K48+K50+K52+K54+K56+K58+K60+K62+K64+K66+K68+K70+K72+K74+K76+K78+K80+K82+K84+K86 -> 3288222.8 | L7: =L10+L12+L14+L17+L19+L21+L23+L25+L27+L29+L31+L33+L35+L37+L40+L42+L44+L46+L48+L50+L52+L54+L56+L58+L60+L62+L64+L66+L68+L70+L72+L74+L76+L78+L80+L82+L84+L86 -> 3288222.8 | M7: =L7/K7*100 -> 100 | N7: =N10+N12+N14+N17+N19+N21+N23+N25+N27+N29+N31+N33+N35+N37+N40+N42+N44+N46+N48+N50+N52+N54+N56+N58+N60+N62+N64+N66+N68+N70+N72+N74+N76+N78+N80+N82+N84+N86 -> 797452.6 | O7: =O10+O12+O14+O17+O19+O21+O23+O25+O27+O29+O31+O33+O35+O37+O40+O42+O44+O46+O48+O50+O52+O54+O56+O58+O60+O62+O64+O66+O68+O70+O72+O74+O76+O78+O80+O82+O84+O86 -> 352094.2 | P7: =P10+P12+P14+P17+P19+P21+P23+P25+P27+P29+P31+P33+P35+P37+P40+P42+P44+P46+P48+P50+P52+P54+P56+P58+P60+P62+P64+P66+P68+P70+P72+P74+P76+P78+P80+P82+P84+P86 -> 352094.2 | Q7: =P7/O7*100 -> 100 | R7: =R10+R12+R14+R17+R19+R21+R23+R25+R27+R29+R31+R33+R35+R37+R40+R42+R44+R46+R48+R50+R52+R54+R56+R58+R60+R62+R64+R66+R68+R70+R72+R74+R76+R78+R80+R82+R84+R86 -> 0 | S7: =S10+S12+S14+S17+S19+S21+S23+S25+S27+S29+S31+S33+S35+S37+S40+S42+S44+S46+S48+S50+S52+S54+S56+S58+S60+S62+S64+S66+S68+S70+S72+S74+S76+S78+S80+S82+S84+S86 -> 375856.86 | T7: =T10+T12+T14+T17+T19+T21+T23+T25+T27+T29+T31+T33+T35+T37+T40+T42+T44+T46+T48+T50+T52+T54+T56+T58+T60+T62+T64+T66+T68+T70+T72+T74+T76+T78+T80+T82+T84+T86 -> 375856.86 | U7: =T7/S7*100 -> 100 | V7: =V10+V12+V14+V17+V19+V21+V23+V25+V27+V29+V31+V33+V35+V37+V40+V42+V44+V46+V48+V50+V52+V54+V56+V58+V60+V62+V64+V66+V68+V70+V72+V74+V76+V78+V80+V82+V84+V86 -> 0 | W7: =W10+W12+W14+W17+W19+W21+W23+W25+W27+W29+W31+W33+W35+W37+W40+W42+W44+W46+W48+W50+W52+W54+W56+W58+W60+W62+W64+W66+W68+W70+W72+W74+W76+W78+W80+W82+W84+W86 -> 66554.7 | X7: =X10+X12+X14+X17+X19+X21+X23+X25+X27+X29+X31+X33+X35+X37+X40+X42+X44+X46+X48+X50+X52+X54+X56+X58+X60+X62+X64+X66+X68+X70+X72+X74+X76+X78+X80+X82+X84+X86 -> 66554.7 | Y7: =X7/W7*100 -> 100 | Z7: =Z10+Z12+Z14+Z17+Z19+Z21+Z23+Z25+Z27+Z29+Z31+Z33+Z35+Z37+Z40+Z42+Z44+Z46+Z48+Z50+Z52+Z54+Z56+Z58+Z60+Z62+Z64+Z66+Z68+Z70+Z72+Z74+Z76+Z78+Z80+Z82+Z84+Z86 -> 0 | AA7: =AA10+AA12+AA14+AA17+AA19+AA21+AA23+AA25+AA27+AA29+AA31+AA33+AA35+AA37+AA40+AA42+AA44+AA46+AA48+AA50+AA52+AA54+AA56+AA58+AA60+AA62+AA64+AA66+AA68+AA70+AA72+AA74+AA76+AA78+AA80+AA82+AA84+AA86 -> 13000 | AB7: =AB10+AB12+AB14+AB17+AB19+AB21+AB23+AB25+AB27+AB29+AB31+AB33+AB35+AB37+AB40+AB42+AB44+AB46+AB48+AB50+AB52+AB54+AB56+AB58+AB60+AB62+AB64+AB66+AB68+AB70+AB72+AB74+AB76+AB78+AB80+AB82+AB84+AB86 -> 13000 | AC7: =AB7/AA7*100 -> 100
A8: Муниципальные районы области (собственный): | B8: =F8+J8+N8+R8+V8+Z8 -> 4088568.1 | C8: =G8+K8+O8+S8+W8+AA8 -> 4082728.6 | D8: =H8+L8+P8+T8+X8+AB8 -> 4082728.6 | E8: =D8/C8*100 -> 100 | J8: =J11+J13+J15+J18+J20+J22+J24+J26+J28+J30+J32+J34+J36+J38+J41+J43+J45+J47+J49+J51+J53+J55+J57+J59+J61+J63+J65+J67+J69+J71+J73+J75+J77+J79+J81+J83+J85+J87 -> 3291115.5 | K8: =K11+K13+K15+K18+K20+K22+K24+K26+K28+K30+K32+K34+K36+K38+K41+K43+K45+K47+K49+K51+K53+K55+K57+K59+K61+K63+K65+K67+K69+K71+K73+K75+K77+K79+K81+K83+K85+K87 -> 3288222.8 | L8: =L11+L13+L15+L18+L20+L22+L24+L26+L28+L30+L32+L34+L36+L38+L41+L43+L45+L47+L49+L51+L53+L55+L57+L59+L61+L63+L65+L67+L69+L71+L73+L75+L77+L79+L81+L83+L85+L87 -> 3288222.8 | M8: =L8/K8*100 -> 100 | N8: =N11+N13+N15+N18+N20+N22+N24+N26+N28+N30+N32+N34+N36+N38+N41+N43+N45+N47+N49+N51+N53+N55+N57+N59+N61+N63+N65+N67+N69+N71+N73+N75+N77+N79+N81+N83+N85+N87 -> 797452.6 | O8: =O11+O13+O15+O18+O20+O22+O24+O26+O28+O30+O32+O34+O36+O38+O41+O43+O45+O47+O49+O51+O53+O55+O57+O59+O61+O63+O65+O67+O69+O71+O73+O75+O77+O79+O81+O83+O85+O87 -> 352094.2 | P8: =P11+P13+P15+P18+P20+P22+P24+P26+P28+P30+P32+P34+P36+P38+P41+P43+P45+P47+P49+P51+P53+P55+P57+P59+P61+P63+P65+P67+P69+P71+P73+P75+P77+P79+P81+P83+P85+P87 -> 352094.2 | Q8: =P8/O8*100 -> 100 | R8: =R11+R13+R15+R18+R22+R24+R26+R28+R30+R32+R34+R36+R38+R41+R43+R45+R47+R49+R51+R53+R55+R57+R59+R61+R63+R65+R67+R69+R71+R73+R75+R77+R79+R81+R83+R85+R87 -> 0 | S8: =S11+S13+S15+S18+S20+S22+S24+S26+S28+S30+S32+S34+S36+S38+S41+S43+S45+S47+S49+S51+S53+S55+S57+S59+S61+S63+S65+S67+S69+S71+S73+S75+S77+S79+S81+S83+S85+S87 -> 375856.86 | T8: =T11+T13+T15+T18+T20+T22+T24+T26+T28+T30+T32+T34+T36+T38+T41+T43+T45+T47+T49+T51+T53+T55+T57+T59+T61+T63+T65+T67+T69+T71+T73+T75+T77+T79+T81+T83+T85+T87 -> 375856.86 | U8: =T8/S8*100 -> 100 | V8: =V11+V13+V15+V18+V22+V24+V26+V28+V30+V32+V34+V36+V38+V41+V43+V45+V47+V49+V51+V53+V55+V57+V59+V61+V63+V65+V67+V69+V71+V73+V75+V77+V79+V81+V83+V85+V87 -> 0 | W8: =W11+W13+W15+W18+W20+W22+W24+W26+W28+W30+W32+W34+W36+W38+W41+W43+W45+W47+W49+W51+W53+W55+W57+W59+W61+W63+W65+W67+W69+W71+W73+W75+W77+W79+W81+W83+W85+W87 -> 66554.7 | X8: =X11+X13+X15+X18+X20+X22+X24+X26+X28+X30+X32+X34+X36+X38+X41+X43+X45+X47+X49+X51+X53+X55+X57+X59+X61+X63+X65+X67+X69+X71+X73+X75+X77+X79+X81+X83+X85+X87 -> 66554.7 | Y8: =X8/W8*100 -> 100 | Z8: =Z11+Z13+Z15+Z18+Z22+Z24+Z26+Z28+Z30+Z32+Z34+Z36+Z38+Z41+Z43+Z45+Z47+Z49+Z51+Z53+Z55+Z57+Z59+Z61+Z63+Z65+Z67+Z69+Z71+Z73+Z75+Z77+Z79+Z81+Z83+Z85+Z87 -> 0 | AA8: =AA11+AA13+AA15+AA18+AA22+AA24+AA26+AA28+AA30+AA32+AA34+AA36+AA38+AA41+AA43+AA45+AA47+AA49+AA51+AA53+AA55+AA57+AA59+AA61+AA63+AA65+AA67+AA69+AA71+AA73+AA75+AA77+AA79+AA81+AA83+AA85+AA87 -> 0 | AB8: =AB11+AB13+AB15+AB18+AB22+AB24+AB26+AB28+AB30+AB32+AB34+AB36+AB38+AB41+AB43+AB45+AB47+AB49+AB51+AB53+AB55+AB57+AB59+AB61+AB63+AB65+AB67+AB69+AB71+AB73+AB75+AB77+AB79+AB81+AB83+AB85+AB87 -> 0
A9: Поселения: | B9: =F9+J9+N9+R9+V9+Z9 -> 0 | C9: =G9+K9+O9+S9+W9+AA9 -> 13000 | D9: =H9+L9+P9+T9+X9+AB9 -> 13000 | E9: =D9/C9*100 -> 100 | J9: =J16+J39 -> 0 | K9: =K16+K39 -> 0 | L9: =L16+L39 -> 0 | M9: =M16+M39 -> 0 | N9: =N16+N39 -> 0 | O9: =O16+O39 -> 0 | P9: =P16+P39 -> 0 | Q9: =Q16+Q39 -> 0 | ... AB9: =AB16+AB39 -> 13000 | AC9: =AB9/AA9*100 -> 100
A10: Александрово-Гайский (консолидированный) | B10: =F10+J10+N10+R10+V10+Z10 -> 133386.3 | C10: =G10+K10+O10+S10+W10+AA10 -> 118907.47 | D10: =H10+L10+P10+T10+X10+AB10 -> 118907.47 | E10: =D10/C10*100 -> 100 | J10: =J11 -> 61074.5 | K10: =K11 -> 60463.8 | L10: =L11 -> 60463.8 | M10: =L10/K10*100 -> 100 | N10: =N11 -> 72311.8 | O10: =O11 -> 49583.6 | P10: =P11 -> 49583.6 | Q10: =P10/O10*100 -> 100 | R10: =R11 -> 0 | S10: =S11 -> 8396.17 | T10: =T11 -> 8396.17 | U10: =T10/S10*100 -> 100 | V10: =V11 -> 0 | W10: =W11 -> 463.9 | X10: =X11 -> 463.9 | Y10: =X10/W10*100 -> 100 | Z10: =Z11 -> 0 | AA10: =AA11 -> 0 | AB10: =AB11 -> 0
A11: Александрово-Гайский (собственный) | B11: =F11+J11+N11+R11+V11+Z11 -> 133386.3 | C11: =G11+K11+O11+S11+W11+AA11 -> 118907.47 | D11: =H11+L11+P11+T11+X11+AB11 -> 118907.47 | E11: =D11/C11*100 -> 100 | J11: 61074.5 | K11: 60463.8 | L11: 60463.8 | M11: =L11/K11*100 -> 100 | N11: 72311.8 | O11: 49583.6 | P11: 49583.6 | Q11: =P11/O11*100 -> 100 | S11: 8396.17 | T11: 8396.17 | U11: =T11/S11*100 -> 100 | W11: 463.9 | X11: 463.9 | Y11: =X11/W11*100 -> 100
A12: Аркадакский (консолидированный) | B12: =F12+J12+N12+R12+V12+Z12 -> 81918.3 | C12: =G12+K12+O12+S12+W12+AA12 -> 83149.1 | D12: =H12+L12+P12+T12+X12+AB12 -> 83149.1 | E12: =D12/C12*100 -> 100 | J12: =J13 -> 77073.4 | K12: =K13 -> 77073.4 | L12: =L13 -> 77073.4 | M12: =L12/K12*100 -> 100 | N12: =N13 -> 4844.9 | O12: =O13 -> 4844.9 | P12: =P13 -> 4844.9 | Q12: =P12/O12*100 -> 100 | R12: =R13 -> 0 | S12: =S13 -> 0 | T12: =T13 -> 0 | V12: =V13 -> 0 | W12: =W13 -> 1230.8 | X12: =X13 -> 1230.8 | Y12: =X12/W12*100 -> 100 | Z12: =Z13 -> 0 | AA12: =AA13 -> 0 | AB12: =AB13 -> 0
A13: Аркадакский (собственный) | B13: =F13+J13+N13+R13+V13+Z13 -> 81918.3 | C13: =G13+K13+O13+S13+W13+AA13 -> 83149.1 | D13: =H13+L13+P13+T13+X13+AB13 -> 83149.1 | E13: =D13/C13*100 -> 100 | J13: 77073.4 | K13: 77073.4 | L13: 77073.4 | M13: =L13/K13*100 -> 100 | N13: 4844.9 | O13: 4844.9 | P13: 4844.9 | Q13: =P13/O13*100 -> 100 | W13: 1230.8 | X13: 1230.8 | Y13: =X13/W13*100 -> 100
A14: Аткарский район (консолидированный) | B14: =F14+J14+N14+R14+V14+Z14 -> 126936 | C14: =G14+K14+O14+S14+W14+AA14 -> 138177.2 | D14: =H14+L14+P14+T14+X14+AB14 -> 138177.2 | E14: =D14/C14*100 -> 100 | J14: =J15+J16 -> 126936 | K14: =K15+K16 -> 126936 | L14: =L15+L16 -> 126936 | M14: =L14/K14*100 -> 100 | N14: =N15+N16 -> 0 | O14: =O15+O16 -> 0 | P14: =P15+P16 -> 0 | R14: =R15+R16 -> 0 | S14: =S15+S16 -> 0 | T14: =T15+T16 -> 0 | V14: =V15+V16 -> 0 | W14: =W15+W16 -> 1241.2 | X14: =X15+X16 -> 1241.2 | Y14: =X14/W14*100 -> 100 | Z14: =Z15+Z16 -> 0 | AA14: =AA15+AA16 -> 10000 | AB14: =AB15+AB16 -> 10000 | AC14: =AB14/AA14*100 -> 100
A15: Аткарский район (собственный) | B15: =F15+J15+N15+R15+V15+Z15 -> 126936 | C15: =G15+K15+O15+S15+W15+AA15 -> 128177.2 | D15: =H15+L15+P15+T15+X15+AB15 -> 128177.2 | E15: =D15/C15*100 -> 100 | J15: 126936 | K15: 126936 | L15: 126936 | M15: =L15/K15*100 -> 100 | W15: 1241.2 | X15: 1241.2 | Y15: =X15/W15*100 -> 100
A16: город Аткарск | B16: =F16+J16+N16+R16+V16+Z16 -> 0 | C16: =G16+K16+O16+S16+W16+AA16 -> 10000 | D16: =H16+L16+P16+T16+X16+AB16 -> 10000 | E16: =D16/C16*100 -> 100 | AA16: 10000 | AB16: 10000 | AC16: =AB16/AA16*100 -> 100
A17: Базарно-Карабулакский (консолидированный) | B17: =F17+J17+N17+R17+V17+Z17 -> 113741.5 | C17: =G17+K17+O17+S17+W17+AA17 -> 113762.2 | D17: =H17+L17+P17+T17+X17+AB17 -> 113762.2 | E17: =D17/C17*100 -> 100 | J17: =J18 -> 107702.3 | K17: =K18 -> 107702.3 | L17: =L18 -> 107702.3 | M17: =L17/K17*100 -> 100 | N17: =N18 -> 6039.2 | O17: =O18 -> 6039.2 | P17: =P18 -> 6039.2 | Q17: =P17/O17*100 -> 100 | W17: =W18 -> 20.7 | X17: =X18 -> 20.7 | Y17: =X17/W17*100 -> 100
A18: Базарно-Карабулакский (собственный) | B18: =F18+J18+N18+R18+V18+Z18 -> 113741.5 | C18: =G18+K18+O18+S18+W18+AA18 -> 113762.2 | D18: =H18+L18+P18+T18+X18+AB18 -> 113762.2 | E18: =D18/C18*100 -> 100 | J18: 107702.3 | K18: 107702.3 | L18: 107702.3 | M18: =L18/K18*100 -> 100 | N18: 6039.2 | O18: 6039.2 | P18: 6039.2 | Q18: =P18/O18*100 -> 100 | W18: 20.7 | X18: 20.7 | Y18: =X18/W18*100 -> 100
A19: Балаковский (консолидированный) | B19: =F19+J19+N19+R19+V19+Z19 -> 0 | C19: =G19+K19+O19+S19+W19+AA19 -> 3449 | D19: =H19+L19+P19+T19+X19+AB19 -> 3449 | E19: =D19/C19*100 -> 100 | W19: =W20 -> 3449 | X19: =X20 -> 3449 | Y19: =X19/W19*100 -> 100
A20: Балаковский (собственный) | B20: =F20+J20+N20+R20+V20+Z20 -> 0 | C20: =G20+K20+O20+S20+W20+AA20 -> 3449 | D20: =H20+L20+P20+T20+X20+AB20 -> 3449 | E20: =D20/C20*100 -> 100 | W20: 3449 | X20: 3449
A21: Балашовский (консолидированный) | B21: =F21+J21+N21+R21+V21+Z21 -> 161741 | C21: =G21+K21+O21+S21+W21+AA21 -> 166405.7 | D21: =H21+L21+P21+T21+X21+AB21 -> 166405.7 | E21: =D21/C21*100 -> 100 | J21: =J22 -> 161741 | K21: =K22 -> 161741 | L21: =L22 -> 161741 | M21: =L21/K21*100 -> 100 | W21: =W22 -> 4664.7 | X21: =X22 -> 4664.7 | Y21: =X21/W21*100 -> 100
A22: Балашовский (собственный) | B22: =F22+J22+N22+R22+V22+Z22 -> 161741 | C22: =G22+K22+O22+S22+W22+AA22 -> 166405.7 | D22: =H22+L22+P22+T22+X22+AB22 -> 166405.7 | E22: =D22/C22*100 -> 100 | J22: 161741 | K22: 161741 | L22: 161741 | M22: =L22/K22*100 -> 100 | W22: 4664.7 | X22: 4664.7 | Y22: =X22/W22*100 -> 100
A23: Балтайский (консолидированный) | B23: =F23+J23+N23+R23+V23+Z23 -> 81136.2 | C23: =G23+K23+O23+S23+W23+AA23 -> 64081.5 | D23: =H23+L23+P23+T23+X23+AB23 -> 64081.5 | E23: =D23/C23*100 -> 100 | J23: =J24 -> 38803.1 | K23: =K24 -> 38803.1 | L23: =L24 -> 38803.1 | M23: =L23/K23*100 -> 100 | N23: =N24 -> 42333.1 | O23: =O24 -> 24484.1 | P23: =P24 -> 24484.1 | Q23: =P23/O23*100 -> 100 | W23: =W24 -> 794.3 | X23: =X24 -> 794.3 | Y23: =X23/W23*100 -> 100
A24: Балтайский (собственный) | B24: =F24+J24+N24+R24+V24+Z24 -> 81136.2 | C24: =G24+K24+O24+S24+W24+AA24 -> 64081.5 | D24: =H24+L24+P24+T24+X24+AB24 -> 64081.5 | E24: =D24/C24*100 -> 100 | J24: 38803.1 | K24: 38803.1 | L24: 38803.1 | M24: =L24/K24*100 -> 100 | N24: 42333.1 | O24: 24484.1 | P24: 24484.1 | Q24: =P24/O24*100 -> 100 | W24: 794.3 | X24: 794.3 | Y24: =X24/W24*100 -> 100
A25: Вольский (консолидированный) | B25: =F25+J25+N25+R25+V25+Z25 -> 92184 | C25: =G25+K25+O25+S25+W25+AA25 -> 135212 | D25: =H25+L25+P25+T25+X25+AB25 -> 135212 | E25: =D25/C25*100 -> 100 | J25: =J26 -> 92184 | K25: =K26 -> 92184 | L25: =L26 -> 92184 | M25: =L25/K25*100 -> 100 | S25: =S26 -> 38800 | T25: =T26 -> 38800 | U25: =T25/S25*100 -> 100 | W25: =W26 -> 4228 | X25: =X26 -> 4228 | Y25: =X25/W25*100 -> 100
A26: Вольский (собственный) | B26: =F26+J26+N26+R26+V26+Z26 -> 92184 | C26: =G26+K26+O26+S26+W26+AA26 -> 135212 | D26: =H26+L26+P26+T26+X26+AB26 -> 135212 | E26: =D26/C26*100 -> 100 | J26: 92184 | K26: 92184 | L26: 92184 | M26: =L26/K26*100 -> 100 | S26: 38800 | T26: 38800 | U26: =T26/S26*100 -> 100 | W26: 4228 | X26: 4228 | Y26: =X26/W26*100 -> 100
A27: Воскресенский (консолидированный) | B27: =F27+J27+N27+R27+V27+Z27 -> 59814.3 | C27: =G27+K27+O27+S27+W27+AA27 -> 52984.2 | D27: =H27+L27+P27+T27+X27+AB27 -> 52984.2 | E27: =D27/C27*100 -> 100 | J27: =J28 -> 42234.4 | K27: =K28 -> 42234.4 | L27: =L28 -> 42234.4 | M27: =L27/K27*100 -> 100 | N27: =N28 -> 17579.9 | O27: =O28 -> 5274 | P27: =P28 -> 5274 | Q27: =P27/O27*100 -> 100 | S27: =S28 -> 5000 | T27: =T28 -> 5000 | U27: =T27/S27*100 -> 100 | W27: =W28 -> 475.8 | X27: =X28 -> 475.8 | Y27: =X27/W27*100 -> 100
A28: Воскресенский (собственный) | B28: =F28+J28+N28+R28+V28+Z28 -> 59814.3 | C28: =G28+K28+O28+S28+W28+AA28 -> 52984.2 | D28: =H28+L28+P28+T28+X28+AB28 -> 52984.2 | E28: =D28/C28*100 -> 100 | J28: 42234.4 | K28: 42234.4 | L28: 42234.4 | M28: =L28/K28*100 -> 100 | N28: 17579.9 | O28: 5274 | P28: 5274 | Q28: =P28/O28*100 -> 100 | S28: 5000 | T28: 5000 | U28: =T28/S28*100 -> 100 | W28: 475.8 | X28: 475.8 | Y28: =X28/W28*100 -> 100
A29: Дергачевский (консолидированный) | B29: =F29+J29+N29+R29+V29+Z29 -> 134160.2 | C29: =G29+K29+O29+S29+W29+AA29 -> 118329.2 | D29: =H29+L29+P29+T29+X29+AB29 -> 118329.2 | E29: =D29/C29*100 -> 100 | J29: =J30 -> 108718.5 | K29: =K30 -> 107631.3 | L29: =L30 -> 107631.3 | M29: =L29/K29*100 -> 100 | N29: =N30 -> 25441.7 | O29: =O30 -> 7632.6 | P29: =P30 -> 7632.6 | Q29: =P29/O29*100 -> 100 | S29: =S30 -> 2000 | T29: =T30 -> 2000 | U29: =T29/S29*100 -> 100 | W29: =W30 -> 1065.3 | X29: =X30 -> 1065.3 | Y29: =X29/W29*100 -> 100
A30: Дергачевский (собственный) | B30: =F30+J30+N30+R30+V30+Z30 -> 134160.2 | C30: =G30+K30+O30+S30+W30+AA30 -> 118329.2 | D30: =H30+L30+P30+T30+X30+AB30 -> 118329.2 | E30: =D30/C30*100 -> 100 | J30: 108718.5 | K30: 107631.3 | L30: 107631.3 | M30: =L30/K30*100 -> 100 | N30: 25441.7 | O30: 7632.6 | P30: 7632.6 | Q30: =P30/O30*100 -> 100 | S30: 2000 | T30: 2000 | U30: =T30/S30*100 -> 100 | W30: 1065.3 | X30: 1065.3 | Y30: =X30/W30*100 -> 100
A31: Духовницкий (консолидированный) | B31: =F31+J31+N31+R31+V31+Z31 -> 56177.3 | C31: =G31+K31+O31+S31+W31+AA31 -> 46086.2 | D31: =H31+L31+P31+T31+X31+AB31 -> 46086.2 | E31: =D31/C31*100 -> 100 | J31: =J32 -> 27277.9 | K31: =K32 -> 27277.9 | L31: =L32 -> 27277.9 | M31: =L31/K31*100 -> 100 | N31: =N32 -> 28899.4 | O31: =O32 -> 8670 | P31: =P32 -> 8670 | Q31: =P31/O31*100 -> 100 | S31: =S32 -> 9000 | T31: =T32 -> 9000 | U31: =T31/S31*100 -> 100 | W31: =W32 -> 1138.3 | X31: =X32 -> 1138.3 | Y31: =X31/W31*100 -> 100
A32: Духовницкий (собственный) | B32: =F32+J32+N32+R32+V32+Z32 -> 56177.3 | C32: =G32+K32+O32+S32+W32+AA32 -> 46086.2 | D32: =H32+L32+P32+T32+X32+AB32 -> 46086.2 | E32: =D32/C32*100 -> 100 | J32: 27277.9 | K32: 27277.9 | L32: 27277.9 | M32: =L32/K32*100 -> 100 | N32: 28899.4 | O32: 8670 | P32: 8670 | Q32: =P32/O32*100 -> 100 | S32: 9000 | T32: 9000 | U32: =T32/S32*100 -> 100 | W32: 1138.3 | X32: 1138.3 | Y32: =X32/W32*100 -> 100
A33: Екатериновский (консолидированный) | B33: =F33+J33+N33+R33+V33+Z33 -> 71988.8 | C33: =G33+K33+O33+S33+W33+AA33 -> 53048.6 | D33: =H33+L33+P33+T33+X33+AB33 -> 53048.6 | E33: =D33/C33*100 -> 100 | J33: =J34 -> 24736.9 | K33: =K34 -> 24736.9 | L33: =L34 -> 24736.9 | M33: =L33/K33*100 -> 100 | N33: =N34 -> 47251.9 | O33: =O34 -> 14175.6 | P33: =P34 -> 14175.6 | Q33: =P33/O33*100 -> 100 | S33: =S34 -> 13500 | T33: =T34 -> 13500 | U33: =T33/S33*100 -> 100 | W33: =W34 -> 636.1 | X33: =X34 -> 636.1 | Y33: =X33/W33*100 -> 100
A34: Екатериновский (собственный) | B34: =F34+J34+N34+R34+V34+Z34 -> 71988.8 | C34: =G34+K34+O34+S34+W34+AA34 -> 53048.6 | D34: =H34+L34+P34+T34+X34+AB34 -> 53048.6 | E34: =D34/C34*100 -> 100 | J34: 24736.9 | K34: 24736.9 | L34: 24736.9 | M34: =L34/K34*100 -> 100 | N34: 47251.9 | O34: 14175.6 | P34: 14175.6 | Q34: =P34/O34*100 -> 100 | S34: 13500 | T34: 13500 | U34: =T34/S34*100 -> 100 | W34: 636.1 | X34: 636.1 | Y34: =X34/W34*100 -> 100
A35: Ершовский (консолидированный) | B35: =F35+J35+N35+R35+V35+Z35 -> 163551.5 | C35: =G35+K35+O35+S35+W35+AA35 -> 128236.16 | D35: =H35+L35+P35+T35+X35+AB35 -> 128236.16 | E35: =D35/C35*100 -> 100 | J35: =J36 -> 86679.4 | K35: =K36 -> 86679.4 | L35: =L36 -> 86679.4 | M35: =L35/K35*100 -> 100 | N35: =N36 -> 76872.1 | O35: =O36 -> 25073.5 | P35: =P36 -> 25073.5 | Q35: =P35/O35*100 -> 100 | S35: =S36 -> 15151.06 | T35: =T36 -> 15151.06 | U35: =T35/S35*100 -> 100 | W35: =W36 -> 1332.2 | X35: =X36 -> 1332.2 | Y35: =X35/W35*100 -> 100
A36: Ершовский (собственный) | B36: =F36+J36+N36+R36+V36+Z36 -> 163551.5 | C36: =G36+K36+O36+S36+W36+AA36 -> 128236.16 | D36: =H36+L36+P36+T36+X36+AB36 -> 128236.16 | E36: =D36/C36*100 -> 100 | J36: 86679.4 | K36: 86679.4 | L36: 86679.4 | M36: =L36/K36*100 -> 100 | N36: 76872.1 | O36: 25073.5 | P36: 25073.5 | Q36: =P36/O36*100 -> 100 | S36: 15151.06 | T36: 15151.06 | U36: =T36/S36*100 -> 100 | W36: 1332.2 | X36: 1332.2 | Y36: =X36/W36*100 -> 100
A37: Ивантеевский (консолидированный) | B37: =F37+J37+N37+R37+V37+Z37 -> 82685.5 | C37: =G37+K37+O37+S37+W37+AA37 -> 67197.6 | D37: =H37+L37+P37+T37+X37+AB37 -> 67197.6 | E37: =D37/C37*100 -> 100 | J37: =J38+J39 -> 8687 | K37: =K38+K39 -> 8687 | L37: =L38+L39 -> 8687 | M37: =L37/K37*100 -> 100 | N37: =N38+N39 -> 73998.5 | O37: =O38+O39 -> 49371.4 | P37: =P38+P39 -> 49371.4 | Q37: =P37/O37*100 -> 100 | S37: =S38+S39 -> 5000 | T37: =T38+T39 -> 5000 | U37: =T37/S37*100 -> 100 | W37: =W38+W39 -> 1139.2 | X37: =X38+X39 -> 1139.2 | Y37: =X37/W37*100 -> 100 | AA37: =AA38+AA39 -> 3000 | AB37: =AB38+AB39 -> 3000 | AC37: =AB37/AA37*100 -> 100
A38: Ивантеевский (собственный) | B38: =F38+J38+N38+R38+V38+Z38 -> 82685.5 | C38: =G38+K38+O38+S38+W38+AA38 -> 64197.6 | D38: =H38+L38+P38+T38+X38+AB38 -> 64197.6 | E38: =D38/C38*100 -> 100 | J38: 8687 | K38: 8687 | L38: 8687 | M38: 100 | N38: 73998.5 | O38: 49371.4 | P38: 49371.4 | Q38: 100 | S38: 5000 | T38: 5000 | U38: 100 | W38: 1139.2 | X38: 1139.2 | Y38: 100
A39: Знаменское МО | B39: =F39+J39+N39+R39+V39+Z39 -> 0 | C39: =G39+K39+O39+S39+W39+AA39 -> 3000 | D39: =H39+L39+P39+T39+X39+AB39 -> 3000 | E39: =D39/C39*100 -> 100 | AA39: 3000 | AB39: 3000 | AC39: =AB39/AA39*100 -> 100
A40: Калининский (консолидированный) | B40: =F40+J40+N40+R40+V40+Z40 -> 75647.6 | C40: =G40+K40+O40+S40+W40+AA40 -> 89478.3 | D40: =H40+L40+P40+T40+X40+AB40 -> 89478.3 | E40: =D40/C40*100 -> 100 | J40: =J41 -> 70295.9 | K40: =K41 -> 70295.9 | L40: =L41 -> 70295.9 | M40: =L40/K40*100 -> 100 | N40: =N41 -> 5351.7 | O40: =O41 -> 5351.7 | P40: =P41 -> 5351.7 | Q40: =P40/O40*100 -> 100 | S40: =S41 -> 12000 | T40: =T41 -> 12000 | U40: =T40/S40*100 -> 100 | W40: =W41 -> 1830.7 | X40: =X41 -> 1830.7 | Y40: =X40/W40*100 -> 100
A41: Калининский (собственный) | B41: =F41+J41+N41+R41+V41+Z41 -> 75647.6 | C41: =G41+K41+O41+S41+W41+AA41 -> 89478.3 | D41: =H41+L41+P41+T41+X41+AB41 -> 89478.3 | E41: =D41/C41*100 -> 100 | J41: 70295.9 | K41: 70295.9 | L41: 70295.9 | M41: =L41/K41*100 -> 100 | N41: 5351.7 | O41: 5351.7 | P41: 5351.7 | Q41: =P41/O41*100 -> 100 | S41: 12000 | T41: 12000 | U41: =T41/S41*100 -> 100 | W41: 1830.7 | X41: 1830.7 | Y41: =X41/W41*100 -> 100
A42: Красноармейский (консолидированный) | B42: =F42+J42+N42+R42+V42+Z42 -> 169991.2 | C42: =G42+K42+O42+S42+W42+AA42 -> 185287.8 | D42: =H42+L42+P42+T42+X42+AB42 -> 185287.8 | E42: =D42/C42*100 -> 100 | J42: =J43 -> 164533.8 | K42: =K43 -> 164533.8 | L42: =L43 -> 164533.8 | M42: =L42/K42*100 -> 100 | N42: =N43 -> 5457.4 | O42: =O43 -> 1637.4 | P42: =P43 -> 1637.4 | Q42: =P42/O42*100 -> 100 | S42: =S43 -> 17500 | T42: =T43 -> 17500 | U42: =T42/S42*100 -> 100 | W42: =W43 -> 1616.6 | X42: =X43 -> 1616.6 | Y42: =X42/W42*100 -> 100
A43: Красноармейский (собственный) | B43: =F43+J43+N43+R43+V43+Z43 -> 169991.2 | C43: =G43+K43+O43+S43+W43+AA43 -> 185287.8 | D43: =H43+L43+P43+T43+X43+AB43 -> 185287.8 | E43: =D43/C43*100 -> 100 | J43: 164533.8 | K43: 164533.8 | L43: 164533.8 | M43: =L43/K43*100 -> 100 | N43: 5457.4 | O43: 1637.4 | P43: 1637.4 | Q43: =P43/O43*100 -> 100 | S43: 17500 | T43: 17500 | U43: =T43/S43*100 -> 100 | W43: 1616.6 | X43: 1616.6 | Y43: =X43/W43*100 -> 100
A44: Краснокутский (консолидированный) | B44: =F44+J44+N44+R44+V44+Z44 -> 119948.1 | C44: =G44+K44+O44+S44+W44+AA44 -> 107984.2 | D44: =H44+L44+P44+T44+X44+AB44 -> 107984.2 | E44: =D44/C44*100 -> 100 | J44: =J45 -> 93921.1 | K44: =K45 -> 93921.1 | L44: =L45 -> 93921.1 | M44: =L44/K44*100 -> 100 | N44: =N45 -> 26027 | O44: =O45 -> 7808.4 | P44: =P45 -> 7808.4 | Q44: =P44/O44*100 -> 100 | S44: =S45 -> 4000 | T44: =T45 -> 4000 | U44: =T44/S44*100 -> 100 | W44: =W45 -> 2254.7 | X44: =X45 -> 2254.7 | Y44: =X44/W44*100 -> 100
A45: Краснокутский (собственный) | B45: =F45+J45+N45+R45+V45+Z45 -> 119948.1 | C45: =G45+K45+O45+S45+W45+AA45 -> 107984.2 | D45: =H45+L45+P45+T45+X45+AB45 -> 107984.2 | E45: =D45/C45*100 -> 100 | J45: 93921.1 | K45: 93921.1 | L45: 93921.1 | M45: =L45/K45*100 -> 100 | N45: 26027 | O45: 7808.4 | P45: 7808.4 | Q45: =P45/O45*100 -> 100 | S45: 4000 | T45: 4000 | U45: =T45/S45*100 -> 100 | W45: 2254.7 | X45: 2254.7 | Y45: =X45/W45*100 -> 100
A46: Краснопартизанский (консолидированный) | B46: =F46+J46+N46+R46+V46+Z46 -> 77607.7 | C46: =G46+K46+O46+S46+W46+AA46 -> 71051.9 | D46: =H46+L46+P46+T46+X46+AB46 -> 71051.9 | E46: =D46/C46*100 -> 100 | J46: =J47 -> 60569.6 | K46: =K47 -> 60569.6 | L46: =L47 -> 60569.6 | M46: =L46/K46*100 -> 100 | N46: =N47 -> 17038.1 | O46: =O47 -> 5111.4 | P46: =P47 -> 5111.4 | Q46: =P46/O46*100 -> 100 | S46: =S47 -> 4109 | T46: =T47 -> 4109 | U46: =T46/S46*100 -> 100 | W46: =W47 -> 1261.9 | X46: =X47 -> 1261.9 | Y46: =X46/W46*100 -> 100
A47: Краснопартизанский (собственный) | B47: =F47+J47+N47+R47+V47+Z47 -> 77607.7 | C47: =G47+K47+O47+S47+W47+AA47 -> 71051.9 | D47: =H47+L47+P47+T47+X47+AB47 -> 71051.9 | E47: =D47/C47*100 -> 100 | J47: 60569.6 | K47: 60569.6 | L47: 60569.6 | M47: =L47/K47*100 -> 100 | N47: 17038.1 | O47: 5111.4 | P47: 5111.4 | Q47: =P47/O47*100 -> 100 | S47: 4109 | T47: 4109 | U47: =T47/S47*100 -> 100 | W47: 1261.9 | X47: 1261.9 | Y47: =X47/W47*100 -> 100
A48: Лысогорский (консолидированный) | B48: =F48+J48+N48+R48+V48+Z48 -> 104911.4 | C48: =G48+K48+O48+S48+W48+AA48 -> 99905.5 | D48: =H48+L48+P48+T48+X48+AB48 -> 99905.5 | E48: =D48/C48*100 -> 100 | J48: =J49 -> 83351.5 | K48: =K49 -> 83351.5 | L48: =L49 -> 83351.5 | M48: =L48/K48*100 -> 100 | N48: =N49 -> 21559.9 | O48: =O49 -> 6468 | P48: =P49 -> 6468 | Q48: =P48/O48*100 -> 100 | S48: =S49 -> 9000 | T48: =T49 -> 9000 | U48: =T48/S48*100 -> 100 | W48: =W49 -> 1086 | X48: =X49 -> 1086 | Y48: =X48/W48*100 -> 100
A49: Лысогорский (собственный) | B49: =F49+J49+N49+R49+V49+Z49 -> 104911.4 | C49: =G49+K49+O49+S49+W49+AA49 -> 99905.5 | D49: =H49+L49+P49+T49+X49+AB49 -> 99905.5 | E49: =D49/C49*100 -> 100 | J49: 83351.5 | K49: 83351.5 | L49: 83351.5 | M49: =L49/K49*100 -> 100 | N49: 21559.9 | O49: 6468 | P49: 6468 | Q49: =P49/O49*100 -> 100 | S49: 9000 | T49: 9000 | U49: =T49/S49*100 -> 100 | W49: 1086 | X49: 1086 | Y49: =X49/W49*100 -> 100
A50: Марксовский (консолидированный) | B50: =F50+J50+N50+R50+V50+Z50 -> 201511.4 | C50: =G50+K50+O50+S50+W50+AA50 -> 202909.6 | D50: =H50+L50+P50+T50+X50+AB50 -> 202909.6 | E50: =D50/C50*100 -> 100 | J50: =J51 -> 201511.4 | K50: =K51 -> 201511.4 | L50: =L51 -> 201511.4 | M50: =L50/K50*100 -> 100 | W50: =W51 -> 1398.2 | X50: =X51 -> 1398.2 | Y50: =X50/W50*100 -> 100
A51: Марксовский (собственный) | B51: =F51+J51+N51+R51+V51+Z51 -> 201511.4 | C51: =G51+K51+O51+S51+W51+AA51 -> 202909.6 | D51: =H51+L51+P51+T51+X51+AB51 -> 202909.6 | E51: =D51/C51*100 -> 100 | J51: 201511.4 | K51: 201511.4 | L51: 201511.4 | M51: =L51/K51*100 -> 100 | W51: 1398.2 | X51: 1398.2 | Y51: =X51/W51*100 -> 100
A52: Новобурасский (консолидированный) | B52: =F52+J52+N52+R52+V52+Z52 -> 88668.6 | C52: =G52+K52+O52+S52+W52+AA52 -> 98033.9 | D52: =H52+L52+P52+T52+X52+AB52 -> 98033.9 | E52: =D52/C52*100 -> 100 | J52: =J53 -> 81437.8 | K52: =K53 -> 81437.8 | L52: =L53 -> 81437.8 | M52: =L52/K52*100 -> 100 | N52: =N53 -> 7230.8 | O52: =O53 -> 7230.8 | P52: =P53 -> 7230.8 | Q52: =P52/O52*100 -> 100 | S52: =S53 -> 8000 | T52: =T53 -> 8000 | U52: =T52/S52*100 -> 100 | W52: =W53 -> 1365.3 | X52: =X53 -> 1365.3 | Y52: =X52/W52*100 -> 100
A53: Новобурасский (собственный) | B53: =F53+J53+N53+R53+V53+Z53 -> 88668.6 | C53: =G53+K53+O53+S53+W53+AA53 -> 98033.9 | D53: =H53+L53+P53+T53+X53+AB53 -> 98033.9 | E53: =D53/C53*100 -> 100 | J53: 81437.8 | K53: 81437.8 | L53: 81437.8 | M53: =L53/K53*100 -> 100 | N53: 7230.8 | O53: 7230.8 | P53: 7230.8 | Q53: =P53/O53*100 -> 100 | S53: 8000 | T53: 8000 | U53: =T53/S53*100 -> 100 | W53: 1365.3 | X53: 1365.3 | Y53: =X53/W53*100 -> 100
A54: Новоузенский (консолидированный) | B54: =F54+J54+N54+R54+V54+Z54 -> 197938.3 | C54: =G54+K54+O54+S54+W54+AA54 -> 199204.99 | D54: =H54+L54+P54+T54+X54+AB54 -> 199204.99 | E54: =D54/C54*100 -> 100 | J54: =J55 -> 177089.2 | K54: =K55 -> 177089.2 | L54: =L55 -> 177089.2 | M54: =L54/K54*100 -> 100 | N54: =N55 -> 20849.1 | O54: =O55 -> 6255 | P54: =P55 -> 6255 | Q54: =P54/O54*100 -> 100 | S54: =S55 -> 13444.689 | T54: =T55 -> 13444.689 | U54: =T54/S54*100 -> 100 | W54: =W55 -> 2416.1 | X54: =X55 -> 2416.1 | Y54: =X54/W54*100 -> 100
A55: Новоузенский (собственный) | B55: =F55+J55+N55+R55+V55+Z55 -> 197938.3 | C55: =G55+K55+O55+S55+W55+AA55 -> 199204.99 | D55: =H55+L55+P55+T55+X55+AB55 -> 199204.99 | E55: =D55/C55*100 -> 100 | J55: 177089.2 | K55: 177089.2 | L55: 177089.2 | M55: =L55/K55*100 -> 100 | N55: 20849.1 | O55: 6255 | P55: 6255 | Q55: =P55/O55*100 -> 100 | S55: 13444.689 | T55: 13444.689 | U55: =T55/S55*100 -> 100 | W55: 2416.1 | X55: 2416.1 | Y55: =X55/W55*100 -> 100
A56: Озинский (консолидированный) | B56: =F56+J56+N56+R56+V56+Z56 -> 154806 | C56: =G56+K56+O56+S56+W56+AA56 -> 120033.4 | D56: =H56+L56+P56+T56+X56+AB56 -> 120033.4 | E56: =D56/C56*100 -> 100 | J56: =J57 -> 99776.4 | K56: =K57 -> 99776.4 | L56: =L57 -> 99776.4 | M56: =L56/K56*100 -> 100 | N56: =N57 -> 55029.6 | O56: =O57 -> 16509 | P56: =P57 -> 16509 | Q56: =P56/O56*100 -> 100 | S56: =S57 -> 2000 | T56: =T57 -> 2000 | U56: =T56/S56*100 -> 100 | W56: =W57 -> 1748 | X56: =X57 -> 1748 | Y56: =X56/W56*100 -> 100
A57: Озинский (собственный) | B57: =F57+J57+N57+R57+V57+Z57 -> 154806 | C57: =G57+K57+O57+S57+W57+AA57 -> 120033.4 | D57: =H57+L57+P57+T57+X57+AB57 -> 120033.4 | E57: =D57/C57*100 -> 100 | J57: 99776.4 | K57: 99776.4 | L57: 99776.4 | M57: =L57/K57*100 -> 100 | N57: 55029.6 | O57: 16509 | P57: 16509 | Q57: =P57/O57*100 -> 100 | S57: 2000 | T57: 2000 | U57: =T57/S57*100 -> 100 | W57: 1748 | X57: 1748 | Y57: =X57/W57*100 -> 100
A58: Перелюбский (консолидированный) | B58: =F58+J58+N58+R58+V58+Z58 -> 77432 | C58: =G58+K58+O58+S58+W58+AA58 -> 63090.9 | D58: =H58+L58+P58+T58+X58+AB58 -> 63090.9 | E58: =D58/C58*100 -> 100 | J58: =J59 -> 43886.1 | K58: =K59 -> 43447.2 | L58: =L59 -> 43447.2 | M58: =L58/K58*100 -> 100 | N58: =N59 -> 33545.9 | O58: =O59 -> 10063.8 | P58: =P59 -> 10063.8 | Q58: =P58/O58*100 -> 100 | S58: =S59 -> 8649 | T58: =T59 -> 8649 | U58: =T58/S58*100 -> 100 | W58: =W59 -> 930.9 | X58: =X59 -> 930.9 | Y58: =X58/W58*100 -> 100
A59: Перелюбский (собственный) | B59: =F59+J59+N59+R59+V59+Z59 -> 77432 | C59: =G59+K59+O59+S59+W59+AA59 -> 63090.9 | D59: =H59+L59+P59+T59+X59+AB59 -> 63090.9 | E59: =D59/C59*100 -> 100 | J59: 43886.1 | K59: 43447.2 | L59: 43447.2 | M59: =L59/K59*100 -> 100 | N59: 33545.9 | O59: 10063.8 | P59: 10063.8 | Q59: =P59/O59*100 -> 100 | S59: 8649 | T59: 8649 | U59: =T59/S59*100 -> 100 | W59: 930.9 | X59: 930.9 | Y59: =X59/W59*100 -> 100
A60: Петровский (консолидированный) | B60: =F60+J60+N60+R60+V60+Z60 -> 174513.1 | C60: =G60+K60+O60+S60+W60+AA60 -> 207078.3 | D60: =H60+L60+P60+T60+X60+AB60 -> 207078.3 | E60: =D60/C60*100 -> 100 | J60: =J61 -> 174513.1 | K60: =K61 -> 174513.1 | L60: =L61 -> 174513.1 | M60: =L60/K60*100 -> 100 | S60: =S61 -> 30600 | T60: =T61 -> 30600 | U60: =T60/S60*100 -> 100 | W60: =W61 -> 1965.2 | X60: =X61 -> 1965.2 | Y60: =X60/W60*100 -> 100
A61: Петровский (собственный) | B61: =F61+J61+N61+R61+V61+Z61 -> 174513.1 | C61: =G61+K61+O61+S61+W61+AA61 -> 207078.3 | D61: =H61+L61+P61+T61+X61+AB61 -> 207078.3 | E61: =D61/C61*100 -> 100 | J61: 174513.1 | K61: 174513.1 | L61: 174513.1 | M61: =L61/K61*100 -> 100 | S61: 30600 | T61: 30600 | U61: =T61/S61*100 -> 100 | W61: 1965.2 | X61: 1965.2 | Y61: =X61/W61*100 -> 100
A62: Питерский (консолидированный) | B62: =F62+J62+N62+R62+V62+Z62 -> 124484.7 | C62: =G62+K62+O62+S62+W62+AA62 -> 96125.6 | D62: =H62+L62+P62+T62+X62+AB62 -> 96125.6 | E62: =D62/C62*100 -> 100 | J62: =J63 -> 71097.1 | K62: =K63 -> 71097.1 | L62: =L63 -> 71097.1 | M62: =L62/K62*100 -> 100 | N62: =N63 -> 53387.6 | O62: =O63 -> 19163.2 | P62: =P63 -> 19163.2 | Q62: =P62/O62*100 -> 100 | S62: =S63 -> 4500 | T62: =T63 -> 4500 | U62: =T62/S62*100 -> 100 | W62: =W63 -> 1365.3 | X62: =X63 -> 1365.3 | Y62: =X62/W62*100 -> 100
A63: Питерский (собственный) | B63: =F63+J63+N63+R63+V63+Z63 -> 124484.7 | C63: =G63+K63+O63+S63+W63+AA63 -> 96125.6 | D63: =H63+L63+P63+T63+X63+AB63 -> 96125.6 | E63: =D63/C63*100 -> 100 | J63: 71097.1 | K63: 71097.1 | L63: 71097.1 | M63: =L63/K63*100 -> 100 | N63: 53387.6 | O63: 19163.2 | P63: 19163.2 | Q63: =P63/O63*100 -> 100 | S63: 4500 | T63: 4500 | U63: =T63/S63*100 -> 100 | W63: 1365.3 | X63: 1365.3 | Y63: =X63/W63*100 -> 100
A64: Пугачевский (консолидированный) | B64: =F64+J64+N64+R64+V64+Z64 -> 183734.6 | C64: =G64+K64+O64+S64+W64+AA64 -> 216403.3 | D64: =H64+L64+P64+T64+X64+AB64 -> 216403.3 | E64: =D64/C64*100 -> 100 | J64: =J65 -> 183734.6 | K64: =K65 -> 183734.6 | L64: =L65 -> 183734.6 | M64: =L64/K64*100 -> 100 | S64: =S65 -> 30000 | T64: =T65 -> 30000 | U64: =T64/S64*100 -> 100 | W64: =W65 -> 2668.7 | X64: =X65 -> 2668.7 | Y64: =X64/W64*100 -> 100
A65: Пугачевский (собственный) | B65: =F65+J65+N65+R65+V65+Z65 -> 183734.6 | C65: =G65+K65+O65+S65+W65+AA65 -> 216403.3 | D65: =H65+L65+P65+T65+X65+AB65 -> 216403.3 | E65: =D65/C65*100 -> 100 | J65: 183734.6 | K65: 183734.6 | L65: 183734.6 | M65: =L65/K65*100 -> 100 | S65: 30000 | T65: 30000 | U65: =T65/S65*100 -> 100 | W65: 2668.7 | X65: 2668.7 | Y65: =X65/W65*100 -> 100
A66: Ровенский (консолидированный) | B66: =F66+J66+N66+R66+V66+Z66 -> 99599.6 | C66: =G66+K66+O66+S66+W66+AA66 -> 100344.3 | D66: =H66+L66+P66+T66+X66+AB66 -> 100344.3 | E66: =D66/C66*100 -> 100 | J66: =J67 -> 99599.6 | K66: =K67 -> 99599.6 | L66: =L67 -> 99599.6 | M66: =L66/K66*100 -> 100 | W66: =W67 -> 744.7 | X66: =X67 -> 744.7 | Y66: =X66/W66*100 -> 100
A67: Ровенский (собственный) | B67: =F67+J67+N67+R67+V67+Z67 -> 99599.6 | C67: =G67+K67+O67+S67+W67+AA67 -> 100344.3 | D67: =H67+L67+P67+T67+X67+AB67 -> 100344.3 | E67: =D67/C67*100 -> 100 | J67: 99599.6 | K67: 99599.6 | L67: 99599.6 | M67: =L67/K67*100 -> 100 | W67: 744.7 | X67: 744.7 | Y67: =X67/W67*100 -> 100
A68: Романовский (консолидированный) | B68: =F68+J68+N68+R68+V68+Z68 -> 67962.6 | C68: =G68+K68+O68+S68+W68+AA68 -> 62662.282 | D68: =H68+L68+P68+T68+X68+AB68 -> 62662.282 | E68: =D68/C68*100 -> 100 | J68: =J69 -> 54719.2 | K68: =K69 -> 54719.2 | L68: =L69 -> 54719.2 | M68: =L68/K68*100 -> 100 | N68: =N69 -> 13243.4 | O68: =O69 -> 3973.2 | P68: =P69 -> 3973.2 | Q68: =P68/O68*100 -> 100 | S68: =S69 -> 3762.982 | T68: =T69 -> 3762.982 | U68: =T68/S68*100 -> 100 | W68: =W69 -> 206.9 | X68: =X69 -> 206.9 | Y68: =X68/W68*100 -> 100
A69: Романовский (собственный) | B69: =F69+J69+N69+R69+V69+Z69 -> 67962.6 | C69: =G69+K69+O69+S69+W69+AA69 -> 62662.282 | D69: =H69+L69+P69+T69+X69+AB69 -> 62662.282 | E69: =D69/C69*100 -> 100 | J69: 54719.2 | K69: 54719.2 | L69: 54719.2 | M69: =L69/K69*100 -> 100 | N69: 13243.4 | O69: 3973.2 | P69: 3973.2 | Q69: =P69/O69*100 -> 100 | S69: 3762.982 | T69: 3762.982 | U69: =T69/S69*100 -> 100 | W69: 206.9 | X69: 206.9 | Y69: =X69/W69*100 -> 100
A70: Ртищевский (консолидированный) | B70: =F70+J70+N70+R70+V70+Z70 -> 131204.5 | C70: =G70+K70+O70+S70+W70+AA70 -> 126130.7 | D70: =H70+L70+P70+T70+X70+AB70 -> 126130.7 | E70: =D70/C70*100 -> 100 | J70: =J71 -> 107612.3 | K70: =K71 -> 107612.3 | L70: =L71 -> 107612.3 | M70: =L70/K70*100 -> 100 | N70: =N71 -> 23592.2 | O70: =O71 -> 15248 | P70: =P71 -> 15248 | Q70: =P70/O70*100 -> 100 | W70: =W71 -> 3270.4 | X70: =X71 -> 3270.4 | Y70: =X70/W70*100 -> 100
A71: Ртищевский (собственный) | B71: =F71+J71+N71+R71+V71+Z71 -> 131204.5 | C71: =G71+K71+O71+S71+W71+AA71 -> 126130.7 | D71: =H71+L71+P71+T71+X71+AB71 -> 126130.7 | E71: =D71/C71*100 -> 100 | J71: 107612.3 | K71: 107612.3 | L71: 107612.3 | M71: =L71/K71*100 -> 100 | N71: 23592.2 | O71: 15248 | P71: 15248 | Q71: =P71/O71*100 -> 100 | W71: 3270.4 | X71: 3270.4 | Y71: =X71/W71*100 -> 100
A72: Самойловский (консолидированный) | B72: =F72+J72+N72+R72+V72+Z72 -> 47669.5 | C72: =G72+K72+O72+S72+W72+AA72 -> 52613.46 | D72: =H72+L72+P72+T72+X72+AB72 -> 52613.46 | E72: =D72/C72*100 -> 100 | J72: =J73 -> 35688.5 | K72: =K73 -> 35688.5 | L72: =L73 -> 35688.5 | M72: =L72/K72*100 -> 100 | N72: =N73 -> 11981 | O72: =O73 -> 11981 | P72: =P73 -> 11981 | Q72: =P72/O72*100 -> 100 | S72: =S73 -> 4943.96 | T72: =T73 -> 4943.96 | U72: =T72/S72*100 -> 100
A73: Самойловский (собственный) | B73: =F73+J73+N73+R73+V73+Z73 -> 47669.5 | C73: =G73+K73+O73+S73+W73+AA73 -> 52613.46 | D73: =H73+L73+P73+T73+X73+AB73 -> 52613.46 | E73: =D73/C73*100 -> 100 | J73: 35688.5 | K73: 35688.5 | L73: 35688.5 | M73: =L73/K73*100 -> 100 | N73: 11981 | O73: 11981 | P73: 11981 | Q73: =P73/O73*100 -> 100 | S73: 4943.96 | T73: 4943.96 | U73: =T73/S73*100 -> 100
A74: Саратовский (консолидированный) | B74: =F74+J74+N74+R74+V74+Z74 -> 0 | C74: =G74+K74+O74+S74+W74+AA74 -> 0 | D74: =H74+L74+P74+T74+X74+AB74 -> 0
A75: Саратовский (собственный) | B75: =F75+J75+N75+R75+V75+Z75 -> 0 | C75: =G75+K75+O75+S75+W75+AA75 -> 0 | D75: =H75+L75+P75+T75+X75+AB75 -> 0
A76: Советский (консолидированный) | B76: =F76+J76+N76+R76+V76+Z76 -> 65685.6 | C76: =G76+K76+O76+S76+W76+AA76 -> 59995.4 | D76: =H76+L76+P76+T76+X76+AB76 -> 59995.4 | E76: =D76/C76*100 -> 100 | J76: =J77 -> 49497.7 | K76: =K77 -> 49497.7 | L76: =L77 -> 49497.7 | M76: =L76/K76*100 -> 100 | N76: =N77 -> 16187.9 | O76: =O77 -> 4856.4 | P76: =P77 -> 4856.4 | Q76: =P76/O76*100 -> 100 | S76: =S77 -> 5000 | T76: =T77 -> 5000 | U76: =T76/S76*100 -> 100 | W76: =W77 -> 641.3 | X76: =X77 -> 641.3 | Y76: =X76/W76*100 -> 100
A77: Советский (собственный) | B77: =F77+J77+N77+R77+V77+Z77 -> 65685.6 | C77: =G77+K77+O77+S77+W77+AA77 -> 59995.4 | D77: =H77+L77+P77+T77+X77+AB77 -> 59995.4 | E77: =D77/C77*100 -> 100 | J77: 49497.7 | K77: 49497.7 | L77: 49497.7 | M77: =L77/K77*100 -> 100 | N77: 16187.9 | O77: 4856.4 | P77: 4856.4 | Q77: =P77/O77*100 -> 100 | S77: 5000 | T77: 5000 | U77: =T77/S77*100 -> 100 | W77: 641.3 | X77: 641.3 | Y77: =X77/W77*100 -> 100
A78: Татищевский (консолидированный) | B78: =F78+J78+N78+R78+V78+Z78 -> 73623.2 | C78: =G78+K78+O78+S78+W78+AA78 -> 59360 | D78: =H78+L78+P78+T78+X78+AB78 -> 59360 | E78: =D78/C78*100 -> 100 | J78: =J79 -> 33524.3 | K78: =K79 -> 33524.3 | L78: =L79 -> 33524.3 | M78: =L78/K78*100 -> 100 | N78: =N79 -> 40098.9 | O78: =O79 -> 12029.4 | P78: =P79 -> 12029.4 | Q78: =P78/O78*100 -> 100 | S78: =S79 -> 12500 | T78: =T79 -> 12500 | U78: =T78/S78*100 -> 100 | W78: =W79 -> 1306.3 | X78: =X79 -> 1306.3 | Y78: =X78/W78*100 -> 100
A79: Татищевский (собственный) | B79: =F79+J79+N79+R79+V79+Z79 -> 73623.2 | C79: =G79+K79+O79+S79+W79+AA79 -> 59360 | D79: =H79+L79+P79+T79+X79+AB79 -> 59360 | E79: =D79/C79*100 -> 100 | J79: 33524.3 | K79: 33524.3 | L79: 33524.3 | M79: 100 | N79: 40098.9 | O79: 12029.4 | P79: 12029.4 | Q79: 100 | S79: 12500 | T79: 12500 | U79: 100 | W79: 1306.3 | X79: 1306.3 | Y79: 100
A80: Турковский (консолидированный) | B80: =F80+J80+N80+R80+V80+Z80 -> 61241.3 | C80: =G80+K80+O80+S80+W80+AA80 -> 64120.5 | D80: =H80+L80+P80+T80+X80+AB80 -> 64120.5 | E80: =D80/C80*100 -> 100 | J80: =J81 -> 50000.1 | K80: =K81 -> 50000.1 | L80: =L81 -> 50000.1 | M80: =L80/K80*100 -> 100 | N80: =N81 -> 11241.2 | O80: =O81 -> 11241.2 | P80: =P81 -> 11241.2 | Q80: =P80/O80*100 -> 100 | S80: =S81 -> 2000 | T80: =T81 -> 2000 | U80: =T80/S80*100 -> 100 | W80: =W81 -> 879.2 | X80: =X81 -> 879.2 | Y80: =X80/W80*100 -> 100
A81: Турковский (собственный) | B81: =F81+J81+N81+R81+V81+Z81 -> 61241.3 | C81: =G81+K81+O81+S81+W81+AA81 -> 64120.5 | D81: =H81+L81+P81+T81+X81+AB81 -> 64120.5 | E81: =D81/C81*100 -> 100 | J81: 50000.1 | K81: 50000.1 | L81: 50000.1 | M81: 100 | N81: 11241.2 | O81: 11241.2 | P81: 11241.2 | Q81: 100 | S81: 2000 | T81: 2000 | U81: 100 | W81: 879.2 | X81: 879.2 | Y81: 100
A82: Федоровский (консолидированный) | B82: =F82+J82+N82+R82+V82+Z82 -> 115644.3 | C82: =G82+K82+O82+S82+W82+AA82 -> 94478.1 | D82: =H82+L82+P82+T82+X82+AB82 -> 94478.1 | E82: =D82/C82*100 -> 100 | J82: =J83 -> 75585.9 | K82: =K83 -> 74830 | L82: =L83 -> 74830 | M82: =L82/K82*100 -> 100 | N82: =N83 -> 40058.4 | O82: =O83 -> 12017.4 | P82: =P83 -> 12017.4 | Q82: =P82/O82*100 -> 100 | S82: =S83 -> 7000 | T82: =T83 -> 7000 | U82: =T82/S82*100 -> 100 | W82: =W83 -> 630.7 | X82: =X83 -> 630.7 | Y82: =X82/W82*100 -> 100
A83: Федоровский (собственный) | B83: =F83+J83+N83+R83+V83+Z83 -> 115644.3 | C83: =G83+K83+O83+S83+W83+AA83 -> 94478.1 | D83: =H83+L83+P83+T83+X83+AB83 -> 94478.1 | E83: =D83/C83*100 -> 100 | J83: 75585.9 | K83: 74830 | L83: 74830 | M83: =L83/K83*100 -> 100 | N83: 40058.4 | O83: 12017.4 | P83: 12017.4 | Q83: =P83/O83*100 -> 100 | S83: 7000 | T83: 7000 | U83: =T83/S83*100 -> 100 | W83: 630.7 | X83: 630.7 | Y83: =X83/W83*100 -> 100
A84: Хвалынский (консолидированный) | B84: =F84+J84+N84+R84+V84+Z84 -> 92396.8 | C84: =G84+K84+O84+S84+W84+AA84 -> 193536.6 | D84: =H84+L84+P84+T84+X84+AB84 -> 193536.6 | E84: =D84/C84*100 -> 100 | J84: =J85 -> 92396.8 | K84: =K85 -> 92396.8 | L84: =L85 -> 92396.8 | M84: =L84/K84*100 -> 100 | S84: =S85 -> 100000 | T84: =T85 -> 100000 | U84: =T84/S84*100 -> 100 | W84: =W85 -> 1139.8 | X84: =X85 -> 1139.8 | Y84: =X84/W84*100 -> 100
A85: Хвалынский (собственный) | B85: =F85+J85+N85+R85+V85+Z85 -> 92396.8 | C85: =G85+K85+O85+S85+W85+AA85 -> 193536.6 | D85: =H85+L85+P85+T85+X85+AB85 -> 193536.6 | E85: =D85/C85*100 -> 100 | J85: 92396.8 | K85: 92396.8 | L85: 92396.8 | M85: =L85/K85*100 -> 100 | S85: 100000 | T85: 100000 | U85: =T85/S85*100 -> 100 | W85: 1139.8 | X85: 1139.8 | Y85: =X85/W85*100 -> 100
A86: Энгельсский (консолидированный) | B86: =F86+J86+N86+R86+V86+Z86 -> 222925.1 | C86: =G86+K86+O86+S86+W86+AA86 -> 236873.4 | D86: =H86+L86+P86+T86+X86+AB86 -> 236873.4 | E86: =D86/C86*100 -> 100 | J86: =J87 -> 222925.1 | K86: =K87 -> 222925.1 | L86: =L87 -> 222925.1 | M86: =L86/K86*100 -> 100 | W86: =W87 -> 13948.3 | X86: =X87 -> 13948.3 | Y86: =X86/W86*100 -> 100
A87: Энгельсский (собственный) | B87: =F87+J87+N87+R87+V87+Z87 -> 222925.1 | C87: =G87+K87+O87+S87+W87+AA87 -> 236873.4 | D87: =H87+L87+P87+T87+X87+AB87 -> 236873.4 | E87: =D87/C87*100 -> 100 | J87: 222925.1 | K87: 222925.1 | L87: 222925.1 | M87: =L87/K87*100 -> 100 | W87: 13948.3 | X87: 13948.3 | Y87: =X87/W87*100 -> 100
A88: Городские округа области: | B88: =F88+J88+N88+R88+V88+Z88 -> 199651.5 | C88: =G88+K88+O88+S88+W88+AA88 -> 247663.3 | D88: =H88+L88+P88+T88+X88+AB88 -> 247663.3 | E88: =D88/C88*100 -> 100 | F88: =SUM(F89:F92) -> 41928 | G88: =SUM(G89:G92) -> 41928 | H88: =SUM(H89:H92) -> 41928 | I88: =H88/G88*100 -> 100 | J88: =SUM(J89:J92) -> 139458.8 | K88: =SUM(K89:K92) -> 139059.3 | L88: =SUM(L89:L92) -> 139059.3 | M88: =L88/K88*100 -> 100 | N88: =SUM(N89:N92) -> 18264.7 | O88: =SUM(O89:O92) -> 30143.7 | P88: =SUM(P89:P92) -> 30143.7 | Q88: =P88/O88*100 -> 100 | S88: =SUM(S89:S92) -> 0 | T88: =SUM(T89:T92) -> 0 | W88: =SUM(W89:W92) -> 36532.3 | X88: =SUM(X89:X92) -> 36532.3 | Y88: =X88/W88*100 -> 100 | AA88: =SUM(AA89:AA92) -> 0 | AB88: =SUM(AB89:AB92) -> 0
A89: г. Саратов | B89: =F89+J89+N89+R89+V89+Z89 -> 0 | C89: =G89+K89+O89+S89+W89+AA89 -> 35489.2 | D89: =H89+L89+P89+T89+X89+AB89 -> 35489.2 | E89: =D89/C89*100 -> 100 | L89: 0 | P89: 0 | W89: 35489.2 | X89: 35489.2 | Y89: =X89/W89*100 -> 100
A90: п. Михайловский | B90: =F90+J90+N90+R90+V90+Z90 -> 30082.8 | C90: =G90+K90+O90+S90+W90+AA90 -> 36228.3 | D90: =H90+L90+P90+T90+X90+AB90 -> 36228.3 | E90: =D90/C90*100 -> 100 | J90: 21437.7 | K90: 21437.7 | L90: 21437.7 | M90: =L90/K90*100 -> 100 | N90: 8645.1 | O90: 14659.8 | P90: 14659.8 | Q90: =P90/O90*100 -> 100 | W90: 130.8 | X90: 130.8 | Y90: =X90/W90*100 -> 100
A91: ЗАТО Светлый | B91: =F91+J91+N91+R91+V91+Z91 -> 129620.4 | C91: =G91+K91+O91+S91+W91+AA91 -> 129990.7 | D91: =H91+L91+P91+T91+X91+AB91 -> 129990.7 | E91: =D91/C91*100 -> 100 | F91: 41928 | G91: 41928 | H91: 41928 | I91: =H91/G91*100 -> 100 | J91: 78072.8 | K91: 78072.8 | L91: 78072.8 | M91: =L91/K91*100 -> 100 | N91: 9619.6 | O91: 9619.6 | P91: 9619.6 | Q91: =P91/O91*100 -> 100 | W91: 370.3 | X91: 370.3 | Y91: =X91/W91*100 -> 100
A92: г. Шиханы | B92: =F92+J92+N92+R92+V92+Z92 -> 39948.3 | C92: =G92+K92+O92+S92+W92+AA92 -> 45955.1 | D92: =H92+L92+P92+T92+X92+AB92 -> 45955.1 | E92: =D92/C92*100 -> 100 | J92: 39948.3 | K92: 39548.8 | L92: 39548.8 | M92: =L92/K92*100 -> 100 | O92: 5864.3 | P92: 5864.3 | Q92: =P92/O92*100 -> 100 | W92: 542 | X92: 542 | Y92: =X92/W92*100 -> 100
A93: Остаток средств к распределению 3* | B93: =F93+J93+N93+R93+V93+Z93 -> 0 | C93: =G93+K93+O93+S93+W93 -> 0 | D93: =H93+L93+P93+T93+X93 -> 0
A94: ИТОГО | B94: =B7+B88 -> 4288219.6 | C94: =C7+C88 -> 4343391.9 | D94: =D7+D88 -> 4343391.9 | E94: =D94/C94*100 -> 100 | F94: =F7+F88+F93 -> 41928 | G94: =G7+G88+G93 -> 41928 | H94: =H7+H88+H93 -> 41928 | I94: =H94/G94*100 -> 100 | J94: =J88+J7+J93 -> 3430574.3 | K94: =K88+K7+K93 -> 3427282.1 | L94: =L88+L7+L93 -> 3427282.1 | M94: =L94/K94*100 -> 100 | N94: =N88+N7+N93 -> 815717.3 | O94: =O88+O7+O93 -> 382237.9 | P94: =P88+P7+P93 -> 382237.9 | Q94: =P94/O94*100 -> 100 | S94: =S7+S88+S93 -> 375856.86 | T94: =T7+T88+T93 -> 375856.86 | U94: =T94/S94*100 -> 100 | W94: =W7+W88+W93 -> 103087 | X94: =X7+X88+X93 -> 103087 | Y94: =X94/W94*100 -> 100 | AA94: =AA7+AA88+AA93 -> 13000 | AB94: =AB7+AB88+AB93 -> 13000 | AC94: =AB94/AA94*100 -> 100
A96: * в соответствии с Законом Саратовской области «Об областном бюджете на 2021 год и на плановый период 2022 и 2023 годов» в редакции от 01.12.2020 года
A97: 2* в соответствии с Законом Саратовской области «Об областном бюджете на 2021 год и на плановый период 2022 и 2023 годов» в редакции от 23.12.2021 года
A98: 3* заполняется, если в законе о бюджете утверждена общая сумма межбюджетного трансферта, но отсутствует распределение по муниципальным образованиям

Sheet Субсидии
AV1: Продолжение таблицы | BT1: Продолжение таблицы | CR1: Продолжение таблицы | DP1: Продолжение таблицы | EN1: Продолжение таблицы | FL1: Продолжение таблицы | GJ1: Продолжение таблицы
C2: Сведения о предоставлении из бюджета Саратовской области межбюджетных трансфертов местным бюджетам за 2021 год | Z2: Сведения о предоставлении из бюджета Саратовской области межбюджетных трансфертов местным бюджетам за 2021 год | AX2: Сведения о предоставлении из бюджета Саратовской области межбюджетных трансфертов местным бюджетам за 2021 год | BV2: Сведения о предоставлении из бюджета Саратовской области межбюджетных трансфертов местным бюджетам за 2021 год | CT2: Сведения о предоставлении из бюджета Саратовской области межбюджетных трансфертов местным бюджетам за 2021 год | DR2: Сведения о предоставлении из бюджета Саратовской области межбюджетных трансфертов местным бюджетам за 2021 год | EP2: Сведения о предоставлении из бюджета Саратовской области межбюджетных трансфертов местным бюджетам за 2021 год | FN2: Сведения о предоставлении из бюджета Саратовской области межбюджетных трансфертов местным бюджетам за 2021 год
C4: =B8-(B9+B10) -> 0 | X4: тыс.рублей | AV4: тыс.рублей | BT4: тыс.рублей | CR4: тыс.рублей | DP4: тыс.рублей | EN4: тыс.рублей | FK4: тыс.рублей | GI4: тыс.рублей
A5: Наименование муниципальных образований | B5: Субсидии, всего | F5: в том числе | Z5: в том числе | AX5: в том числе | BV5: в том числе | CT5: в том числе | DR5: в том числе | EP5: в том числе | FN5: в том числе
F6: бюджетам муниципальных районов области на создание в общеобразовательных организациях, расположенных в сельской местности и малых городах, условий для занятий физической культурой и спортом | J6: бюджетам муниципальных районов и городских округов области на создание новых мест в общеобразовательных организациях | N6: бюджетам муниципальных районов и городских округов области на обеспечение жильем молодых семей | R6: бюджетам городских округов и поселений области на реализацию регионального проекта (программы) в целях выполнения задач федерального проекта «Жилье» (Стимулирование программ развития жилищного строительства) | V6: бюджетам муниципальных районов и поселений области на поддержку творческой деятельности и укрепление материально-технической базы муниципальных театров в населенных пунктах с численностью населения до 300 тысяч человек | Z6: бюджетам муниципальных районов и поселений области на обеспечение развития и укрепления материально-технической базы домов культуры в населенных пунктах с числом жителей до 50 тысяч человек | AD6: бюджетам муниципальных районов и поселений области на поддержку отрасли культуры на государственную поддержку лучших сельских учреждений культуры | AH6: бюджетам муниципальных районов и поселений области на поддержку отрасли культуры на государственную поддержку лучших работников сельских учреждений культуры | AL6: бюджетам муниципальных районов области на обеспечение деятельности муниципальных бизнес-инкубаторов | AP6: бюджетам городских округов, городских и сельских поселений области на реализацию инициативных проектов | AT6: бюджетам городских округов и поселений области на поддержку муниципальных программ формирования современной городской среды | AX6: бюджетам муниципальных районов и городских округов области на обеспечение сохранения достигнутых показателей повышения оплаты труда отдельных категорий работников бюджетной сферы на обеспечение сохранения достигнутых показателей повышения оплаты труда отдельных категорий работников бюджетной сферы | BB6: бюджетам муниципальных районов и городских округов области на обеспечение сохранения достигнутых показателей повышения оплаты труда отдельных категорий работников бюджетной сферы на повышение оплаты труда отдельным категориям работников бюджетной сферы | BF6: бюджетам муниципальных районов и городских округов области на создание дополнительных мест для детей в возрасте от 1,5 до 3 лет в образовательных организациях, осуществляющих образовательную деятельность по образовательным программам дошкольного образования | BJ6: бюджетам муниципальных районов и городских округов области на проведение капитального и текущего ремонтов муниципальных образовательных организаций | BN6: бюджетам муниципальных районов области на государственную поддержку отрасли культуры (создание и модернизация учреждений культурно-досугового типа в сельской местности) | BR6: бюджетам муниципальных районов, городских округов и поселений области на обеспечение мероприятий по переселению граждан из аварийного жилищного фонда, в том числе переселению граждан из аварийного жилищного фонда с учетом необходимости развития малоэтажного жилищного строительства (за счет средств Фонда содействия реформированию жилищно-коммунального хозяйства) | BV6: бюджетам муниципальных районов, городских округов и поселений области на обеспечение мероприятий по переселению граждан из аварийного жилищного фонда, в том числе переселению граждан из аварийного жилищного фонда с учетом необходимости развития малоэтажного жилищного строительства (за счет средств областного бюджета) | BZ6: бюджетам муниципальных районов и городских округов области на обеспечение условий для создания центров образования цифрового и гуманитарного профиле | CD6: бюджетам городских округов и поселений области на реализацию мероприятий по строительству и реконструкции (модернизации) объектов питьевого водоснабжения | CH6: бюджетам поселений области на реализацию мероприятий по сокращению доли загрязненных сточных вод | CL6: бюджетам городских округов и поселений области на обустройство и восстановление воинских захоронений, находящихся в государственной (муниципальной) собственности | CP6: бюджетам городских округов области на осуществление дорожной деятельности в отношении автомобильных дорог общего пользования местного значения Саратовской агломерации в границах городских округов области в рамках достижения соответствующих задач национального проекта «Безопасные и качественные автомобильные дороги» за счет средств областного дорожного фонда | CT6: бюджетам муниципальных районов и поселений области на развитие инженерной инфраструктуры на сельских территориях (развитие водоснабжения (локальные водопроводы) на сельских территориях) | CX6: бюджетам поселений области на обустройство объектами инженерной инфраструктуры и благоустройство площадок, расположенных на сельских территориях, под компактную жилищную застройку | DB6: бюджетам муниципальных районов области на реализацию мероприятий по благоустройству сельских территорий | DF6: бюджетам муниципальных районов области на благоустройство зданий муниципальных общеобразовательных организаций в целях соблюдения требований к воздушно-тепловому режиму, водоснабжению и канализации | DJ6: бюджетам муниципальных районов и городских округов области на обеспечение условий для внедрения цифровой образовательной среды в общеобразовательных организациях | DN6: бюджетам муниципальных районов и городских округов области на обеспечение образовательных организаций материально-технической базой для внедрения цифровой образовательной среды | DR6: бюджетам муниципальных районов и городских округов области на модернизацию (капитальный ремонт, реконструкция) муниципальных детских школ искусств по видам искусств | DV6: бюджетам муниципальных районов области на обеспечение функционирования центров цифрового образования детей «IT-куб» | DZ6: бюджетам муниципальных районов и городских округов области на организацию бесплатного горячего питания обучающихся, получающих начальное общее образование в муниципальных образовательных организациях | ED6: бюджетам поселений области на выполнение мероприятий по ремонту автомобильных дорог общего пользования местного значения в границах городских поселений области за счет средств областного дорожного фонда | EH6: бюджетам городских округов области на выполнение мероприятий по ремонту автомобильных дорог общего пользования местного значения в границах городских округов области за счет средств областного дорожного фонда | EL6: бюджетам муниципальных районов области на обеспечение условий для создания дополнительных мест в образовательных организациях, осуществляющих образовательную деятельность по образовательным программам дошкольного образования | EP6: бюджетам поселений области на создание, реконструкцию (модернизацию), капитальный ремонт объектов социальной и культурной сферы | ET6: бюджетам муниципальных районов и городских округов области на обеспечение условий для функционирования центров образования естественно-научной и технологической направленностей в общеобразовательных организациях | EX6: бюджетам муниципальных районов и городских округов области на создание и обеспечение функционирования центров образования естественно-научной и технологической направленностей в общеобразовательных организациях, расположенных в сельской местности и малых городах | FB6: бюджетам муниципальных районов области на обеспечение мероприятий по переселению граждан из аварийного жилищного фонда | FF6: бюджетам муниципальных районов области на обеспечение мероприятий по переселению граждан из аварийного жилищного фонда | FJ6: бюджетам городских округов области на создание новых мест в общеобразовательных организациях в связи с ростом числа обучающихся, вызванным демографическим фактором | FN6: бюджетам городских и сельских поселений области на реализацию мероприятий по благоустройству сельских территорий ведомственного проекта «Благоустройство сельских территорий» за счет средств резервного фонда Правительства Российской Федерации | FR6: бюджетам муниципальных районов области на реализацию проектов комплексного развития сельских территорий ведомственного проекта «Современный облик сельских территорий» за счет средств резервного фонда Правительства Российской Федерации | FV6: бюджетам муниципальных районов и городских округов области на выравнивание возможностей местных бюджетов по обеспечению образовательной деятельности муниципальных общеобразовательных учреждений | FZ6: бюджетам городских поселений и городских округов области на государственную поддержку закупки контейнеров для раздельного накопления твердых коммунальных отходов | GD6: бюджетам городских округов области на поддержку творческой деятельности и техническое оснащение детских и кукольных театров за счет средств резервного фонда Правительства Российской Федерации | GH6: бюджетам муниципальных районов и городских округов области на государственную поддержку отрасли культуры (комплектование книжных фондов муниципальных общедоступных библиотек) за счет средств резервного фонда Правительства Российской Федерации
B7: первоначаль-ный бюджет* | C7: утвержденные бюджетные назначения 3* | D7: исполнено | E7: % исполнения | F7: первоначаль-ный бюджет* | G7: утвержденные бюджетные назначения 2* | H7: исполнено | I7: % исполнения | J7: первоначаль-ный бюджет* | K7: утвержденные бюджетные назначения 2* | L7: исполнено | M7: % исполнения | N7: первоначаль-ный бюджет* | O7: утвержденные бюджетные назначения 2* | P7: исполнено | Q7: % исполнения | R7: первоначаль-ный бюджет* | S7: утвержденные бюджетные назначения 2* | T7: исполнено | U7: % исполнения | V7: первоначаль-ный бюджет* | W7: утвержденные бюджетные назначения 2* | X7: исполнено | Y7: % исполнения | Z7: первоначаль-ный бюджет* | AA7: утвержденные бюджетные назначения 2* | AB7: исполнено | AC7: % исполнения | AD7: первоначаль-ный бюджет* | AE7: утвержденные бюджетные назначения 2* | AF7: исполнено | AG7: % исполнения | AH7: первоначаль-ный бюджет* | AI7: утвержденные бюджетные назначения 2* | AJ7: исполнено | AK7: % исполнения | AL7: первоначаль-ный бюджет* | AM7: утвержденные бюджетные назначения 2* | AN7: исполнено | AO7: % исполнения | AP7: первоначаль-ный бюджет* | AQ7: утвержденные бюджетные назначения 6* | AR7: исполнено | AS7: % исполнения | AT7: первоначаль-ный бюджет* | AU7: утвержденные бюджетные назначения 2* | AV7: исполнено | AW7: % исполнения | AX7: первоначаль-ный бюджет* | AY7: утвержденные бюджетные назначения 2* | AZ7: исполнено | BA7: % исполнения | BB7: первоначаль-ный бюджет* | BC7: утвержденные бюджетные назначения 2* | BD7: исполнено | BE7: % исполнения | BF7: первоначаль-ный бюджет* | BG7: утвержденные бюджетные назначения 2* | BH7: исполнено | BI7: % исполнения | BJ7: первоначаль-ный бюджет* | BK7: утвержденные бюджетные назначения 2* | BL7: исполнено | BM7: % исполнения | BN7: первоначаль-ный бюджет* | BO7: утвержденные бюджетные назначения 5* | BP7: исполнено | BQ7: % исполнения | BR7: первоначаль-ный бюджет* | BS7: утвержденные бюджетные назначения 2* | BT7: исполнено | BU7: % исполнения | BV7: первоначаль-ный бюджет* | BW7: утвержденные бюджетные назначения 2* | BX7: исполнено | BY7: % исполнения | BZ7: первоначаль-ный бюджет* | CA7: утвержденные бюджетные назначения 2* | CB7: исполнено | CC7: % исполнения | CD7: первоначаль-ный бюджет* | CE7: утвержденные бюджетные назначения 2* | CF7: исполнено | CG7: % исполнения | CH7: первоначаль-ный бюджет* | CI7: утвержденные бюджетные назначения 2* | CJ7: исполнено | CK7: % исполнения | CL7: первоначаль-ный бюджет* | CM7: утвержденные бюджетные назначения 2* | CN7: исполнено | CO7: % исполнения | CP7: первоначаль-ный бюджет* | CQ7: утвержденные бюджетные назначения 2* | CR7: исполнено | CS7: % исполнения | CT7: первоначаль-ный бюджет* | CU7: утвержденные бюджетные назначения 2* | CV7: исполнено | CW7: % исполнения | CX7: первоначаль-ный бюджет* | CY7: утвержденные бюджетные назначения* | CZ7: исполнено | DA7: % исполнения | DB7: первоначаль-ный бюджет* | DC7: утвержденные бюджетные назначения 4* | DD7: исполнено | DE7: % исполнения | DF7: первоначаль-ный бюджет* | DG7: утвержденные бюджетные назначения 2* | DH7: исполнено | DI7: % исполнения | DJ7: первоначаль-ный бюджет* | DK7: утвержденные бюджетные назначения 2* | DL7: исполнено | DM7: % исполнения | DN7: первоначаль-ный бюджет* | DO7: утвержденные бюджетные назначения 2* | DP7: исполнено | DQ7: % исполнения | DR7: первоначаль-ный бюджет* | DS7: утвержденные бюджетные назначения 2* | DT7: исполнено | DU7: % исполнения | DV7: первоначаль-ный бюджет* | DW7: утвержденные бюджетные назначения 2* | DX7: исполнено | DY7: % исполнения | DZ7: первоначаль-ный бюджет* | EA7: утвержденные бюджетные назначения 2* | EB7: исполнено | EC7: % исполнения | ED7: первоначаль-ный бюджет* | EE7: утвержденные бюджетные назначения 2* | EF7: исполнено | EG7: % исполнения | EH7: первоначаль-ный бюджет* | EI7: утвержденные бюджетные назначения 2* | EJ7: исполнено | EK7: % исполнения | EL7: первоначаль-ный бюджет* | EM7: утвержденные бюджетные назначения 2* | EN7: исполнено | EO7: % исполнения | EP7: первоначаль-ный бюджет* | EQ7: утвержденные бюджетные назначения 2* | ER7: исполнено | ES7: % исполнения | ET7: первоначаль-ный бюджет* | EU7: утвержденные бюджетные назначения 2* | EV7: исполнено | EW7: % исполнения | EX7: первоначаль-ный бюджет* | EY7: утвержденные бюджетные назначения 2* | EZ7: исполнено | FA7: % исполнения | FB7: первоначаль-ный бюджет* | FC7: утвержденные бюджетные назначения 2* | FD7: исполнено | FE7: % исполнения | FF7: первоначаль-ный бюджет* | FG7: утвержденные бюджетные назначения 2* | FH7: исполнено | FI7: % исполнения | FJ7: первоначаль-ный бюджет* | FK7: утвержденные бюджетные назначения 2* | FL7: исполнено | FM7: % исполнения | FN7: первоначаль-ный бюджет* | FO7: утвержденные бюджетные назначения 7* | FP7: исполнено | FQ7: % исполнения | FR7: первоначаль-ный бюджет* | FS7: утвержденные бюджетные назначения 8* | FT7: исполнено | FU7: % исполнения | FV7: первоначаль-ный бюджет* | FW7: утвержденные бюджетные назначения 2* | FX7: исполнено | FY7: % исполнения | FZ7: первоначаль-ный бюджет* | GA7: утвержденные бюджетные назначения 2* | GB7: исполнено | GC7: % исполнения | GD7: первоначаль-ный бюджет* | GE7: утвержденные бюджетные назначения 9* | GF7: исполнено | GG7: % исполнения | GH7: первоначаль-ный бюджет* | GI7: утвержденные бюджетные назначения 9* | GJ7: исполнено | GK7: % исполнения
A8: Муниципальные районы области (консолидированный) | B8: =F8+J8+N8+R8+V8+Z8+AD8+AH8+AL8+AP8+AT8+AX8+BB8+BF8+BJ8+BN8+BR8+BV8+BZ8+CD8+CH8+CL8+CP8+CT8+CX8+DB8+DF8+DJ8+DN8+DR8+DV8+DZ8+ED8+EH8+EL8+EP8+ET8+EX8+FB8+FF8+FJ8+FN8+FR8+FV8+FZ8+GD8+GH8 -> 3925981.9 | C8: =G8+K8+O8+S8+W8+AA8+AE8+AI8+AM8+AQ8+AU8+AY8+BC8+BG8+BK8+BO8+BS8+BW8+CA8+CE8+CI8+CM8+CQ8+CU8+CY8+DC8+DG8+DK8+DO8+DS8+DW8+EA8+EE8+EI8+EM8+EQ8+EU8+EY8+FC8+FG8+FK8+FO8+FS8+FW8+GA8+GE8+GI8 -> 4745242.6 | D8: =H8+L8+P8+T8+X8+AB8+AF8+AJ8+AN8+AR8+AV8+AZ8+BD8+BH8+BL8+BP8+BT8+BX8+CB8+CF8+CJ8+CN8+CR8+CV8+CZ8+DD8+DH8+DL8+DP8+DT8+DX8+EB8+EF8+EJ8+EN8+ER8+EV8+EZ8+FD8+FH8+FL8+FP8+FT8+FX8+GB8+GF8+GJ8 -> 4654703.8 | E8: =D8/C8*100 -> 98.09201 | F8: =F11+F15+F24+F38+F49+F54+F71+F77+F94+F99+F111+F120+F133+F144+F155+F167+F179+F193+F197+F209+F218+F225+F238+F251+F263+F271+F280+F291+F301+F308+F317+F327+F341+F350+F359+F366+F378+F387 -> 14916.7 | G8: =G11+G15+G24+G38+G49+G54+G71+G77+G94+G99+G111+G120+G133+G144+G155+G167+G179+G193+G197+G209+G218+G225+G238+G251+G263+G271+G280+G291+G301+G308+G317+G327+G341+G350+G359+G366+G378+G387 -> 16624.9 | H8: =H11+H15+H24+H38+H49+H54+H71+H77+H94+H99+H111+H120+H133+H144+H155+H167+H179+H193+H197+H209+H218+H225+H238+H251+H263+H271+H280+H291+H301+H308+H317+H327+H341+H350+H359+H366+H378+H387 -> 16624.86 | I8: =H8/G8*100 -> 99.999762 | J8: =J11+J15+J24+J38+J49+J54+J71+J77+J94+J99+J111+J120+J133+J144+J155+J167+J179+J193+J197+J209+J218+J225+J238+J251+J263+J271+J280+J291+J301+J308+J317+J327+J341+J350+J359+J366+J378+J387 -> 29269.7 | K8: =K11+K15+K24+K38+K49+K54+K71+K77+K94+K99+K111+K120+K133+K144+K155+K167+K179+K193+K197+K209+K218+K225+K238+K251+K263+K271+K280+K291+K301+K308+K317+K327+K341+K350+K359+K366+K378+K387 -> 73960.6 | L8: =L11+L15+L24+L38+L49+L54+L71+L77+L94+L99+L111+L120+L133+L144+L155+L167+L179+L193+L197+L209+L218+L225+L238+L251+L263+L271+L280+L291+L301+L308+L317+L327+L341+L350+L359+L366+L378+L387 -> 73850.465 | M8: =L8/K8*100 -> 99.85109 | N8: =N11+N15+N24+N38+N49+N54+N71+N77+N94+N99+N111+N120+N133+N144+N155+N167+N179+N193+N197+N209+N218+N225+N238+N251+N263+N271+N280+N291+N301+N308+N317+N327+N341+N350+N359+N366+N378+N387 -> 53018.6 | O8: =O11+O15+O24+O38+O49+O54+O71+O77+O94+O99+O111+O120+O133+O144+O155+O167+O179+O193+O197+O209+O218+O225+O238+O251+O263+O271+O280+O291+O301+O308+O317+O327+O341+O350+O359+O366+O378+O387 -> 54023.1 | P8: =P11+P15+P24+P38+P49+P54+P71+P77+P94+P99+P111+P120+P133+P144+P155+P167+P179+P193+P197+P209+P218+P225+P238+P251+P263+P271+P280+P291+P301+P308+P317+P327+P341+P350+P359+P366+P378+P387 -> 53046.401 | Q8: =P8/O8*100 -> 98.192071 | R8: =R11+R15+R24+R38+R49+R54+R71+R77+R94+R99+R111+R120+R133+R144+R155+R167+R179+R193+R197+R209+R218+R225+R238+R251+R263+R271+R280+R291+R301+R308+R317+R327+R341+R350+R359+R366+R378+R387 -> 0 | S8: =S11+S15+S24+S38+S49+S54+S71+S77+S94+S99+S111+S120+S133+S144+S155+S167+S179+S193+S197+S209+S218+S225+S238+S251+S263+S271+S280+S291+S301+S308+S317+S327+S341+S350+S359+S366+S378+S387 -> 0 | T8: =T11+T15+T24+T38+T49+T54+T71+T77+T94+T99+T111+T120+T133+T144+T155+T167+T179+T193+T197+T209+T218+T225+T238+T251+T263+T271+T280+T291+T301+T308+T317+T327+T341+T350+T359+T366+T378+T387 -> 0 | V8: =V11+V15+V24+V38+V49+V54+V71+V77+V94+V99+V111+V120+V133+V144+V155+V167+V179+V193+V197+V209+V218+V225+V238+V251+V263+V271+V280+V291+V301+V308+V317+V327+V341+V350+V359+V366+V378+V387 -> 10058.4 | W8: =W11+W15+W24+W38+W49+W54+W71+W77+W94+W99+W111+W120+W133+W144+W155+W167+W179+W193+W197+W209+W218+W225+W238+W251+W263+W271+W280+W291+W301+W308+W317+W327+W341+W350+W359+W366+W378+W387 -> 10058.4 | X8: =X11+X15+X24+X38+X49+X54+X71+X77+X94+X99+X111+X120+X133+X144+X155+X167+X179+X193+X197+X209+X218+X225+X238+X251+X263+X271+X280+X291+X301+X308+X317+X327+X341+X350+X359+X366+X378+X387 -> 10058.4 | Y8: =X8/W8*100 -> 100 | Z8: =Z11+Z15+Z24+Z38+Z49+Z54+Z71+Z77+Z94+Z99+Z111+Z120+Z133+Z144+Z155+Z167+Z179+Z193+Z197+Z209+Z218+Z225+Z238+Z251+Z263+Z271+Z280+Z291+Z301+Z308+Z317+Z327+Z341+Z350+Z359+Z366+Z378+Z387 -> 40836.1 | AA8: =AA11+AA15+AA24+AA38+AA49+AA54+AA71+AA77+AA94+AA99+AA111+AA120+AA133+AA144+AA155+AA167+AA179+AA193+AA197+AA209+AA218+AA225+AA238+AA251+AA263+AA271+AA280+AA291+AA301+AA308+AA317+AA327+AA341+AA350+AA359+AA366+AA378+AA387 -> 40836.1 | AB8: =AB11+AB15+AB24+AB38+AB49+AB54+AB71+AB77+AB94+AB99+AB111+AB120+AB133+AB144+AB155+AB167+AB179+AB193+AB197+AB209+AB218+AB225+AB238+AB251+AB263+AB271+AB280+AB291+AB301+AB308+AB317+AB327+AB341+AB350+AB359+AB366+AB378+AB387 -> 40836.1 | AC8: =AB8/AA8*100 -> 100 | AD8: =AD11+AD15+AD24+AD38+AD49+AD54+AD71+AD77+AD94+AD99+AD111+AD120+AD133+AD144+AD155+AD167+AD179+AD193+AD197+AD209+AD218+AD225+AD238+AD251+AD263+AD271+AD280+AD291+AD301+AD308+AD317+AD327+AD341+AD350+AD359+AD366+AD378+AD387 -> 2689.39 | AE8: =AE11+AE15+AE24+AE38+AE49+AE54+AE71+AE77+AE94+AE99+AE111+AE120+AE133+AE144+AE155+AE167+AE179+AE193+AE197+AE209+AE218+AE225+AE238+AE251+AE263+AE271+AE280+AE291+AE301+AE308+AE317+AE327+AE341+AE350+AE359+AE366+AE378+AE387 -> 2346.9389 | AF8: =AF11+AF15+AF24+AF38+AF49+AF54+AF71+AF77+AF94+AF99+AF111+AF120+AF133+AF144+AF155+AF167+AF179+AF193+AF197+AF209+AF218+AF225+AF238+AF251+AF263+AF271+AF280+AF291+AF301+AF308+AF317+AF327+AF341+AF350+AF359+AF366+AF378+AF387 -> 2346.939 | AG8: =AF8/AE8*100 -> 100.00001 | AH8: =AH11+AH15+AH24+AH38+AH49+AH54+AH71+AH77+AH94+AH99+AH111+AH120+AH133+AH144+AH155+AH167+AH179+AH193+AH197+AH209+AH218+AH225+AH238+AH251+AH263+AH271+AH280+AH291+AH301+AH308+AH317+AH327+AH341+AH350+AH359+AH366+AH378+AH387 -> 850 | AI8: =AI11+AI15+AI24+AI38+AI49+AI54+AI71+AI77+AI94+AI99+AI111+AI120+AI133+AI144+AI155+AI167+AI179+AI193+AI197+AI209+AI218+AI225+AI238+AI251+AI263+AI271+AI280+AI291+AI301+AI308+AI317+AI327+AI341+AI350+AI359+AI366+AI378+AI387 -> 867.34701 | AJ8: =AJ11+AJ15+AJ24+AJ38+AJ49+AJ54+AJ71+AJ77+AJ94+AJ99+AJ111+AJ120+AJ133+AJ144+AJ155+AJ167+AJ179+AJ193+AJ197+AJ209+AJ218+AJ225+AJ238+AJ251+AJ263+AJ271+AJ280+AJ291+AJ301+AJ308+AJ317+AJ327+AJ341+AJ350+AJ359+AJ366+AJ378+AJ387 -> 867.347 | AK8: =AJ8/AI8*100 -> 99.999999 | AL8: =AL11+AL15+AL24+AL38+AL49+AL54+AL71+AL77+AL94+AL99+AL111+AL120+AL133+AL144+AL155+AL167+AL179+AL193+AL197+AL209+AL218+AL225+AL238+AL251+AL263+AL271+AL280+AL291+AL301+AL308+AL317+AL327+AL341+AL350+AL359+AL366+AL378+AL387 -> 5300 | AM8: =AM11+AM15+AM24+AM38+AM49+AM54+AM71+AM77+AM94+AM99+AM111+AM120+AM133+AM144+AM155+AM167+AM179+AM193+AM197+AM209+AM218+AM225+AM238+AM251+AM263+AM271+AM280+AM291+AM301+AM308+AM317+AM327+AM341+AM350+AM359+AM366+AM378+AM387 -> 5300 | AN8: =AN11+AN15+AN24+AN38+AN49+AN54+AN71+AN77+AN94+AN99+AN111+AN120+AN133+AN144+AN155+AN167+AN179+AN193+AN197+AN209+AN218+AN225+AN238+AN251+AN263+AN271+AN280+AN291+AN301+AN308+AN317+AN327+AN341+AN350+AN359+AN366+AN378+AN387 -> 5300 | AO8: =AN8/AM8*100 -> 100 | AQ8: =AQ11+AQ15+AQ24+AQ38+AQ49+AQ54+AQ71+AQ77+AQ94+AQ99+AQ111+AQ120+AQ133+AQ144+AQ155+AQ167+AQ179+AQ193+AQ197+AQ209+AQ218+AQ225+AQ238+AQ251+AQ263+AQ271+AQ280+AQ291+AQ301+AQ308+AQ317+AQ327+AQ341+AQ350+AQ359+AQ366+AQ378+AQ387 -> 116801.23 | AR8: =AR11+AR15+AR24+AR38+AR49+AR54+AR71+AR77+AR94+AR99+AR111+AR120+AR133+AR144+AR155+AR167+AR179+AR193+AR197+AR209+AR218+AR225+AR238+AR251+AR263+AR271+AR280+AR291+AR301+AR308+AR317+AR327+AR341+AR350+AR359+AR366+AR378+AR387 -> 115801.24 | AS8: =AR8/AQ8*100 -> 99.143854 | AT8: =AT11+AT15+AT24+AT38+AT49+AT54+AT71+AT77+AT94+AT99+AT111+AT120+AT133+AT144+AT155+AT167+AT179+AT193+AT197+AT209+AT218+AT225+AT238+AT251+AT263+AT271+AT280+AT291+AT301+AT308+AT317+AT327+AT341+AT350+AT359+AT366+AT378+AT387 -> 165975.1 | AU8: =AU11+AU15+AU24+AU38+AU49+AU54+AU71+AU77+AU94+AU99+AU111+AU120+AU133+AU144+AU155+AU167+AU179+AU193+AU197+AU209+AU218+AU225+AU238+AU251+AU263+AU271+AU280+AU291+AU301+AU308+AU317+AU327+AU341+AU350+AU359+AU366+AU378+AU387 -> 165975.1 | AV8: =AV11+AV15+AV24+AV38+AV49+AV54+AV71+AV77+AV94+AV99+AV111+AV120+AV133+AV144+AV155+AV167+AV179+AV193+AV197+AV209+AV218+AV225+AV238+AV251+AV263+AV271+AV280+AV291+AV301+AV308+AV317+AV327+AV341+AV350+AV359+AV366+AV378+AV387 -> 165975.18 | AW8: =AV8/AU8*100 -> 100.00005 | AX8: =AX11+AX15+AX24+AX38+AX49+AX54+AX71+AX77+AX94+AX99+AX111+AX120+AX133+AX144+AX155+AX167+AX179+AX193+AX197+AX209+AX218+AX225+AX238+AX251+AX263+AX271+AX280+AX291+AX301+AX308+AX317+AX327+AX341+AX350+AX359+AX366+AX378+AX387 -> 818539.7 | AY8: =AY11+AY15+AY24+AY38+AY49+AY54+AY71+AY77+AY94+AY99+AY111+AY120+AY133+AY144+AY155+AY167+AY179+AY193+AY197+AY209+AY218+AY225+AY238+AY251+AY263+AY271+AY280+AY291+AY301+AY308+AY317+AY327+AY341+AY350+AY359+AY366+AY378+AY387 -> 818539.7 | AZ8: =AZ11+AZ15+AZ24+AZ38+AZ49+AZ54+AZ71+AZ77+AZ94+AZ99+AZ111+AZ120+AZ133+AZ144+AZ155+AZ167+AZ179+AZ193+AZ197+AZ209+AZ218+AZ225+AZ238+AZ251+AZ263+AZ271+AZ280+AZ291+AZ301+AZ308+AZ317+AZ327+AZ341+AZ350+AZ359+AZ366+AZ378+AZ387 -> 785551.71 | BA8: =AZ8/AY8*100 -> 95.969897 | BB8: =BB11+BB15+BB24+BB38+BB49+BB54+BB71+BB77+BB94+BB99+BB111+BB120+BB133+BB144+BB155+BB167+BB179+BB193+BB197+BB209+BB218+BB225+BB238+BB251+BB263+BB271+BB280+BB291+BB301+BB308+BB317+BB327+BB341+BB350+BB359+BB366+BB378+BB387 -> 0 | BC8: =BC11+BC15+BC24+BC38+BC49+BC54+BC71+BC77+BC94+BC99+BC111+BC120+BC133+BC144+BC155+BC167+BC179+BC193+BC197+BC209+BC218+BC225+BC238+BC251+BC263+BC271+BC280+BC291+BC301+BC308+BC317+BC327+BC341+BC350+BC359+BC366+BC378+BC387 -> 115398.1 | BD8: =BD11+BD15+BD24+BD38+BD49+BD54+BD71+BD77+BD94+BD99+BD111+BD120+BD133+BD144+BD155+BD167+BD179+BD193+BD197+BD209+BD218+BD225+BD238+BD251+BD263+BD271+BD280+BD291+BD301+BD308+BD317+BD327+BD341+BD350+BD359+BD366+BD378+BD387 -> 95519.522 | BE8: =BD8/BC8*100 -> 82.773912 | BF8: =BF11+BF15+BF24+BF38+BF49+BF54+BF71+BF77+BF94+BF99+BF111+BF120+BF133+BF144+BF155+BF167+BF179+BF193+BF197+BF209+BF218+BF225+BF238+BF251+BF263+BF271+BF280+BF291+BF301+BF308+BF317+BF327+BF341+BF350+BF359+BF366+BF378+BF387 -> 535322.4 | BG8: =BG11+BG15+BG24+BG38+BG49+BG54+BG71+BG77+BG94+BG99+BG111+BG120+BG133+BG144+BG155+BG167+BG179+BG193+BG197+BG209+BG218+BG225+BG238+BG251+BG263+BG271+BG280+BG291+BG301+BG308+BG317+BG327+BG341+BG350+BG359+BG366+BG378+BG387 -> 485652.2 | BH8: =BH11+BH15+BH24+BH38+BH49+BH54+BH71+BH77+BH94+BH99+BH111+BH120+BH133+BH144+BH155+BH167+BH179+BH193+BH197+BH209+BH218+BH225+BH238+BH251+BH263+BH271+BH280+BH291+BH301+BH308+BH317+BH327+BH341+BH350+BH359+BH366+BH378+BH387 -> 485626.99 | BI8: =BH8/BG8*100 -> 99.994808 | BN8: =BN11+BN15+BN24+BN38+BN49+BN54+BN71+BN77+BN94+BN99+BN111+BN120+BN133+BN144+BN155+BN167+BN179+BN193+BN197+BN209+BN218+BN225+BN238+BN251+BN263+BN271+BN280+BN291+BN301+BN308+BN317+BN327+BN341+BN350+BN359+BN366+BN378+BN387 -> 30468 | BO8: =BO11+BO15+BO24+BO38+BO49+BO54+BO71+BO77+BO94+BO99+BO111+BO120+BO133+BO144+BO155+BO167+BO179+BO193+BO197+BO209+BO218+BO225+BO238+BO251+BO263+BO271+BO280+BO291+BO301+BO308+BO317+BO327+BO341+BO350+BO359+BO366+BO378+BO387 -> 30468 | BP8: =BP11+BP15+BP24+BP38+BP49+BP54+BP71+BP77+BP94+BP99+BP111+BP120+BP133+BP144+BP155+BP167+BP179+BP193+BP197+BP209+BP218+BP225+BP238+BP251+BP263+BP271+BP280+BP291+BP301+BP308+BP317+BP327+BP341+BP350+BP359+BP366+BP378+BP387 -> 30468 | BQ8: =BP8/BO8*100 -> 100 | BR8: =BR11+BR15+BR24+BR38+BR49+BR54+BR71+BR77+BR94+BR99+BR111+BR120+BR133+BR144+BR155+BR167+BR179+BR193+BR197+BR209+BR218+BR225+BR238+BR251+BR263+BR271+BR280+BR291+BR301+BR308+BR317+BR327+BR341+BR350+BR359+BR366+BR378+BR387 -> 76355.7 | BS8: =BS11+BS15+BS24+BS38+BS49+BS54+BS71+BS77+BS94+BS99+BS111+BS120+BS133+BS144+BS155+BS167+BS179+BS193+BS197+BS209+BS218+BS225+BS238+BS251+BS263+BS271+BS280+BS291+BS301+BS308+BS317+BS327+BS341+BS350+BS359+BS366+BS378+BS387 -> 145835 | BT8: =BT11+BT15+BT24+BT38+BT49+BT54+BT71+BT77+BT94+BT99+BT111+BT120+BT133+BT144+BT155+BT167+BT179+BT193+BT197+BT209+BT218+BT225+BT238+BT251+BT263+BT271+BT280+BT291+BT301+BT308+BT317+BT327+BT341+BT350+BT359+BT366+BT378+BT387 -> 128698.56 | BU8: =BT8/BS8*100 -> 88.249431 | BV8: =BV11+BV15+BV24+BV38+BV49+BV54+BV71+BV77+BV94+BV99+BV111+BV120+BV133+BV144+BV155+BV167+BV179+BV193+BV197+BV209+BV218+BV225+BV238+BV251+BV263+BV271+BV280+BV291+BV301+BV308+BV317+BV327+BV341+BV350+BV359+BV366+BV378+BV387 -> 1553.9 | BW8: =BW11+BW15+BW24+BW38+BW49+BW54+BW71+BW77+BW94+BW99+BW111+BW120+BW133+BW144+BW155+BW167+BW179+BW193+BW197+BW209+BW218+BW225+BW238+BW251+BW263+BW271+BW280+BW291+BW301+BW308+BW317+BW327+BW341+BW350+BW359+BW366+BW378+BW387 -> 3064.7 | BX8: =BX11+BX15+BX24+BX38+BX49+BX54+BX71+BX77+BX94+BX99+BX111+BX120+BX133+BX144+BX155+BX167+BX179+BX193+BX197+BX209+BX218+BX225+BX238+BX251+BX263+BX271+BX280+BX291+BX301+BX308+BX317+BX327+BX341+BX350+BX359+BX366+BX378+BX387 -> 2711.2823 | BY8: =BX8/BW8*100 -> 88.468113 | BZ8: =BZ11+BZ15+BZ24+BZ38+BZ49+BZ54+BZ71+BZ77+BZ94+BZ99+BZ111+BZ120+BZ133+BZ144+BZ155+BZ167+BZ179+BZ193+BZ197+BZ209+BZ218+BZ225+BZ238+BZ251+BZ263+BZ271+BZ280+BZ291+BZ301+BZ308+BZ317+BZ327+BZ341+BZ350+BZ359+BZ366+BZ378+BZ387 -> 179821.2 | CA8: =CA11+CA15+CA24+CA38+CA49+CA54+CA71+CA77+CA94+CA99+CA111+CA120+CA133+CA144+CA155+CA167+CA179+CA193+CA197+CA209+CA218+CA225+CA238+CA251+CA263+CA271+CA280+CA291+CA301+CA308+CA317+CA327+CA341+CA350+CA359+CA366+CA378+CA387 -> 148253.5 | CB8: =CB11+CB15+CB24+CB38+CB49+CB54+CB71+CB77+CB94+CB99+CB111+CB120+CB133+CB144+CB155+CB167+CB179+CB193+CB197+CB209+CB218+CB225+CB238+CB251+CB263+CB271+CB280+CB291+CB301+CB308+CB317+CB327+CB341+CB350+CB359+CB366+CB378+CB387 -> 141724.33 | CC8: =CB8/CA8*100 -> 95.595945 | CD8: =CD11+CD15+CD24+CD38+CD49+CD54+CD71+CD77+CD94+CD99+CD111+CD120+CD133+CD144+CD155+CD167+CD179+CD193+CD197+CD209+CD218+CD225+CD238+CD251+CD263+CD271+CD280+CD291+CD301+CD308+CD317+CD327+CD341+CD350+CD359+CD366+CD378+CD387 -> 385498.59 | CE8: =CE11+CE15+CE24+CE38+CE49+CE54+CE71+CE77+CE94+CE99+CE111+CE120+CE133+CE144+CE155+CE167+CE179+CE193+CE197+CE209+CE218+CE225+CE238+CE251+CE263+CE271+CE280+CE291+CE301+CE308+CE317+CE327+CE341+CE350+CE359+CE366+CE378+CE387 -> 342160.7 | CF8: =CF11+CF15+CF24+CF38+CF49+CF54+CF71+CF77+CF94+CF99+CF111+CF120+CF133+CF144+CF155+CF167+CF179+CF193+CF197+CF209+CF218+CF225+CF238+CF251+CF263+CF271+CF280+CF291+CF301+CF308+CF317+CF327+CF341+CF350+CF359+CF366+CF378+CF387 -> 342160.68 | CG8: =CF8/CE8*100 -> 99.999995 | CH8: =CH11+CH15+CH24+CH38+CH49+CH54+CH71+CH77+CH94+CH99+CH111+CH120+CH133+CH144+CH155+CH167+CH179+CH193+CH197+CH209+CH218+CH225+CH238+CH251+CH263+CH271+CH280+CH291+CH301+CH308+CH317+CH327+CH341+CH350+CH359+CH366+CH378+CH387 -> 34078.7 | CI8: =CI11+CI15+CI24+CI38+CI49+CI54+CI71+CI77+CI94+CI99+CI111+CI120+CI133+CI144+CI155+CI167+CI179+CI193+CI197+CI209+CI218+CI225+CI238+CI251+CI263+CI271+CI280+CI291+CI301+CI308+CI317+CI327+CI341+CI350+CI359+CI366+CI378+CI387 -> 34078.7 | CJ8: =CJ11+CJ15+CJ24+CJ38+CJ49+CJ54+CJ71+CJ77+CJ94+CJ99+CJ111+CJ120+CJ133+CJ144+CJ155+CJ167+CJ179+CJ193+CJ197+CJ209+CJ218+CJ225+CJ238+CJ251+CJ263+CJ271+CJ280+CJ291+CJ301+CJ308+CJ317+CJ327+CJ341+CJ350+CJ359+CJ366+CJ378+CJ387 -> 34078.7 | CK8: =CJ8/CI8*100 -> 100 | CL8: =CL11+CL15+CL24+CL38+CL49+CL54+CL71+CL77+CL94+CL99+CL111+CL120+CL133+CL144+CL155+CL167+CL179+CL193+CL197+CL209+CL218+CL225+CL238+CL251+CL263+CL271+CL280+CL291+CL301+CL308+CL317+CL327+CL341+CL350+CL359+CL366+CL378+CL387 -> 16769.4 | CM8: =CM11+CM15+CM24+CM38+CM49+CM54+CM71+CM77+CM94+CM99+CM111+CM120+CM133+CM144+CM155+CM167+CM179+CM193+CM197+CM209+CM218+CM225+CM238+CM251+CM263+CM271+CM280+CM291+CM301+CM308+CM317+CM327+CM341+CM350+CM359+CM366+CM378+CM387 -> 16769.4 | CN8: =CN11+CN15+CN24+CN38+CN49+CN54+CN71+CN77+CN94+CN99+CN111+CN120+CN133+CN144+CN155+CN167+CN179+CN193+CN197+CN209+CN218+CN225+CN238+CN251+CN263+CN271+CN280+CN291+CN301+CN308+CN317+CN327+CN341+CN350+CN359+CN366+CN378+CN387 -> 16769.399 | CO8: =CN8/CM8*100 -> 99.999995 | CQ8: =CQ11+CQ15+CQ24+CQ38+CQ49+CQ54+CQ71+CQ77+CQ94+CQ99+CQ111+CQ120+CQ133+CQ144+CQ155+CQ167+CQ179+CQ193+CQ197+CQ209+CQ218+CQ225+CQ238+CQ251+CQ263+CQ271+CQ280+CQ291+CQ301+CQ308+CQ317+CQ327+CQ341+CQ350+CQ359+CQ366+CQ378+CQ387 -> 0 | CR8: =CR11+CR15+CR24+CR38+CR49+CR54+CR71+CR77+CR94+CR99+CR111+CR120+CR133+CR144+CR155+CR167+CR179+CR193+CR197+CR209+CR218+CR225+CR238+CR251+CR263+CR271+CR280+CR291+CR301+CR308+CR317+CR327+CR341+CR350+CR359+CR366+CR378+CR387 -> 0 | CS8: =CS11+CS15+CS24+CS38+CS49+CS54+CS71+CS77+CS94+CS99+CS111+CS120+CS133+CS144+CS155+CS167+CS179+CS193+CS197+CS209+CS218+CS225+CS238+CS251+CS263+CS271+CS280+CS291+CS301+CS308+CS317+CS327+CS341+CS350+CS359+CS366+CS378+CS387 -> 0 | CT8: =CT11+CT15+CT24+CT38+CT49+CT54+CT71+CT77+CT94+CT99+CT111+CT120+CT133+CT144+CT155+CT167+CT179+CT193+CT197+CT209+CT218+CT225+CT238+CT251+CT263+CT271+CT280+CT291+CT301+CT308+CT317+CT327+CT341+CT350+CT359+CT366+CT378+CT387 -> 82719.8 | CU8: =CU11+CU15+CU24+CU38+CU49+CU54+CU71+CU77+CU94+CU99+CU111+CU120+CU133+CU144+CU155+CU167+CU179+CU193+CU197+CU209+CU218+CU225+CU238+CU251+CU263+CU271+CU280+CU291+CU301+CU308+CU317+CU327+CU341+CU350+CU359+CU366+CU378+CU387 -> 73743.2 | CV8: =CV11+CV15+CV24+CV38+CV49+CV54+CV71+CV77+CV94+CV99+CV111+CV120+CV133+CV144+CV155+CV167+CV179+CV193+CV197+CV209+CV218+CV225+CV238+CV251+CV263+CV271+CV280+CV291+CV301+CV308+CV317+CV327+CV341+CV350+CV359+CV366+CV378+CV387 -> 73743.116 | CW8: =CV8/CU8*100 -> 99.999886 | CX8: =CX11+CX15+CX24+CX38+CX49+CX54+CX71+CX77+CX94+CX99+CX111+CX120+CX133+CX144+CX155+CX167+CX179+CX193+CX197+CX209+CX218+CX225+CX238+CX251+CX263+CX271+CX280+CX291+CX301+CX308+CX317+CX327+CX341+CX350+CX359+CX366+CX378+CX387 -> 65541.5 | CY8: =CY11+CY15+CY24+CY38+CY49+CY54+CY71+CY77+CY94+CY99+CY111+CY120+CY133+CY144+CY155+CY167+CY179+CY193+CY197+CY209+CY218+CY225+CY238+CY251+CY263+CY271+CY280+CY291+CY301+CY308+CY317+CY327+CY341+CY350+CY359+CY366+CY378+CY387 -> 65541.5 | CZ8: =CZ11+CZ15+CZ24+CZ38+CZ49+CZ54+CZ71+CZ77+CZ94+CZ99+CZ111+CZ120+CZ133+CZ144+CZ155+CZ167+CZ179+CZ193+CZ197+CZ209+CZ218+CZ225+CZ238+CZ251+CZ263+CZ271+CZ280+CZ291+CZ301+CZ308+CZ317+CZ327+CZ341+CZ350+CZ359+CZ366+CZ378+CZ387 -> 65541.531 | DA8: =CZ8/CY8*100 -> 100.00005 | DB8: =DB11+DB15+DB24+DB38+DB49+DB54+DB71+DB77+DB94+DB99+DB111+DB120+DB133+DB144+DB155+DB167+DB179+DB193+DB197+DB209+DB218+DB225+DB238+DB251+DB263+DB271+DB280+DB291+DB301+DB308+DB317+DB327+DB341+DB350+DB359+DB366+DB378+DB387 -> 24694.1 | DC8: =DC11+DC15+DC24+DC38+DC49+DC54+DC71+DC77+DC94+DC99+DC111+DC120+DC133+DC144+DC155+DC167+DC179+DC193+DC197+DC209+DC218+DC225+DC238+DC251+DC263+DC271+DC280+DC291+DC301+DC308+DC317+DC327+DC341+DC350+DC359+DC366+DC378+DC387 -> 24694.1 | DD8: =DD11+DD15+DD24+DD38+DD49+DD54+DD71+DD77+DD94+DD99+DD111+DD120+DD133+DD144+DD155+DD167+DD179+DD193+DD197+DD209+DD218+DD225+DD238+DD251+DD263+DD271+DD280+DD291+DD301+DD308+DD317+DD327+DD341+DD350+DD359+DD366+DD378+DD387 -> 24651.263 | DE8: =DD8/DC8*100 -> 99.82653 | DF8: =DF11+DF15+DF24+DF38+DF49+DF54+DF71+DF77+DF94+DF99+DF111+DF120+DF133+DF144+DF155+DF167+DF179+DF193+DF197+DF209+DF218+DF225+DF238+DF251+DF263+DF271+DF280+DF291+DF301+DF308+DF317+DF327+DF341+DF350+DF359+DF366+DF378+DF387 -> 85505.6 | DG8: =DG11+DG15+DG24+DG38+DG49+DG54+DG71+DG77+DG94+DG99+DG111+DG120+DG133+DG144+DG155+DG167+DG179+DG193+DG197+DG209+DG218+DG225+DG238+DG251+DG263+DG271+DG280+DG291+DG301+DG308+DG317+DG327+DG341+DG350+DG359+DG366+DG378+DG387 -> 85511.9 | DH8: =DH11+DH15+DH24+DH38+DH49+DH54+DH71+DH77+DH94+DH99+DH111+DH120+DH133+DH144+DH155+DH167+DH179+DH193+DH197+DH209+DH218+DH225+DH238+DH251+DH263+DH271+DH280+DH291+DH301+DH308+DH317+DH327+DH341+DH350+DH359+DH366+DH378+DH387 -> 85511.9 | DI8: =DH8/DG8*100 -> 100 | DJ8: =DJ11+DJ15+DJ24+DJ38+DJ49+DJ54+DJ71+DJ77+DJ94+DJ99+DJ111+DJ120+DJ133+DJ144+DJ155+DJ167+DJ179+DJ193+DJ197+DJ209+DJ218+DJ225+DJ238+DJ251+DJ263+DJ271+DJ280+DJ291+DJ301+DJ308+DJ317+DJ327+DJ341+DJ350+DJ359+DJ366+DJ378+DJ387 -> 8369.3 | DK8: =DK11+DK15+DK24+DK38+DK49+DK54+DK71+DK77+DK94+DK99+DK111+DK120+DK133+DK144+DK155+DK167+DK179+DK193+DK197+DK209+DK218+DK225+DK238+DK251+DK263+DK271+DK280+DK291+DK301+DK308+DK317+DK327+DK341+DK350+DK359+DK366+DK378+DK387 -> 7154.5 | DL8: =DL11+DL15+DL24+DL38+DL49+DL54+DL71+DL77+DL94+DL99+DL111+DL120+DL133+DL144+DL155+DL167+DL179+DL193+DL197+DL209+DL218+DL225+DL238+DL251+DL263+DL271+DL280+DL291+DL301+DL308+DL317+DL327+DL341+DL350+DL359+DL366+DL378+DL387 -> 6456.2 | DM8: =DL8/DK8*100 -> 90.239709 | DN8: =DN11+DN15+DN24+DN38+DN49+DN54+DN71+DN77+DN94+DN99+DN111+DN120+DN133+DN144+DN155+DN167+DN179+DN193+DN197+DN209+DN218+DN225+DN238+DN251+DN263+DN271+DN280+DN291+DN301+DN308+DN317+DN327+DN341+DN350+DN359+DN366+DN378+DN387 -> 204901.1 | DO8: =DO11+DO15+DO24+DO38+DO49+DO54+DO71+DO77+DO94+DO99+DO111+DO120+DO133+DO144+DO155+DO167+DO179+DO193+DO197+DO209+DO218+DO225+DO238+DO251+DO263+DO271+DO280+DO291+DO301+DO308+DO317+DO327+DO341+DO350+DO359+DO366+DO378+DO387 -> 204901.1 | DP8: =DP11+DP15+DP24+DP38+DP49+DP54+DP71+DP77+DP94+DP99+DP111+DP120+DP133+DP144+DP155+DP167+DP179+DP193+DP197+DP209+DP218+DP225+DP238+DP251+DP263+DP271+DP280+DP291+DP301+DP308+DP317+DP327+DP341+DP350+DP359+DP366+DP378+DP387 -> 204901.1 | DQ8: =DP8/DO8*100 -> 100 | DR8: =DR11+DR15+DR24+DR38+DR49+DR54+DR71+DR77+DR94+DR99+DR111+DR120+DR133+DR144+DR155+DR167+DR179+DR193+DR197+DR209+DR218+DR225+DR238+DR251+DR263+DR271+DR280+DR291+DR301+DR308+DR317+DR327+DR341+DR350+DR359+DR366+DR378+DR387 -> 6197.6 | DS8: =DS11+DS15+DS24+DS38+DS49+DS54+DS71+DS77+DS94+DS99+DS111+DS120+DS133+DS144+DS155+DS167+DS179+DS193+DS197+DS209+DS218+DS225+DS238+DS251+DS263+DS271+DS280+DS291+DS301+DS308+DS317+DS327+DS341+DS350+DS359+DS366+DS378+DS387 -> 6197.6 | DT8: =DT11+DT15+DT24+DT38+DT49+DT54+DT71+DT77+DT94+DT99+DT111+DT120+DT133+DT144+DT155+DT167+DT179+DT193+DT197+DT209+DT218+DT225+DT238+DT251+DT263+DT271+DT280+DT291+DT301+DT308+DT317+DT327+DT341+DT350+DT359+DT366+DT378+DT387 -> 6197.6 | DU8: =DT8/DS8*100 -> 100 | DV8: =DV11+DV15+DV24+DV38+DV49+DV54+DV71+DV77+DV94+DV99+DV111+DV120+DV133+DV144+DV155+DV167+DV179+DV193+DV197+DV209+DV218+DV225+DV238+DV251+DV263+DV271+DV280+DV291+DV301+DV308+DV317+DV327+DV341+DV350+DV359+DV366+DV378+DV387 -> 16618.3 | DW8: =DW11+DW15+DW24+DW38+DW49+DW54+DW71+DW77+DW94+DW99+DW111+DW120+DW133+DW144+DW155+DW167+DW179+DW193+DW197+DW209+DW218+DW225+DW238+DW251+DW263+DW271+DW280+DW291+DW301+DW308+DW317+DW327+DW341+DW350+DW359+DW366+DW378+DW387 -> 11343.7 | DX8: =DX11+DX15+DX24+DX38+DX49+DX54+DX71+DX77+DX94+DX99+DX111+DX120+DX133+DX144+DX155+DX167+DX179+DX193+DX197+DX209+DX218+DX225+DX238+DX251+DX263+DX271+DX280+DX291+DX301+DX308+DX317+DX327+DX341+DX350+DX359+DX366+DX378+DX387 -> 11082.95 | DY8: =DX8/DW8*100 -> 97.701367 | DZ8: =DZ11+DZ15+DZ24+DZ38+DZ49+DZ54+DZ71+DZ77+DZ94+DZ99+DZ111+DZ120+DZ133+DZ144+DZ155+DZ167+DZ179+DZ193+DZ197+DZ209+DZ218+DZ225+DZ238+DZ251+DZ263+DZ271+DZ280+DZ291+DZ301+DZ308+DZ317+DZ327+DZ341+DZ350+DZ359+DZ366+DZ378+DZ387 -> 586404.6 | EA8: =EA11+EA15+EA24+EA38+EA49+EA54+EA71+EA77+EA94+EA99+EA111+EA120+EA133+EA144+EA155+EA167+EA179+EA193+EA197+EA209+EA218+EA225+EA238+EA251+EA263+EA271+EA280+EA291+EA301+EA308+EA317+EA327+EA341+EA350+EA359+EA366+EA378+EA387 -> 582245.9 | EB8: =EB11+EB15+EB24+EB38+EB49+EB54+EB71+EB77+EB94+EB99+EB111+EB120+EB133+EB144+EB155+EB167+EB179+EB193+EB197+EB209+EB218+EB225+EB238+EB251+EB263+EB271+EB280+EB291+EB301+EB308+EB317+EB327+EB341+EB350+EB359+EB366+EB378+EB387 -> 578008.63 | EC8: =EB8/EA8*100 -> 99.272255 | EE8: =EE11+EE15+EE24+EE38+EE49+EE54+EE71+EE77+EE94+EE99+EE111+EE120+EE133+EE144+EE155+EE167+EE179+EE193+EE197+EE209+EE218+EE225+EE238+EE251+EE263+EE271+EE280+EE291+EE301+EE308+EE317+EE327+EE341+EE350+EE359+EE366+EE378+EE387 -> 200000 | EF8: =EF11+EF15+EF24+EF38+EF49+EF54+EF71+EF77+EF94+EF99+EF111+EF120+EF133+EF144+EF155+EF167+EF179+EF193+EF197+EF209+EF218+EF225+EF238+EF251+EF263+EF271+EF280+EF291+EF301+EF308+EF317+EF327+EF341+EF350+EF359+EF366+EF378+EF387 -> 199009.6 | EG8: =EF8/EE8*100 -> 99.5048 | EI8: =EI11+EI15+EI24+EI38+EI49+EI54+EI71+EI77+EI94+EI99+EI111+EI120+EI133+EI144+EI155+EI167+EI179+EI193+EI197+EI209+EI218+EI225+EI238+EI251+EI263+EI271+EI280+EI291+EI301+EI308+EI317+EI327+EI341+EI350+EI359+EI366+EI378+EI387 -> 0 | EJ8: =EJ11+EJ15+EJ24+EJ38+EJ49+EJ54+EJ71+EJ77+EJ94+EJ99+EJ111+EJ120+EJ133+EJ144+EJ155+EJ167+EJ179+EJ193+EJ197+EJ209+EJ218+EJ225+EJ238+EJ251+EJ263+EJ271+EJ280+EJ291+EJ301+EJ308+EJ317+EJ327+EJ341+EJ350+EJ359+EJ366+EJ378+EJ387 -> 0 | EK8: =EK11+EK15+EK24+EK38+EK49+EK54+EK71+EK77+EK94+EK99+EK111+EK120+EK133+EK144+EK155+EK167+EK179+EK193+EK197+EK209+EK218+EK225+EK238+EK251+EK263+EK271+EK280+EK291+EK301+EK308+EK317+EK327+EK341+EK350+EK359+EK366+EK378+EK387 -> 0 | EL8: =EL11+EL15+EL24+EL38+EL49+EL54+EL71+EL77+EL94+EL99+EL111+EL120+EL133+EL144+EL155+EL167+EL179+EL193+EL197+EL209+EL218+EL225+EL238+EL251+EL263+EL271+EL280+EL291+EL301+EL308+EL317+EL327+EL341+EL350+EL359+EL366+EL378+EL387 -> 0 | EM8: =EM11+EM15+EM24+EM38+EM49+EM54+EM71+EM77+EM94+EM99+EM111+EM120+EM133+EM144+EM155+EM167+EM179+EM193+EM197+EM209+EM218+EM225+EM238+EM251+EM263+EM271+EM280+EM291+EM301+EM308+EM317+EM327+EM341+EM350+EM359+EM366+EM378+EM387 -> 36685.4 | EN8: =EN11+EN15+EN24+EN38+EN49+EN54+EN71+EN77+EN94+EN99+EN111+EN120+EN133+EN144+EN155+EN167+EN179+EN193+EN197+EN209+EN218+EN225+EN238+EN251+EN263+EN271+EN280+EN291+EN301+EN308+EN317+EN327+EN341+EN350+EN359+EN366+EN378+EN387 -> 36619.401 | EO8: =EN8/EM8*100 -> 99.820095 | EP8: =EP11+EP15+EP24+EP38+EP49+EP54+EP71+EP77+EP94+EP99+EP111+EP120+EP133+EP144+EP155+EP167+EP179+EP193+EP197+EP209+EP218+EP225+EP238+EP251+EP263+EP271+EP280+EP291+EP301+EP308+EP317+EP327+EP341+EP350+EP359+EP366+EP378+EP387 -> 48844.4 | EQ8: =EQ11+EQ15+EQ24+EQ38+EQ49+EQ54+EQ71+EQ77+EQ94+EQ99+EQ111+EQ120+EQ133+EQ144+EQ155+EQ167+EQ179+EQ193+EQ197+EQ209+EQ218+EQ225+EQ238+EQ251+EQ263+EQ271+EQ280+EQ291+EQ301+EQ308+EQ317+EQ327+EQ341+EQ350+EQ359+EQ366+EQ378+EQ387 -> 48007.1 | ER8: =ER11+ER15+ER24+ER38+ER49+ER54+ER71+ER77+ER94+ER99+ER111+ER120+ER133+ER144+ER155+ER167+ER179+ER193+ER197+ER209+ER218+ER225+ER238+ER251+ER263+ER271+ER280+ER291+ER301+ER308+ER317+ER327+ER341+ER350+ER359+ER366+ER378+ER387 -> 48007.143 | ES8: =ER8/EQ8*100 -> 100.00009 | ET8: =ET11+ET15+ET24+ET38+ET49+ET54+ET71+ET77+ET94+ET99+ET111+ET120+ET133+ET144+ET155+ET167+ET179+ET193+ET197+ET209+ET218+ET225+ET238+ET251+ET263+ET271+ET280+ET291+ET301+ET308+ET317+ET327+ET341+ET350+ET359+ET366+ET378+ET387 -> 42920.1 | EU8: =EU11+EU15+EU24+EU38+EU49+EU54+EU71+EU77+EU94+EU99+EU111+EU120+EU133+EU144+EU155+EU167+EU179+EU193+EU197+EU209+EU218+EU225+EU238+EU251+EU263+EU271+EU280+EU291+EU301+EU308+EU317+EU327+EU341+EU350+EU359+EU366+EU378+EU387 -> 31908.2 | EV8: =EV11+EV15+EV24+EV38+EV49+EV54+EV71+EV77+EV94+EV99+EV111+EV120+EV133+EV144+EV155+EV167+EV179+EV193+EV197+EV209+EV218+EV225+EV238+EV251+EV263+EV271+EV280+EV291+EV301+EV308+EV317+EV327+EV341+EV350+EV359+EV366+EV378+EV387 -> 30422.452 | EW8: =EV8/EU8*100 -> 95.34368 | EX8: =EX11+EX15+EX24+EX38+EX49+EX54+EX71+EX77+EX94+EX99+EX111+EX120+EX133+EX144+EX155+EX167+EX179+EX193+EX197+EX209+EX218+EX225+EX238+EX251+EX263+EX271+EX280+EX291+EX301+EX308+EX317+EX327+EX341+EX350+EX359+EX366+EX378+EX387 -> 106673.3 | EY8: =EY11+EY15+EY24+EY38+EY49+EY54+EY71+EY77+EY94+EY99+EY111+EY120+EY133+EY144+EY155+EY167+EY179+EY193+EY197+EY209+EY218+EY225+EY238+EY251+EY263+EY271+EY280+EY291+EY301+EY308+EY317+EY327+EY341+EY350+EY359+EY366+EY378+EY387 -> 106674 | EZ8: =EZ11+EZ15+EZ24+EZ38+EZ49+EZ54+EZ71+EZ77+EZ94+EZ99+EZ111+EZ120+EZ133+EZ144+EZ155+EZ167+EZ179+EZ193+EZ197+EZ209+EZ218+EZ225+EZ238+EZ251+EZ263+EZ271+EZ280+EZ291+EZ301+EZ308+EZ317+EZ327+EZ341+EZ350+EZ359+EZ366+EZ378+EZ387 -> 106673.98 | FA8: =EZ8/EY8*100 -> 99.999981 | FC8: =FC11+FC15+FC24+FC38+FC49+FC54+FC71+FC77+FC94+FC99+FC111+FC120+FC133+FC144+FC155+FC167+FC179+FC193+FC197+FC209+FC218+FC225+FC238+FC251+FC263+FC271+FC280+FC291+FC301+FC308+FC317+FC327+FC341+FC350+FC359+FC366+FC378+FC387 -> 381434.7 | FD8: =FD11+FD15+FD24+FD38+FD49+FD54+FD71+FD77+FD94+FD99+FD111+FD120+FD133+FD144+FD155+FD167+FD179+FD193+FD197+FD209+FD218+FD225+FD238+FD251+FD263+FD271+FD280+FD291+FD301+FD308+FD317+FD327+FD341+FD350+FD359+FD366+FD378+FD387 -> 381434.7 | FE8: =FD8/FC8*100 -> 100 | FG8: =FG11+FG15+FG24+FG38+FG49+FG54+FG71+FG77+FG94+FG99+FG111+FG120+FG133+FG144+FG155+FG167+FG179+FG193+FG197+FG209+FG218+FG225+FG238+FG251+FG263+FG271+FG280+FG291+FG301+FG308+FG317+FG327+FG341+FG350+FG359+FG366+FG378+FG387 -> 108988.2 | FH8: =FH11+FH15+FH24+FH38+FH49+FH54+FH71+FH77+FH94+FH99+FH111+FH120+FH133+FH144+FH155+FH167+FH179+FH193+FH197+FH209+FH218+FH225+FH238+FH251+FH263+FH271+FH280+FH291+FH301+FH308+FH317+FH327+FH341+FH350+FH359+FH366+FH378+FH387 -> 106474.65 | FI8: =FH8/FG8*100 -> 97.693739 | FK8: =FK11+FK15+FK24+FK38+FK49+FK54+FK71+FK77+FK94+FK99+FK111+FK120+FK133+FK144+FK155+FK167+FK179+FK193+FK197+FK209+FK218+FK225+FK238+FK251+FK263+FK271+FK280+FK291+FK301+FK308+FK317+FK327+FK341+FK350+FK359+FK366+FK378+FK387 -> 0 | FL8: =FL11+FL15+FL24+FL38+FL49+FL54+FL71+FL77+FL94+FL99+FL111+FL120+FL133+FL144+FL155+FL167+FL179+FL193+FL197+FL209+FL218+FL225+FL238+FL251+FL263+FL271+FL280+FL291+FL301+FL308+FL317+FL327+FL341+FL350+FL359+FL366+FL378+FL387 -> 0 | FO8: =FO11+FO15+FO24+FO38+FO49+FO54+FO71+FO77+FO94+FO99+FO111+FO120+FO133+FO144+FO155+FO167+FO179+FO193+FO197+FO209+FO218+FO225+FO238+FO251+FO263+FO271+FO280+FO291+FO301+FO308+FO317+FO327+FO341+FO350+FO359+FO366+FO378+FO387 -> 21096.3 | FP8: =FP11+FP15+FP24+FP38+FP49+FP54+FP71+FP77+FP94+FP99+FP111+FP120+FP133+FP144+FP155+FP167+FP179+FP193+FP197+FP209+FP218+FP225+FP238+FP251+FP263+FP271+FP280+FP291+FP301+FP308+FP317+FP327+FP341+FP350+FP359+FP366+FP378+FP387 -> 21028.44 | FQ8: =FP8/FO8*100 -> 99.678333 | FS8: =FS11+FS15+FS24+FS38+FS49+FS54+FS71+FS77+FS94+FS99+FS111+FS120+FS133+FS144+FS155+FS167+FS179+FS193+FS197+FS209+FS218+FS225+FS238+FS251+FS263+FS271+FS280+FS291+FS301+FS308+FS317+FS327+FS341+FS350+FS359+FS366+FS378+FS387 -> 108765.92 | FT8: =FT11+FT15+FT24+FT38+FT49+FT54+FT71+FT77+FT94+FT99+FT111+FT120+FT133+FT144+FT155+FT167+FT179+FT193+FT197+FT209+FT218+FT225+FT238+FT251+FT263+FT271+FT280+FT291+FT301+FT308+FT317+FT327+FT341+FT350+FT359+FT366+FT378+FT387 -> 107587.51 | FU8: =FT8/FS8*100 -> 98.916565 | FV8: =FV11+FV15+FV24+FV38+FV49+FV54+FV71+FV77+FV94+FV99+FV111+FV120+FV133+FV144+FV155+FV167+FV179+FV193+FV197+FV209+FV218+FV225+FV238+FV251+FV263+FV271+FV280+FV291+FV301+FV308+FV317+FV327+FV341+FV350+FV359+FV366+FV378+FV387 -> 245270.6 | FW8: =FW11+FW15+FW24+FW38+FW49+FW54+FW71+FW77+FW94+FW99+FW111+FW120+FW133+FW144+FW155+FW167+FW179+FW193+FW197+FW209+FW218+FW225+FW238+FW251+FW263+FW271+FW280+FW291+FW301+FW308+FW317+FW327+FW341+FW350+FW359+FW366+FW378+FW387 -> 0 | FX8: =FX11+FX15+FX24+FX38+FX49+FX54+FX71+FX77+FX94+FX99+FX111+FX120+FX133+FX144+FX155+FX167+FX179+FX193+FX197+FX209+FX218+FX225+FX238+FX251+FX263+FX271+FX280+FX291+FX301+FX308+FX317+FX327+FX341+FX350+FX359+FX366+FX378+FX387 -> 0 | FZ8: =FZ11+FZ15+FZ24+FZ38+FZ49+FZ54+FZ71+FZ77+FZ94+FZ99+FZ111+FZ120+FZ133+FZ144+FZ155+FZ167+FZ179+FZ193+FZ197+FZ209+FZ218+FZ225+FZ238+FZ251+FZ263+FZ271+FZ280+FZ291+FZ301+FZ308+FZ317+FZ327+FZ341+FZ350+FZ359+FZ366+FZ378+FZ387 -> 0 | GA8: =GA11+GA15+GA24+GA38+GA49+GA54+GA71+GA77+GA94+GA99+GA111+GA120+GA133+GA144+GA155+GA167+GA179+GA193+GA197+GA209+GA218+GA225+GA238+GA251+GA263+GA271+GA280+GA291+GA301+GA308+GA317+GA327+GA341+GA350+GA359+GA366+GA378+GA387 -> 6155 | GB8: =GB11+GB15+GB24+GB38+GB49+GB54+GB71+GB77+GB94+GB99+GB111+GB120+GB133+GB144+GB155+GB167+GB179+GB193+GB197+GB209+GB218+GB225+GB238+GB251+GB263+GB271+GB280+GB291+GB301+GB308+GB317+GB327+GB341+GB350+GB359+GB366+GB378+GB387 -> 6155.0036 | GC8: =GB8/GA8*100 -> 100.00006 | GD8: =GD11+GD15+GD24+GD38+GD49+GD54+GD71+GD77+GD94+GD99+GD111+GD120+GD133+GD144+GD155+GD167+GD179+GD193+GD197+GD209+GD218+GD225+GD238+GD251+GD263+GD271+GD280+GD291+GD301+GD308+GD317+GD327+GD341+GD350+GD359+GD366+GD378+GD387 -> 0 | GE8: =GE11+GE15+GE24+GE38+GE49+GE54+GE71+GE77+GE94+GE99+GE111+GE120+GE133+GE144+GE155+GE167+GE179+GE193+GE197+GE209+GE218+GE225+GE238+GE251+GE263+GE271+GE280+GE291+GE301+GE308+GE317+GE327+GE341+GE350+GE359+GE366+GE378+GE387 -> 0 | GF8: =GF11+GF15+GF24+GF38+GF49+GF54+GF71+GF77+GF94+GF99+GF111+GF120+GF133+GF144+GF155+GF167+GF179+GF193+GF197+GF209+GF218+GF225+GF238+GF251+GF263+GF271+GF280+GF291+GF301+GF308+GF317+GF327+GF341+GF350+GF359+GF366+GF378+GF387 -> 0 | GH8: =GH11+GH15+GH24+GH38+GH49+GH54+GH71+GH77+GH94+GH99+GH111+GH120+GH133+GH144+GH155+GH167+GH179+GH193+GH197+GH209+GH218+GH225+GH238+GH251+GH263+GH271+GH280+GH291+GH301+GH308+GH317+GH327+GH341+GH350+GH359+GH366+GH378+GH387 -> 0 | GI8: =GI11+GI15+GI24+GI38+GI49+GI54+GI71+GI77+GI94+GI99+GI111+GI120+GI133+GI144+GI155+GI167+GI179+GI193+GI197+GI209+GI218+GI225+GI238+GI251+GI263+GI271+GI280+GI291+GI301+GI308+GI317+GI327+GI341+GI350+GI359+GI366+GI378+GI387 -> 7180.53 | GJ8: =GJ11+GJ15+GJ24+GJ38+GJ49+GJ54+GJ71+GJ77+GJ94+GJ99+GJ111+GJ120+GJ133+GJ144+GJ155+GJ167+GJ179+GJ193+GJ197+GJ209+GJ218+GJ225+GJ238+GJ251+GJ263+GJ271+GJ280+GJ291+GJ301+GJ308+GJ317+GJ327+GJ341+GJ350+GJ359+GJ366+GJ378+GJ387 -> 7180.53 | GK8: =GJ8/GI8*100 -> 100
